Workbook
Name _1759: #REF!
Name _SCH18: #REF!
Name A_SW1: #REF!
Name A_SW1back: #REF!
Name Albeni_pf: #REF!
Name Area: #REF!
Name ARSUB: #REF!
Name ARSUBSWYD: #REF!
Name ASD: #REF!
Name B: {#N/A,#N/A,FALSE,"Coversheet";#N/A,#N/A,FALSE,"QA"}
Name B_SW2: #REF!
Name B_SW2back: #REF!
Name Basic_13965: #REF!
Name Basic_91697: #REF!
Name Basic_92359: #REF!
Name Basic_92364: #REF!
Name Basic_93486: #REF!
Name Basic_93752: #REF!
Name BCIDSUB: #REF!
Name BCPUMP: #REF!
Name BOIIDC: #REF!
Name BOISE: #REF!
Name Bonn_pf: #REF!
Name BPP: #REF!
Name bun: #REF!
Name C_SJI: #REF!
Name C_SJIback: #REF!
Name ChJo_pf: #REF!
Name CHNDIDC: #REF!
Name CHNDPP: #REF!
Name CHNDSWYD: #REF!
Name Cost_Authority: #REF!
Name Cougar_pf: #REF!
Name D_Other: #REF!
Name D_Otherback: #REF!
Name Dalles_pf: #REF!
Name Data_IDP: #REF!
Name Dave: #REF!
Name Debit_Credit: #REF!
Name defAllocation: #REF!
Name default_pf: #REF!
Name Detroit_pf: #REF!
Name df: 40819.3484837963
Name DKVCABLES: #REF!
Name DKVPCT: #REF!
Name DKVSwitch: #REF!
Name dsa: #REF!
Name EAST_HIGH: #REF!
Name EAST_LOW: #REF!
Name ELEC_GCPO: #REF!
Name ELECTRIC: #REF!
Name EMMETSUB: #REF!
Name Ending_Balance: #REF!
Name FISH_WILD: #REF!
Name FUTURE: #REF!
Name FY: #REF!
Name GSSWYD: #REF!
Name HH: #REF!
Name HHIDC: #REF!
Name HHTXPLANT: #REF!

Sheet T-1
A1: Table 1
A2: Transmission Revenue Requirements
A3: ($000/yr)
B4: (A) | C4: (B) | D4: (C) | E4: (D) | F4: (E) | G4: (F) | H4: (H) | I4: (I)
C5: Total | D5: Generation Integration | E5: Network | F5: Intertie | H5: Delivery | I5: Ancillary Services /1
F6: Southern | G6: Eastern | H6: Industrial
A8: =MAX($A$4:A7)+1 -> 1 | B8: FY 2026
A9: =MAX($A$4:A8)+1 -> 2 | B9: FCRTS Investment Base (Net Plant) | C9: =SUM(D9:I9) -> 7317878 | D9: 150300.58 | E9: 6080490.8 | F9: 753677.18 | G9: 77859.794 | H9: 6156.782 | I9: 249392.84
A10: =MAX($A$4:A9)+1 -> 3 | B10: Percent of Total | C10: =SUM(D10:I10) -> 1 | D10: =D9/$C$9 -> 0.02053882 | E10: =E9/$C$9 -> 0.83090902 | F10: =F9/$C$9 -> 0.10299122 | G10: =G9/$C$9 -> 0.010639668 | H10: =H9/$C$9 -> 0.00084133433 | I10: =I9/$C$9 -> 0.034079939
A11: =MAX($A$4:A10)+1 -> 4 | B11: Operations & Maintenance | C11: =SUM(D11:I11) -> 672720.9 | D11: 11056.015 | E11: 426239.69 | F11: 54194.448 | G11: 5190.6853 | H11: 720.38083 | I11: 175319.68
A12: =MAX($A$4:A11)+1 -> 5 | B12: Transmission Acquisition & Ancillary Services | C12: =SUM(D12:I12) -> 138189.93 | D12: 88.929595 | E12: 16175.966 | F12: 2210.399 | G12: 40.582684 | H12: 6.7623133 | I12: 119667.29
A13: =MAX($A$4:A12)+1 -> 6 | B13: Depreciation | C13: =SUM(D13:I13) -> 422525.05 | D13: 7157.4366 | E13: 316735.02 | F13: 39646.271 | G13: 4608.8953 | H13: 306.13004 | I13: 54071.292
A14: =MAX($A$4:A13)+1 -> 7 | B14: Net Interest Expense | C14: =SUM(D14:I14) -> 165550.35 | D14: 3223.3604 | E14: 139013.32 | F14: 16163.334 | G14: 1669.7885 | H14: 132.03893 | I14: 5348.5024
A15: =MAX($A$4:A14)+1 -> 8 | B15: Planned Net Revenues | C15: =SUM(D15:I15) -> 139149.78 | D15: 2281.2318 | E15: 120369.03 | F15: 11439.091 | G15: 1181.7402 | H15: 93.446393 | I15: 3785.2341
A16: =MAX($A$4:A15)+1 -> 9 | B16: Total Transmission Revenue Requirement | C16: =SUM(D16:I16) -> 1538136 | D16: =SUM(D11:D15) -> 23806.974 | E16: =SUM(E11:E15) -> 1018533 | F16: =SUM(F11:F15) -> 123653.54 | G16: =SUM(G11:G15) -> 12691.692 | H16: =SUM(H11:H15) -> 1258.7585 | I16: =SUM(I11:I15) -> 358192
D17: =D16/$C$16 -> 0.015477808 | E17: =E16/$C$16 -> 0.66218659 | F17: =F16/$C$16 -> 0.080391814 | G17: =G16/$C$16 -> 0.0082513459 | H17: =H16/$C$16 -> 0.0008183662 | I17: =I16/$C$16 -> 0.23287408
A18: =MAX($A$4:A17)+1 -> 10 | B18: FY 2027
A19: =MAX($A$4:A18)+1 -> 11 | B19: FCRTS Investment Base (Net Plant) | C19: =SUM(D19:I19) -> 7908898.3 | D19: 144702.96 | E19: 6597268.5 | F19: 726325.13 | G19: 73803.458 | H19: 5957.0563 | I19: 360841.19
A20: =MAX($A$4:A19)+1 -> 12 | B20: Percent of Total | C20: =SUM(D20:I20) -> 1 | D20: =D19/$C$19 -> 0.018296222 | E20: =E19/$C$19 -> 0.83415771 | F20: =F19/$C$19 -> 0.091836447 | G20: =G19/$C$19 -> 0.009331699 | H20: =H19/$C$19 -> 0.00075320937 | I20: =I19/$C$19 -> 0.04562471
A21: =MAX($A$4:A20)+1 -> 13 | B21: Operations & Maintenance | C21: =SUM(D21:I21) -> 725207.75 | D21: 11967.596 | E21: 461383.37 | F21: 58662.84 | G21: 5618.6631 | H21: 779.77704 | I21: 186795.5
A22: =MAX($A$4:A21)+1 -> 14 | B22: Transmission Acquisition & Ancillary Services | C22: =SUM(D22:I22) -> 138189.93 | D22: 88.547254 | E22: 16176.52 | F22: 2208.4973 | G22: 40.359694 | H22: 6.7472888 | I22: 119669.26
A23: =MAX($A$4:A22)+1 -> 15 | B23: Depreciation | C23: =SUM(D23:I23) -> 454170.32 | D23: 7324.2966 | E23: 341646.9 | F23: 40492.186 | G23: 4687.2344 | H23: 317.0022 | I23: 59702.701
A24: =MAX($A$4:A23)+1 -> 16 | B24: Net Interest Expense | C24: =SUM(D24:I24) -> 192298.7 | D24: 3365.9556 | E24: 161788.77 | F24: 16895.078 | G24: 1716.7524 | H24: 138.56791 | I24: 8393.5769
A25: =MAX($A$4:A24)+1 -> 17 | B25: Planned Net Revenues | C25: =SUM(D25:I25) -> 152591.8 | D25: 2150.2222 | E25: 133101.6 | F25: 10792.826 | G25: 1096.6869 | H25: 88.519232 | I25: 5361.9411
A26: =MAX($A$4:A25)+1 -> 18 | B26: Total Transmission Revenue Requirement | C26: =SUM(D26:I26) -> 1662458.5 | D26: =SUM(D21:D25) -> 24896.618 | E26: =SUM(E21:E25) -> 1114097.2 | F26: =SUM(F21:F25) -> 129051.43 | G26: =SUM(G21:G25) -> 13159.696 | H26: =SUM(H21:H25) -> 1330.6137 | I26: =SUM(I21:I25) -> 379922.97
A28: =MAX($A$4:A27)+1 -> 19 | B28: FY 2028
A29: =MAX($A$4:A28)+1 -> 20 | B29: FCRTS Investment Base (Net Plant) | C29: =SUM(D29:I29) -> 8599654.4 | D29: 138371.9 | E29: 7202979.5 | F29: 695630.38 | G29: 69362.401 | H29: 5727.4085 | I29: 487582.83
A30: =MAX($A$4:A29)+1 -> 21 | B30: Percent of Total | C30: =SUM(D30:I30) -> 1 | D30: =D29/$C$29 -> 0.016090402 | E30: =E29/$C$29 -> 0.83758941 | F30: =F29/$C$29 -> 0.080890504 | G30: =G29/$C$29 -> 0.0080657195 | H30: =H29/$C$29 -> 0.00066600449 | I30: =I29/$C$29 -> 0.056697956
A31: =MAX($A$4:A30)+1 -> 22 | B31: Operations & Maintenance | C31: =SUM(D31:I31) -> 769002.03 | D31: 12704.642 | E31: 489798.3 | F31: 62275.699 | G31: 5964.6988 | H31: 827.80103 | I31: 197430.9
A32: =MAX($A$4:A31)+1 -> 23 | B32: Transmission Acquisition & Ancillary Services | C32: =SUM(D32:I32) -> 138189.93 | D32: 88.171185 | E32: 16177.105 | F32: 2206.6312 | G32: 40.143863 | H32: 6.7324213 | I32: 119671.14
A33: =MAX($A$4:A32)+1 -> 24 | B33: Depreciation | C33: =SUM(D33:I33) -> 476849.78 | D33: 7399.2425 | E33: 366129.23 | F33: 40903.557 | G33: 4722.4207 | H33: 321.88548 | I33: 57373.441
A34: =MAX($A$4:A33)+1 -> 25 | B34: Net Interest Expense | C34: =SUM(D34:I34) -> 237846.54 | D34: 3710.0806 | E34: 200398.41 | F34: 18651.46 | G34: 1859.7714 | H34: 153.56548 | I34: 13073.259
A35: =MAX($A$4:A34)+1 -> 26 | B35: Planned Net Revenues | C35: =SUM(D35:I35) -> 217055.32 | D35: 2727.7286 | E35: 189522.67 | F35: 13712.942 | G35: 1367.3427 | H35: 112.90454 | I35: 9611.7321
A36: =MAX($A$4:A35)+1 -> 27 | B36: Total Transmission Revenue Requirement | C36: =SUM(D36:I36) -> 1838943.6 | D36: =SUM(D31:D35) -> 26629.865 | E36: =SUM(E31:E35) -> 1262025.7 | F36: =SUM(F31:F35) -> 137750.29 | G36: =SUM(G31:G35) -> 13954.377 | H36: =SUM(H31:H35) -> 1422.889 | I36: =SUM(I31:I35) -> 397160.47
A38: =MAX($A$4:A37)+1 -> 28 | B38: BP-26 Average
A39: =MAX($A$4:A38)+1 -> 29 | B39: FCRTS Investment Base (Net Plant) | C39: =SUM(D39:I39) -> 7942143.6 | D39: =AVERAGE(D9,D19,D29) -> 144458.48 | E39: =AVERAGE(E9,E19,E29) -> 6626913 | F39: =AVERAGE(F9,F19,F29) -> 725210.9 | G39: =AVERAGE(G9,G19,G29) -> 73675.218 | H39: =AVERAGE(H9,H19,H29) -> 5947.0822 | I39: =AVERAGE(I9,I19,I29) -> 365938.95
A40: =MAX($A$4:A39)+1 -> 30 | B40: Percent of Total | C40: =SUM(D40:I40) -> 1 | D40: =D39/$C$39 -> 0.018188853 | E40: =E39/$C$39 -> 0.83439853 | F40: =F39/$C$39 -> 0.091311733 | G40: =G39/$C$39 -> 0.0092764903 | H40: =H39/$C$39 -> 0.00074880065 | I40: =I39/$C$39 -> 0.04607559
A41: =MAX($A$4:A40)+1 -> 31 | B41: =B11 -> Operations & Maintenance | C41: =SUM(D41:I41) -> 722310.23 | D41: =AVERAGE(D11,D21,D31) -> 11909.418 | E41: =AVERAGE(E11,E21,E31) -> 459140.45 | F41: =AVERAGE(F11,F21,F31) -> 58377.662 | G41: =AVERAGE(G11,G21,G31) -> 5591.349 | H41: =AVERAGE(H11,H21,H31) -> 775.9863 | I41: =AVERAGE(I11,I21,I31) -> 186515.36
A42: =MAX($A$4:A41)+1 -> 32 | B42: =B12 -> Transmission Acquisition & Ancillary Services | C42: =SUM(D42:I42) -> 138189.93 | D42: =AVERAGE(D12,D22,D32) -> 88.549344 | E42: =AVERAGE(E12,E22,E32) -> 16176.53 | F42: =AVERAGE(F12,F22,F32) -> 2208.5091 | G42: =AVERAGE(G12,G22,G32) -> 40.36208 | H42: =AVERAGE(H12,H22,H32) -> 6.7473411 | I42: =AVERAGE(I12,I22,I32) -> 119669.23
A43: =MAX($A$4:A42)+1 -> 33 | B43: =B13 -> Depreciation | C43: =SUM(D43:I43) -> 451181.71 | D43: =AVERAGE(D13,D23,D33) -> 7293.6586 | E43: =AVERAGE(E13,E23,E33) -> 341503.72 | F43: =AVERAGE(F13,F23,F33) -> 40347.338 | G43: =AVERAGE(G13,G23,G33) -> 4672.8501 | H43: =AVERAGE(H13,H23,H33) -> 315.0059 | I43: =AVERAGE(I13,I23,I33) -> 57049.145
A44: =MAX($A$4:A43)+1 -> 34 | B44: =B14 -> Net Interest Expense | C44: =SUM(D44:I44) -> 198565.2 | D44: =AVERAGE(D14,D24,D34) -> 3433.1322 | E44: =AVERAGE(E14,E24,E34) -> 167066.83 | F44: =AVERAGE(F14,F24,F34) -> 17236.624 | G44: =AVERAGE(G14,G24,G34) -> 1748.7708 | H44: =AVERAGE(H14,H24,H34) -> 141.39077 | I44: =AVERAGE(I14,I24,I34) -> 8938.446
A45: =MAX($A$4:A44)+1 -> 35 | B45: =B15 -> Planned Net Revenues | C45: =SUM(D45:I45) -> 169598.97 | D45: =AVERAGE(D15,D25,D35) -> 2386.3942 | E45: =AVERAGE(E15,E25,E35) -> 147664.44 | F45: =AVERAGE(F15,F25,F35) -> 11981.619 | G45: =AVERAGE(G15,G25,G35) -> 1215.2566 | H45: =AVERAGE(H15,H25,H35) -> 98.290056 | I45: =AVERAGE(I15,I25,I35) -> 6252.9691
A46: =MAX($A$4:A45)+1 -> 36 | B46: Total Transmission Revenue Requirement | C46: =SUM(D46:I46) -> 1679846 | D46: =SUM(D41:D45) -> 25111.152 | E46: =SUM(E41:E45) -> 1131552 | F46: =SUM(F41:F45) -> 130151.75 | G46: =SUM(G41:G45) -> 13268.589 | H46: =SUM(H41:H45) -> 1337.4204 | I46: =SUM(I41:I45) -> 378425.15
B48: /1 Ancillary Service costs include Scheduling, System Control, and Dispatch (SCD) and Gen Inputs costs.

Sheet T-2
A1: Table 2
A2: Revenue Credits
A3: ($000/yr)
B4: (A) | C4: (B) | D4: (C) | E4: (D) | F4: (E) | G4: (F) | H4: (G)
B5: Transmission Revenue Credit | C5: FY 2025 | D5: FY 2026 | E5: FY 2027 | F5: FY 2028 | G5: BP-26 Average | H5: Growth
A6: =MAX($A$5:A5)+1 -> 1 | B6: 3RD AC RAS GENERATION DROPPING | C6: 76.572 | D6: 76.572 | E6: 76.572 | F6: 76.572 | G6: =AVERAGE(D6:F6) -> 76.572 | H6: =IF(C6=0,"N/A",(G6-C6)/C6) -> 0
A7: =MAX($A$5:A6)+1 -> 2 | B7: AMORT NONFED PNW AC INTERTIE | C7: 3493.3388 | D7: 3493.3388 | E7: 3493.3388 | F7: 3493.3388 | G7: =AVERAGE(D7:F7) -> 3493.3388 | H7: =IF(C7=0,"N/A",(G7-C7)/C7) -> 0
A8: =MAX($A$5:A7)+1 -> 3 | B8: BPA EQUIPMENT USE | C8: 172.008 | D8: 172.008 | E8: 172.008 | F8: 172.008 | G8: =AVERAGE(D8:F8) -> 172.008 | H8: =IF(C8=0,"N/A",(G8-C8)/C8) -> 0
A9: =MAX($A$5:A8)+1 -> 4 | B9: DSI DELIVERY CHARGE | C9: 2030.1 | D9: 2030.1 | E9: 384.204 | F9: 384.204 | G9: =AVERAGE(D9:F9) -> 932.836 | H9: =IF(C9=0,"N/A",(G9-C9)/C9) -> -0.54049751
A10: =MAX($A$5:A9)+1 -> 5 | B10: FIBER LEASES | C10: 7792.9891 | D10: 5694.8895 | E10: 5075.251 | F10: 4963.328 | G10: =AVERAGE(D10:F10) -> 5244.4895 | H10: =IF(C10=0,"N/A",(G10-C10)/C10) -> -0.32702465
A11: =MAX($A$5:A10)+1 -> 6 | B11: FIBER OPERATIONS & MAINTENANCE | C11: 1204.1194 | D11: 907.89818 | E11: 812.57444 | F11: 801.49925 | G11: =AVERAGE(D11:F11) -> 840.65729 | H11: =IF(C11=0,"N/A",(G11-C11)/C11) -> -0.30184889
A12: =MAX($A$5:A11)+1 -> 7 | B12: LAND USE/LEASE/SALE | C12: 88.123 | D12: 88.123 | E12: 88.123 | F12: 88.123 | G12: =AVERAGE(D12:F12) -> 88.123 | H12: =IF(C12=0,"N/A",(G12-C12)/C12) -> 0
A13: =MAX($A$5:A12)+1 -> 8 | B13: MISC LEASES | C13: 83.979 | D13: 83.979 | E13: 83.979 | F13: 83.979 | G13: =AVERAGE(D13:F13) -> 83.979 | H13: =IF(C13=0,"N/A",(G13-C13)/C13) -> 0
A14: =MAX($A$5:A13)+1 -> 9 | B14: MISC SERVICE FEES | C14: 1212.912 | D14: 1212.912 | E14: 1212.912 | F14: 1212.912 | G14: =AVERAGE(D14:F14) -> 1212.912 | H14: =IF(C14=0,"N/A",(G14-C14)/C14) -> 0
A15: =MAX($A$5:A14)+1 -> 10 | B15: O&M FEDERAL FACILITY | C15: 220.972 | D15: 220.972 | E15: 220.972 | F15: 220.972 | G15: =AVERAGE(D15:F15) -> 220.972 | H15: =IF(C15=0,"N/A",(G15-C15)/C15) -> 0
A16: =MAX($A$5:A15)+1 -> 11 | B16: O&M NON-FEDERAL FACILITY | C16: 417.108 | D16: 417.108 | E16: 417.108 | F16: 417.108 | G16: =AVERAGE(D16:F16) -> 417.108 | H16: =IF(C16=0,"N/A",(G16-C16)/C16) -> 0
A17: =MAX($A$5:A16)+1 -> 12 | B17: PCS CONSTRUCTION | C17: 2400 | D17: 2400 | E17: 2400 | F17: 2400 | G17: =AVERAGE(D17:F17) -> 2400 | H17: =IF(C17=0,"N/A",(G17-C17)/C17) -> 0 | M17: `
A18: =MAX($A$5:A17)+1 -> 13 | B18: PCS OPERATIONS & MAINTENANCE | C18: 780 | D18: 780 | E18: 780 | F18: 780 | G18: =AVERAGE(D18:F18) -> 780 | H18: =IF(C18=0,"N/A",(G18-C18)/C18) -> 0
A19: =MAX($A$5:A18)+1 -> 14 | B19: PCS WIRELESS LEASES | C19: 6752.7 | D19: 6752.7 | E19: 6752.7 | F19: 6752.7 | G19: =AVERAGE(D19:F19) -> 6752.7 | H19: =IF(C19=0,"N/A",(G19-C19)/C19) -> 0
A20: =MAX($A$5:A19)+1 -> 15 | B20: PTP RESERVATION FEE | C20: 4718.224 | D20: 3724.48 | E20: 2208.32 | F20: 2208.32 | G20: =AVERAGE(D20:F20) -> 2713.7067 | H20: =IF(C20=0,"N/A",(G20-C20)/C20) -> -0.42484573
A21: =MAX($A$5:A20)+1 -> 16 | B21: RIGHT-OF-WAY LEASE | C21: 79.2 | D21: 79.2 | E21: 79.2 | F21: 79.2 | G21: =AVERAGE(D21:F21) -> 79.2 | H21: =IF(C21=0,"N/A",(G21-C21)/C21) -> 0
A22: =MAX($A$5:A21)+1 -> 17 | B22: SINT AC NON FEDERAL O&M | C22: 2209.8 | D22: 2209.8 | E22: 2209.8 | F22: 2209.8 | G22: =AVERAGE(D22:F22) -> 2209.8 | H22: =IF(C22=0,"N/A",(G22-C22)/C22) -> 0
A23: =MAX($A$5:A22)+1 -> 18 | B23: TRANSMISSION OPERATOR SERVICES | C23: 900 | D23: 900 | E23: 900 | F23: 900 | G23: =AVERAGE(D23:F23) -> 900 | H23: =IF(C23=0,"N/A",(G23-C23)/C23) -> 0
A24: =MAX($A$5:A23)+1 -> 19 | B24: TRANSMISSION PLANNER CFR SERV | C24: 269.35752 | D24: 269.35752 | E24: 269.35752 | F24: 269.35752 | G24: =AVERAGE(D24:F24) -> 269.35752 | H24: =IF(C24=0,"N/A",(G24-C24)/C24) -> 0
A25: =MAX($A$5:A24)+1 -> 20 | B25: TRANSMISSION PROCESSING FEE | C25: 39.6 | D25: 39.6 | E25: 39.6 | F25: 39.6 | G25: =AVERAGE(D25:F25) -> 39.6 | H25: =IF(C25=0,"N/A",(G25-C25)/C25) -> 0
A26: =MAX($A$5:A25)+1 -> 21 | B26: TS SHARE OF RES ENRGY/WHLG-COE | C26: 245.697 | D26: 245.697 | E26: 245.697 | F26: 245.697 | G26: =AVERAGE(D26:F26) -> 245.697 | H26: =IF(C26=0,"N/A",(G26-C26)/C26) -> 0
A27: =MAX($A$5:A26)+1 -> 22 | B27: UFT FIXED DOLLAR AMOUNT | C27: 3405.12 | D27: 3429.588 | E27: 3429.588 | F27: 3429.588 | G27: =AVERAGE(D27:F27) -> 3429.588 | H27: =IF(C27=0,"N/A",(G27-C27)/C27) -> 0.0071856498
A28: =MAX($A$5:A27)+1 -> 23 | B28: UFT VARIABLE SERVICE AMT | C28: 242.916 | D28: 242.916 | E28: 242.916 | F28: 242.916 | G28: =AVERAGE(D28:F28) -> 242.916 | H28: =IF(C28=0,"N/A",(G28-C28)/C28) -> 1.1700221e-16
A29: =MAX($A$5:A28)+1 -> 24 | B29: Total | C29: =SUM(C6:C28) -> 38834.836 | D29: =SUM(D6:D28) -> 35471.239 | E29: =SUM(E6:E28) -> 31594.221 | F29: =SUM(F6:F28) -> 31471.223 | G29: =AVERAGE(D29:F29) -> 32845.561 | H29: =(G29-C29)/C29 -> -0.15422429
B31: (A) | C31: (B) | D31: (C) | E31: (D) | F31: (E) | G31: (G) | H31: (H) | I31: (I) | J31: (J)
B32: Credit Segmentation Factors | C32: Generation Integration | D32: Network | E32: Intertie | G32: Delivery | H32: Ancillary Services | I32: Total | J32: Basis
E33: Southern | F33: Eastern | G33: Industrial
A34: =MAX($A$5:A33)+1 -> 25 | B34: =B6 -> 3RD AC RAS GENERATION DROPPING | C34: =_xlfn.XLOOKUP($J34,$J$72:$J$90,C$72:C$90,"Not Found",0) -> 0 | D34: =_xlfn.XLOOKUP($J34,$J$72:$J$90,D$72:D$90,"Not Found",0) -> 0 | E34: =_xlfn.XLOOKUP($J34,$J$72:$J$90,E$72:E$90,"Not Found",0) -> 1 | F34: =_xlfn.XLOOKUP($J34,$J$72:$J$90,F$72:F$90,"Not Found",0) -> 0 | G34: =_xlfn.XLOOKUP($J34,$J$72:$J$90,G$72:G$90,"Not Found",0) -> 0 | H34: =_xlfn.XLOOKUP($J34,$J$72:$J$90,H$72:H$90,"Not Found",0) -> 0 | I34: =SUM(C34:H34) -> 1 | J34: southern
A35: =MAX($A$5:A34)+1 -> 26 | B35: =B7 -> AMORT NONFED PNW AC INTERTIE | C35: =_xlfn.XLOOKUP($J35,$J$72:$J$90,C$72:C$90,"Not Found",0) -> 0 | D35: =_xlfn.XLOOKUP($J35,$J$72:$J$90,D$72:D$90,"Not Found",0) -> 0 | E35: =_xlfn.XLOOKUP($J35,$J$72:$J$90,E$72:E$90,"Not Found",0) -> 1 | F35: =_xlfn.XLOOKUP($J35,$J$72:$J$90,F$72:F$90,"Not Found",0) -> 0 | G35: =_xlfn.XLOOKUP($J35,$J$72:$J$90,G$72:G$90,"Not Found",0) -> 0 | H35: =_xlfn.XLOOKUP($J35,$J$72:$J$90,H$72:H$90,"Not Found",0) -> 0 | I35: =SUM(C35:H35) -> 1 | J35: southern
A36: =MAX($A$5:A35)+1 -> 27 | B36: =B8 -> BPA EQUIPMENT USE | C36: =_xlfn.XLOOKUP($J36,$J$72:$J$90,C$72:C$90,"Not Found",0) -> 0.01613025 | D36: =_xlfn.XLOOKUP($J36,$J$72:$J$90,D$72:D$90,"Not Found",0) -> 0.73996187 | E36: =_xlfn.XLOOKUP($J36,$J$72:$J$90,E$72:E$90,"Not Found",0) -> 0.080977133 | F36: =_xlfn.XLOOKUP($J36,$J$72:$J$90,F$72:F$90,"Not Found",0) -> 0.0082265834 | G36: =_xlfn.XLOOKUP($J36,$J$72:$J$90,G$72:G$90,"Not Found",0) -> 0.00066405189 | H36: =_xlfn.XLOOKUP($J36,$J$72:$J$90,H$72:H$90,"Not Found",0) -> 0.15404011 | I36: =SUM(C36:H36) -> 1 | J36: net plant
A37: =MAX($A$5:A36)+1 -> 28 | B37: =B9 -> DSI DELIVERY CHARGE | C37: =_xlfn.XLOOKUP($J37,$J$72:$J$90,C$72:C$90,"Not Found",0) -> 0 | D37: =_xlfn.XLOOKUP($J37,$J$72:$J$90,D$72:D$90,"Not Found",0) -> 0 | E37: =_xlfn.XLOOKUP($J37,$J$72:$J$90,E$72:E$90,"Not Found",0) -> 0 | F37: =_xlfn.XLOOKUP($J37,$J$72:$J$90,F$72:F$90,"Not Found",0) -> 0 | G37: =_xlfn.XLOOKUP($J37,$J$72:$J$90,G$72:G$90,"Not Found",0) -> 1 | H37: =_xlfn.XLOOKUP($J37,$J$72:$J$90,H$72:H$90,"Not Found",0) -> 0 | I37: =SUM(C37:H37) -> 1 | J37: industry
A38: =MAX($A$5:A37)+1 -> 29 | B38: =B10 -> FIBER LEASES | C38: =_xlfn.XLOOKUP($J38,$J$72:$J$90,C$72:C$90,"Not Found",0) -> 0.01613025 | D38: =_xlfn.XLOOKUP($J38,$J$72:$J$90,D$72:D$90,"Not Found",0) -> 0.73996187 | E38: =_xlfn.XLOOKUP($J38,$J$72:$J$90,E$72:E$90,"Not Found",0) -> 0.080977133 | F38: =_xlfn.XLOOKUP($J38,$J$72:$J$90,F$72:F$90,"Not Found",0) -> 0.0082265834 | G38: =_xlfn.XLOOKUP($J38,$J$72:$J$90,G$72:G$90,"Not Found",0) -> 0.00066405189 | H38: =_xlfn.XLOOKUP($J38,$J$72:$J$90,H$72:H$90,"Not Found",0) -> 0.15404011 | I38: =SUM(C38:H38) -> 1 | J38: net plant
A39: =MAX($A$5:A38)+1 -> 30 | B39: =B11 -> FIBER OPERATIONS & MAINTENANCE | C39: =_xlfn.XLOOKUP($J39,$J$72:$J$90,C$72:C$90,"Not Found",0) -> 0.01613025 | D39: =_xlfn.XLOOKUP($J39,$J$72:$J$90,D$72:D$90,"Not Found",0) -> 0.73996187 | E39: =_xlfn.XLOOKUP($J39,$J$72:$J$90,E$72:E$90,"Not Found",0) -> 0.080977133 | F39: =_xlfn.XLOOKUP($J39,$J$72:$J$90,F$72:F$90,"Not Found",0) -> 0.0082265834 | G39: =_xlfn.XLOOKUP($J39,$J$72:$J$90,G$72:G$90,"Not Found",0) -> 0.00066405189 | H39: =_xlfn.XLOOKUP($J39,$J$72:$J$90,H$72:H$90,"Not Found",0) -> 0.15404011 | I39: =SUM(C39:H39) -> 1 | J39: net plant
A40: =MAX($A$5:A39)+1 -> 31 | B40: =B12 -> LAND USE/LEASE/SALE | C40: =_xlfn.XLOOKUP($J40,$J$72:$J$90,C$72:C$90,"Not Found",0) -> 0.01613025 | D40: =_xlfn.XLOOKUP($J40,$J$72:$J$90,D$72:D$90,"Not Found",0) -> 0.73996187 | E40: =_xlfn.XLOOKUP($J40,$J$72:$J$90,E$72:E$90,"Not Found",0) -> 0.080977133 | F40: =_xlfn.XLOOKUP($J40,$J$72:$J$90,F$72:F$90,"Not Found",0) -> 0.0082265834 | G40: =_xlfn.XLOOKUP($J40,$J$72:$J$90,G$72:G$90,"Not Found",0) -> 0.00066405189 | H40: =_xlfn.XLOOKUP($J40,$J$72:$J$90,H$72:H$90,"Not Found",0) -> 0.15404011 | I40: =SUM(C40:H40) -> 1 | J40: net plant
A41: =MAX($A$5:A40)+1 -> 32 | B41: =B13 -> MISC LEASES | C41: =_xlfn.XLOOKUP($J41,$J$72:$J$90,C$72:C$90,"Not Found",0) -> 0.01613025 | D41: =_xlfn.XLOOKUP($J41,$J$72:$J$90,D$72:D$90,"Not Found",0) -> 0.73996187 | E41: =_xlfn.XLOOKUP($J41,$J$72:$J$90,E$72:E$90,"Not Found",0) -> 0.080977133 | F41: =_xlfn.XLOOKUP($J41,$J$72:$J$90,F$72:F$90,"Not Found",0) -> 0.0082265834 | G41: =_xlfn.XLOOKUP($J41,$J$72:$J$90,G$72:G$90,"Not Found",0) -> 0.00066405189 | H41: =_xlfn.XLOOKUP($J41,$J$72:$J$90,H$72:H$90,"Not Found",0) -> 0.15404011 | I41: =SUM(C41:H41) -> 1 | J41: net plant
A42: =MAX($A$5:A41)+1 -> 33 | B42: =B14 -> MISC SERVICE FEES | C42: =_xlfn.XLOOKUP($J42,$J$72:$J$90,C$72:C$90,"Not Found",0) -> 0.01613025 | D42: =_xlfn.XLOOKUP($J42,$J$72:$J$90,D$72:D$90,"Not Found",0) -> 0.73996187 | E42: =_xlfn.XLOOKUP($J42,$J$72:$J$90,E$72:E$90,"Not Found",0) -> 0.080977133 | F42: =_xlfn.XLOOKUP($J42,$J$72:$J$90,F$72:F$90,"Not Found",0) -> 0.0082265834 | G42: =_xlfn.XLOOKUP($J42,$J$72:$J$90,G$72:G$90,"Not Found",0) -> 0.00066405189 | H42: =_xlfn.XLOOKUP($J42,$J$72:$J$90,H$72:H$90,"Not Found",0) -> 0.15404011 | I42: =SUM(C42:H42) -> 1 | J42: net plant
A43: =MAX($A$5:A42)+1 -> 34 | B43: =B15 -> O&M FEDERAL FACILITY | C43: =_xlfn.XLOOKUP($J43,$J$72:$J$90,C$72:C$90,"Not Found",0) -> 0 | D43: =_xlfn.XLOOKUP($J43,$J$72:$J$90,D$72:D$90,"Not Found",0) -> 1 | E43: =_xlfn.XLOOKUP($J43,$J$72:$J$90,E$72:E$90,"Not Found",0) -> 0 | F43: =_xlfn.XLOOKUP($J43,$J$72:$J$90,F$72:F$90,"Not Found",0) -> 0 | G43: =_xlfn.XLOOKUP($J43,$J$72:$J$90,G$72:G$90,"Not Found",0) -> 0 | H43: =_xlfn.XLOOKUP($J43,$J$72:$J$90,H$72:H$90,"Not Found",0) -> 0 | I43: =SUM(C43:H43) -> 1 | J43: direct om
A44: =MAX($A$5:A43)+1 -> 35 | B44: =B16 -> O&M NON-FEDERAL FACILITY | C44: =_xlfn.XLOOKUP($J44,$J$72:$J$90,C$72:C$90,"Not Found",0) -> 0 | D44: =_xlfn.XLOOKUP($J44,$J$72:$J$90,D$72:D$90,"Not Found",0) -> 1 | E44: =_xlfn.XLOOKUP($J44,$J$72:$J$90,E$72:E$90,"Not Found",0) -> 0 | F44: =_xlfn.XLOOKUP($J44,$J$72:$J$90,F$72:F$90,"Not Found",0) -> 0 | G44: =_xlfn.XLOOKUP($J44,$J$72:$J$90,G$72:G$90,"Not Found",0) -> 0 | H44: =_xlfn.XLOOKUP($J44,$J$72:$J$90,H$72:H$90,"Not Found",0) -> 0 | I44: =SUM(C44:H44) -> 1 | J44: direct om
A45: =MAX($A$5:A44)+1 -> 36 | B45: =B17 -> PCS CONSTRUCTION | C45: =_xlfn.XLOOKUP($J45,$J$72:$J$90,C$72:C$90,"Not Found",0) -> 0.01613025 | D45: =_xlfn.XLOOKUP($J45,$J$72:$J$90,D$72:D$90,"Not Found",0) -> 0.73996187 | E45: =_xlfn.XLOOKUP($J45,$J$72:$J$90,E$72:E$90,"Not Found",0) -> 0.080977133 | F45: =_xlfn.XLOOKUP($J45,$J$72:$J$90,F$72:F$90,"Not Found",0) -> 0.0082265834 | G45: =_xlfn.XLOOKUP($J45,$J$72:$J$90,G$72:G$90,"Not Found",0) -> 0.00066405189 | H45: =_xlfn.XLOOKUP($J45,$J$72:$J$90,H$72:H$90,"Not Found",0) -> 0.15404011 | I45: =SUM(C45:H45) -> 1 | J45: net plant
... A56: =MAX($A$5:A55)+1 -> 47 | B56: =B28 -> UFT VARIABLE SERVICE AMT | C56: =_xlfn.XLOOKUP($J56,$J$72:$J$90,C$72:C$90,"Not Found",0) -> 0 | D56: =_xlfn.XLOOKUP($J56,$J$72:$J$90,D$72:D$90,"Not Found",0) -> 0.31652593 | E56: =_xlfn.XLOOKUP($J56,$J$72:$J$90,E$72:E$90,"Not Found",0) -> 0.4943177 | F56: =_xlfn.XLOOKUP($J56,$J$72:$J$90,F$72:F$90,"Not Found",0) -> 0.18915637 | G56: =_xlfn.XLOOKUP($J56,$J$72:$J$90,G$72:G$90,"Not Found",0) -> 0 | H56: =_xlfn.XLOOKUP($J56,$J$72:$J$90,H$72:H$90,"Not Found",0) -> 0 | I56: =SUM(C56:H56) -> 1 | J56: direct uft
A58: Allocation calculations:
B59: Townsend Garrison Transmision is assigned 100% to the Eastern Intertie
B60: For an explanation of this change, see memo to the record at http://internal.bpa.gov/sites/BPARateCase/transmission/Shared%20Documents/Memos%20To%20The%20Record/TGT%20Revenues%20Allocation%20Memo.doc
A63: 2.B | B63: Allocation for Fiber, Land/ROW, Misc Leases based on Net Plant
C64: SCD | D64: GSR | I64: Total
B65: Average Ancillary Rev Reqmt (T8.1) | C65: ='T-8.1'!G13 -> 258763.67 | D65: ='T-8.1'!G62 -> 0 | I65: =SUM(C65:H65) -> 258763.67
B66: Total Average Rev Rqmt (T1) | I66: ='T-1'!C46 -> 1679846
B67: Ancillary Percent of Total Reqmt | C67: =C65/$I$66 -> 0.15404011 | D67: =D65/$I$66 -> 0 | I67: =I65/$I$66 -> 0.15404011
B68: *** only SCD/GSR apply for Net Plant
B69: Net Plant | C69: Gen Int | D69: Network | E69: Intertie S | F69: Intertie E | G69: Delivery Indus | H69: Ancillary | I69: Total
B70: Average FY 2026-2028 | C70: ='T-1'!D39 -> 144458.48 | D70: ='T-1'!E39 -> 6626913 | E70: ='T-1'!F39 -> 725210.9 | F70: ='T-1'!G39 -> 73675.218 | G70: ='T-1'!H39 -> 5947.0822 | H70: ='T-1'!I39 -> 365938.95 | I70: =SUM(C70:H70) -> 7942143.6
B71: Percent of total excluding AS | C71: =C70/($I$70-$H$70) -> 0.019067394 | D71: =D70/($I$70-$H$70) -> 0.87470089 | E71: =E70/($I$70-$H$70) -> 0.09572219 | F71: =F70/($I$70-$H$70) -> 0.0097245549 | G71: =G70/($I$70-$H$70) -> 0.00078496853 | I71: =SUM(C71:H71) -> 1
B72: Allocation (SCD and GSR only) | C72: =C71*(1-$H$72) -> 0.01613025 | D72: =D71*(1-$H$72) -> 0.73996187 | E72: =E71*(1-$H$72) -> 0.080977133 | F72: =F71*(1-$H$72) -> 0.0082265834 | G72: =G71*(1-$H$72) -> 0.00066405189 | H72: =C67+D67 -> 0.15404011 | I72: =SUM(C72:H72) -> 1 | J72: net plant
A74: 2.B1-2 | B74: UFT
A75: 2.B4-5 | B75: O&M and COE/BOR
C76: Gen Int | D76: Network | E76: Intertie S | F76: Intertie E | G76: Delivery Indus | H76: Ancillary | I76: Total
B77: UFT (per study document) | C77: 0 | D77: 1150479 | E77: 1796700 | F77: 687528 | G77: 0 | H77: 0 | I77: =SUM(C77:H77) -> 3634707
B78: Percent of total | C78: =C77/$I$77 -> 0 | D78: =D77/$I$77 -> 0.31652593 | E78: =E77/$I$77 -> 0.4943177 | F78: =F77/$I$77 -> 0.18915637 | G78: =G77/$I$77 -> 0 | H78: =H77/$I$77 -> 0 | I78: =SUM(C78:H78) -> 1 | J78: direct uft
B79: O&M (per study document) | C79: 0 | D79: 638276 | E79: 0 | F79: 0 | G79: 0 | H79: 0 | I79: =SUM(C79:H79) -> 638276
B80: Percent of total | C80: =C79/$I$79 -> 0 | D80: =D79/$I$79 -> 1 | E80: =E79/$I$79 -> 0 | F80: =F79/$I$79 -> 0 | G80: =G79/$I$79 -> 0 | H80: =H79/$I$79 -> 0 | I80: =SUM(C80:H80) -> 1 | J80: direct om
A83: 2.B57 | B83: COE/BOR | C83: Gen Int | D83: Network | E83: Intertie S | F83: Intertie E | G83: Delivery Indus | H83: Ancillary | I83: Total
B84: COE/BOR | C84: 0 | D84: 1.1207779e+08 | E84: 0 | F84: 0 | G84: 0 | H84: 0 | I84: =SUM(C84:H84) -> 1.1207779e+08
B85: Percent of total | C85: =C84/$I$84 -> 0 | D85: =D84/$I$84 -> 1 | E85: =E84/$I$84 -> 0 | F85: =F84/$I$84 -> 0 | G85: =G84/$I$84 -> 0 | H85: =H84/$I$84 -> 0 | I85: =SUM(C85:H85) -> 1 | J85: direct COEBOR
C87: Gen Int | D87: Network | E87: Intertie S | F87: Intertie E | G87: Delivery Indus | H87: Ancillary | I87: Total
E88: 1 | I88: =SUM(C88:H88) -> 1 | J88: southern
G89: 1 | I89: =SUM(C89:H89) -> 1 | J89: industry
D90: 1 | I90: =SUM(C90:H90) -> 1 | J90: network
B92: (A) | C92: (B) | D92: (C) | E92: (D) | F92: (E) | G92: (G) | H92: (H) | I92: (I)
B93: FY 2026 Revenue | C93: Generation Integration | D93: Network | E93: Intertie | G93: Delivery | H93: Ancillary Services | I93: Total
E94: Southern | F94: Eastern | G94: Industrial
A95: =MAX($A$5:A94)+1 -> 48 | B95: =B6 -> 3RD AC RAS GENERATION DROPPING | C95: =IF(AND($B95=$B6,$B95=$B34),$D6*C34,"error, yo") -> 0 | D95: =IF(AND($B95=$B6,$B95=$B34),$D6*D34,"error, yo") -> 0 | E95: =IF(AND($B95=$B6,$B95=$B34),$D6*E34,"error, yo") -> 76.572 | F95: =IF(AND($B95=$B6,$B95=$B34),$D6*F34,"error, yo") -> 0 | G95: =IF(AND($B95=$B6,$B95=$B34),$D6*G34,"error, yo") -> 0 | H95: =IF(AND($B95=$B6,$B95=$B34),$D6*H34,"error, yo") -> 0 | I95: =SUM(C95:H95) -> 76.572
A96: =MAX($A$5:A95)+1 -> 49 | B96: =B7 -> AMORT NONFED PNW AC INTERTIE | C96: =IF(AND($B96=$B7,$B96=$B35),$D7*C35,"error, yo") -> 0 | D96: =IF(AND($B96=$B7,$B96=$B35),$D7*D35,"error, yo") -> 0 | E96: =IF(AND($B96=$B7,$B96=$B35),$D7*E35,"error, yo") -> 3493.3388 | F96: =IF(AND($B96=$B7,$B96=$B35),$D7*F35,"error, yo") -> 0 | G96: =IF(AND($B96=$B7,$B96=$B35),$D7*G35,"error, yo") -> 0 | H96: =IF(AND($B96=$B7,$B96=$B35),$D7*H35,"error, yo") -> 0 | I96: =SUM(C96:H96) -> 3493.3388
A97: =MAX($A$5:A96)+1 -> 50 | B97: =B8 -> BPA EQUIPMENT USE | C97: =IF(AND($B97=$B8,$B97=$B36),$D8*C36,"error, yo") -> 2.7745321 | D97: =IF(AND($B97=$B8,$B97=$B36),$D8*D36,"error, yo") -> 127.27936 | E97: =IF(AND($B97=$B8,$B97=$B36),$D8*E36,"error, yo") -> 13.928715 | F97: =IF(AND($B97=$B8,$B97=$B36),$D8*F36,"error, yo") -> 1.4150381 | G97: =IF(AND($B97=$B8,$B97=$B36),$D8*G36,"error, yo") -> 0.11422224 | H97: =IF(AND($B97=$B8,$B97=$B36),$D8*H36,"error, yo") -> 26.496132 | I97: =SUM(C97:H97) -> 172.008
A98: =MAX($A$5:A97)+1 -> 51 | B98: =B9 -> DSI DELIVERY CHARGE | C98: =IF(AND($B98=$B9,$B98=$B37),$D9*C37,"error, yo") -> 0 | D98: =IF(AND($B98=$B9,$B98=$B37),$D9*D37,"error, yo") -> 0 | E98: =IF(AND($B98=$B9,$B98=$B37),$D9*E37,"error, yo") -> 0 | F98: =IF(AND($B98=$B9,$B98=$B37),$D9*F37,"error, yo") -> 0 | G98: =IF(AND($B98=$B9,$B98=$B37),$D9*G37,"error, yo") -> 2030.1 | H98: =IF(AND($B98=$B9,$B98=$B37),$D9*H37,"error, yo") -> 0 | I98: =SUM(C98:H98) -> 2030.1
A99: =MAX($A$5:A98)+1 -> 52 | B99: =B10 -> FIBER LEASES | C99: =IF(AND($B99=$B10,$B99=$B38),$D10*C38,"error, yo") -> 91.859995 | D99: =IF(AND($B99=$B10,$B99=$B38),$D10*D38,"error, yo") -> 4214.0011 | E99: =IF(AND($B99=$B10,$B99=$B38),$D10*E38,"error, yo") -> 461.15583 | F99: =IF(AND($B99=$B10,$B99=$B38),$D10*F38,"error, yo") -> 46.849484 | G99: =IF(AND($B99=$B10,$B99=$B38),$D10*G38,"error, yo") -> 3.7817022 | H99: =IF(AND($B99=$B10,$B99=$B38),$D10*H38,"error, yo") -> 877.24142 | I99: =SUM(C99:H99) -> 5694.8895
A100: =MAX($A$5:A99)+1 -> 53 | B100: =B11 -> FIBER OPERATIONS & MAINTENANCE | C100: =IF(AND($B100=$B11,$B100=$B39),$D11*C39,"error, yo") -> 14.644625 | D100: =IF(AND($B100=$B11,$B100=$B39),$D11*D39,"error, yo") -> 671.81003 | E100: =IF(AND($B100=$B11,$B100=$B39),$D11*E39,"error, yo") -> 73.518992 | F100: =IF(AND($B100=$B11,$B100=$B39),$D11*F39,"error, yo") -> 7.4689001 | G100: =IF(AND($B100=$B11,$B100=$B39),$D11*G39,"error, yo") -> 0.60289151 | H100: =IF(AND($B100=$B11,$B100=$B39),$D11*H39,"error, yo") -> 139.85274 | I100: =SUM(C100:H100) -> 907.89818
A101: =MAX($A$5:A100)+1 -> 54 | B101: =B12 -> LAND USE/LEASE/SALE | C101: =IF(AND($B101=$B12,$B101=$B40),$D12*C40,"error, yo") -> 1.4214461 | D101: =IF(AND($B101=$B12,$B101=$B40),$D12*D40,"error, yo") -> 65.20766 | E101: =IF(AND($B101=$B12,$B101=$B40),$D12*E40,"error, yo") -> 7.1359479 | F101: =IF(AND($B101=$B12,$B101=$B40),$D12*F40,"error, yo") -> 0.7249512 | G101: =IF(AND($B101=$B12,$B101=$B40),$D12*G40,"error, yo") -> 0.058518245 | H101: =IF(AND($B101=$B12,$B101=$B40),$D12*H40,"error, yo") -> 13.574477 | I101: =SUM(C101:H101) -> 88.123
A102: =MAX($A$5:A101)+1 -> 55 | B102: =B13 -> MISC LEASES | C102: =IF(AND($B102=$B13,$B102=$B41),$D13*C41,"error, yo") -> 1.3546023 | D102: =IF(AND($B102=$B13,$B102=$B41),$D13*D41,"error, yo") -> 62.141258 | E102: =IF(AND($B102=$B13,$B102=$B41),$D13*E41,"error, yo") -> 6.8003786 | F102: =IF(AND($B102=$B13,$B102=$B41),$D13*F41,"error, yo") -> 0.69086024 | G102: =IF(AND($B102=$B13,$B102=$B41),$D13*G41,"error, yo") -> 0.055766414 | H102: =IF(AND($B102=$B13,$B102=$B41),$D13*H41,"error, yo") -> 12.936135 | I102: =SUM(C102:H102) -> 83.979
A103: =MAX($A$5:A102)+1 -> 56 | B103: =B14 -> MISC SERVICE FEES | C103: =IF(AND($B103=$B14,$B103=$B42),$D14*C42,"error, yo") -> 19.564574 | D103: =IF(AND($B103=$B14,$B103=$B42),$D14*D42,"error, yo") -> 897.50863 | E103: =IF(AND($B103=$B14,$B103=$B42),$D14*E42,"error, yo") -> 98.218136 | F103: =IF(AND($B103=$B14,$B103=$B42),$D14*F42,"error, yo") -> 9.9781217 | G103: =IF(AND($B103=$B14,$B103=$B42),$D14*G42,"error, yo") -> 0.80543651 | H103: =IF(AND($B103=$B14,$B103=$B42),$D14*H42,"error, yo") -> 186.8371 | I103: =SUM(C103:H103) -> 1212.912
A104: =MAX($A$5:A103)+1 -> 57 | B104: =B15 -> O&M FEDERAL FACILITY | C104: =IF(AND($B104=$B15,$B104=$B43),$D15*C43,"error, yo") -> 0 | D104: =IF(AND($B104=$B15,$B104=$B43),$D15*D43,"error, yo") -> 220.972 | E104: =IF(AND($B104=$B15,$B104=$B43),$D15*E43,"error, yo") -> 0 | F104: =IF(AND($B104=$B15,$B104=$B43),$D15*F43,"error, yo") -> 0 | G104: =IF(AND($B104=$B15,$B104=$B43),$D15*G43,"error, yo") -> 0 | H104: =IF(AND($B104=$B15,$B104=$B43),$D15*H43,"error, yo") -> 0 | I104: =SUM(C104:H104) -> 220.972
A105: =MAX($A$5:A104)+1 -> 58 | B105: =B16 -> O&M NON-FEDERAL FACILITY | C105: =IF(AND($B105=$B16,$B105=$B44),$D16*C44,"error, yo") -> 0 | D105: =IF(AND($B105=$B16,$B105=$B44),$D16*D44,"error, yo") -> 417.108 | E105: =IF(AND($B105=$B16,$B105=$B44),$D16*E44,"error, yo") -> 0 | F105: =IF(AND($B105=$B16,$B105=$B44),$D16*F44,"error, yo") -> 0 | G105: =IF(AND($B105=$B16,$B105=$B44),$D16*G44,"error, yo") -> 0 | H105: =IF(AND($B105=$B16,$B105=$B44),$D16*H44,"error, yo") -> 0 | I105: =SUM(C105:H105) -> 417.108
A106: =MAX($A$5:A105)+1 -> 59 | B106: =B17 -> PCS CONSTRUCTION | C106: =IF(AND($B106=$B17,$B106=$B45),$D17*C45,"error, yo") -> 38.712601 | D106: =IF(AND($B106=$B17,$B106=$B45),$D17*D45,"error, yo") -> 1775.9085 | E106: =IF(AND($B106=$B17,$B106=$B45),$D17*E45,"error, yo") -> 194.34512 | F106: =IF(AND($B106=$B17,$B106=$B45),$D17*F45,"error, yo") -> 19.7438 | G106: =IF(AND($B106=$B17,$B106=$B45),$D17*G45,"error, yo") -> 1.5937245 | H106: =IF(AND($B106=$B17,$B106=$B45),$D17*H45,"error, yo") -> 369.69627 | I106: =SUM(C106:H106) -> 2400
... A111: =MAX($A$5:A110)+1 -> 64 | B111: =B22 -> SINT AC NON FEDERAL O&M | C111: =IF(AND($B111=$B22,$B111=$B50),$D22*C50,"error, yo") -> 0 | D111: =IF(AND($B111=$B22,$B111=$B50),$D22*D50,"error, yo") -> 0 | E111: =IF(AND($B111=$B22,$B111=$B50),$D22*E50,"error, yo") -> 2209.8 | F111: =IF(AND($B111=$B22,$B111=$B50),$D22*F50,"error, yo") -> 0 | G111: =IF(AND($B111=$B22,$B111=$B50),$D22*G50,"error, yo") -> 0 | H111: =IF(AND($B111=$B22,$B111=$B50),$D22*H50,"error, yo") -> 0 | I111: =SUM(C111:H111) -> 2209.8
A112: =MAX($A$5:A111)+1 -> 65 | B112: =B23 -> TRANSMISSION OPERATOR SERVICES | C112: =IF(AND($B112=$B23,$B112=$B51),$D23*C51,"error, yo") -> 0 | D112: =IF(AND($B112=$B23,$B112=$B51),$D23*D52,"error, yo") -> 900 | E112: =IF(AND($B112=$B23,$B112=$B51),$D23*E51,"error, yo") -> 0 | F112: =IF(AND($B112=$B23,$B112=$B51),$D23*F51,"error, yo") -> 0 | G112: =IF(AND($B112=$B23,$B112=$B51),$D23*G51,"error, yo") -> 0 | H112: =IF(AND($B112=$B23,$B112=$B51),$D23*H51,"error, yo") -> 0 | I112: =SUM(C112:H112) -> 900
A113: =MAX($A$5:A112)+1 -> 66 | B113: =B24 -> TRANSMISSION PLANNER CFR SERV | C113: =IF(AND($B113=$B24,$B113=$B52),$D24*C52,"error, yo") -> 0 | D113: =IF(AND($B113=$B24,$B113=$B52),$D24*D53,"error, yo") -> 269.35752 | E113: =IF(AND($B113=$B24,$B113=$B52),$D24*E52,"error, yo") -> 0 | F113: =IF(AND($B113=$B24,$B113=$B52),$D24*F52,"error, yo") -> 0 | G113: =IF(AND($B113=$B24,$B113=$B52),$D24*G52,"error, yo") -> 0 | H113: =IF(AND($B113=$B24,$B113=$B52),$D24*H52,"error, yo") -> 0 | I113: =SUM(C113:H113) -> 269.35752
A114: =MAX($A$5:A113)+1 -> 67 | B114: =B25 -> TRANSMISSION PROCESSING FEE | C114: =IF(AND($B114=$B25,$B114=$B53),$D25*C53,"error, yo") -> 0 | D114: =IF(AND($B114=$B25,$B114=$B53),$D25*D53,"error, yo") -> 39.6 | E114: =IF(AND($B114=$B25,$B114=$B53),$D25*E53,"error, yo") -> 0 | F114: =IF(AND($B114=$B25,$B114=$B53),$D25*F53,"error, yo") -> 0 | G114: =IF(AND($B114=$B25,$B114=$B53),$D25*G53,"error, yo") -> 0 | H114: =IF(AND($B114=$B25,$B114=$B53),$D25*H53,"error, yo") -> 0 | I114: =SUM(C114:H114) -> 39.6
A115: =MAX($A$5:A114)+1 -> 68 | B115: =B26 -> TS SHARE OF RES ENRGY/WHLG-COE | C115: =IF(AND($B115=$B26,$B115=$B54),$D26*C54,"error, yo") -> 0 | D115: =IF(AND($B115=$B26,$B115=$B54),$D26*D54,"error, yo") -> 245.697 | E115: =IF(AND($B115=$B26,$B115=$B54),$D26*E54,"error, yo") -> 0 | F115: =IF(AND($B115=$B26,$B115=$B54),$D26*F54,"error, yo") -> 0 | G115: =IF(AND($B115=$B26,$B115=$B54),$D26*G54,"error, yo") -> 0 | H115: =IF(AND($B115=$B26,$B115=$B54),$D26*H54,"error, yo") -> 0 | I115: =SUM(C115:H115) -> 245.697
A116: =MAX($A$5:A115)+1 -> 69 | B116: =B27 -> UFT FIXED DOLLAR AMOUNT | C116: =IF(AND($B116=$B27,$B116=$B55),$D27*C55,"error, yo") -> 0 | D116: =IF(AND($B116=$B27,$B116=$B55),$D27*D55,"error, yo") -> 1085.5535 | E116: =IF(AND($B116=$B27,$B116=$B55),$D27*E55,"error, yo") -> 1695.306 | F116: =IF(AND($B116=$B27,$B116=$B55),$D27*F55,"error, yo") -> 648.72843 | G116: =IF(AND($B116=$B27,$B116=$B55),$D27*G55,"error, yo") -> 0 | H116: =IF(AND($B116=$B27,$B116=$B55),$D27*H55,"error, yo") -> 0 | I116: =SUM(C116:H116) -> 3429.588
A117: =MAX($A$5:A116)+1 -> 70 | B117: =B28 -> UFT VARIABLE SERVICE AMT | C117: =IF(AND($B117=$B28,$B117=$B56),$D28*C56,"error, yo") -> 0 | D117: =IF(AND($B117=$B28,$B117=$B56),$D28*D56,"error, yo") -> 76.889212 | E117: =IF(AND($B117=$B28,$B117=$B56),$D28*E56,"error, yo") -> 120.07768 | F117: =IF(AND($B117=$B28,$B117=$B56),$D28*F56,"error, yo") -> 45.94911 | G117: =IF(AND($B117=$B28,$B117=$B56),$D28*G56,"error, yo") -> 0 | H117: =IF(AND($B117=$B28,$B117=$B56),$D28*H56,"error, yo") -> 0 | I117: =SUM(C117:H117) -> 242.916
A118: =MAX($A$5:A117)+1 -> 71 | B118: Subtotal FY 2026 Revenue | C118: =SUM(C95:C117) -> 293.11423 | D118: =SUM(D95:D117) -> 20426.03 | E118: =SUM(E95:E117) -> 9066.5875 | F118: =SUM(F95:F117) -> 844.16863 | G118: =SUM(G95:G117) -> 2042.167 | H118: =SUM(H95:H117) -> 2799.1722 | I118: =SUM(I95:I117) -> 35471.239
B120: (A) | C120: (B) | D120: (C) | E120: (D) | F120: (E) | G120: (G) | H120: (H) | I120: (I)
B121: FY 2027 Revenue | C121: Generation Integration | D121: Network | E121: Intertie | G121: Delivery | H121: Ancillary Services | I121: Total
E122: Southern | F122: Eastern | G122: Industrial
A123: =MAX($A$5:A122)+1 -> 72 | B123: =B6 -> 3RD AC RAS GENERATION DROPPING | C123: =IF(AND($B123=$B6,$B123=$B34),$E6*C34,"error, yo") -> 0 | D123: =IF(AND($B123=$B6,$B123=$B34),$E6*D34,"error, yo") -> 0 | E123: =IF(AND($B123=$B6,$B123=$B34),$E6*E34,"error, yo") -> 76.572 | F123: =IF(AND($B123=$B6,$B123=$B34),$E6*F34,"error, yo") -> 0 | G123: =IF(AND($B123=$B6,$B123=$B34),$E6*G34,"error, yo") -> 0 | H123: =IF(AND($B123=$B6,$B123=$B34),$E6*H34,"error, yo") -> 0 | I123: =SUM(C123:H123) -> 76.572
A124: =MAX($A$5:A123)+1 -> 73 | B124: =B7 -> AMORT NONFED PNW AC INTERTIE | C124: =IF(AND($B124=$B7,$B124=$B35),$E7*C35,"error, yo") -> 0 | D124: =IF(AND($B124=$B7,$B124=$B35),$E7*D35,"error, yo") -> 0 | E124: =IF(AND($B124=$B7,$B124=$B35),$E7*E35,"error, yo") -> 3493.3388 | F124: =IF(AND($B124=$B7,$B124=$B35),$E7*F35,"error, yo") -> 0 | G124: =IF(AND($B124=$B7,$B124=$B35),$E7*G35,"error, yo") -> 0 | H124: =IF(AND($B124=$B7,$B124=$B35),$E7*H35,"error, yo") -> 0 | I124: =SUM(C124:H124) -> 3493.3388
...

Sheet T-3
A1: Table 3
A2: Segmented Revenue Requirement Adjustments
A3: ($000/yr)
B4: (A) | C4: (B) | D4: (C) | E4: (D) | F4: (E) | G4: (G) | H4: (H)
C5: Generation Integration | D5: Network | E5: Intertie | G5: Delivery | H5: Ancillary Services
E6: Southern | F6: Eastern | G6: Industrial
A8: =MAX($A$4:A6)+1 -> 1 | B8: FY 2026
A9: =MAX($A$4:A8)+1 -> 2 | B9: Unadjusted Costs (Table 1) | C9: ='T-1'!D16 -> 23806.974 | D9: ='T-1'!E16 -> 1018533 | E9: ='T-1'!F16 -> 123653.54 | F9: ='T-1'!G16 -> 12691.692 | G9: ='T-1'!H16 -> 1258.7585 | H9: ='T-1'!I16 -> 358192
A10: =MAX($A$4:A9)+1 -> 3 | B10: Revenue Credits (Table 2) | C10: =-'T-2'!C118 -> -293.11423 | D10: =-'T-2'!D118 -> -20426.03 | E10: =-'T-2'!E118 -> -9066.5875 | F10: =-'T-2'!F118 -> -844.16863 | G10: =-'T-2'!G118 -> -2042.167 | H10: =-'T-2'!H118 -> -2799.1722
A11: =MAX($A$4:A10)+1 -> 4 | B11: Regional Compliance Enforcement | C11: 0 | D11: 0 | E11: 0 | F11: 0 | G11: 0 | H11: -3830.345
A12: =MAX($A$4:A11)+1 -> 5 | B12: Regional Coordinator | C12: 0 | D12: 0 | E12: 0 | F12: 0 | G12: 0 | H12: -1621.2534
A13: =MAX($A$4:A12)+1 -> 6 | B13: IM Tx Revenues | C13: 0 | D13: 0 | E13: 0 | F13: =-'T-10'!G43 -> -791.34 | G13: 0 | H13: 0
A14: =MAX($A$4:A13)+1 -> 7 | B14: TGT Revenues | C14: 0 | D14: 0 | E14: 0 | F14: =-'T-10'!G142 -> -11418 | G14: 0 | H14: 0
A15: =MAX($A$4:A14)+1 -> 8 | B15: Eastern Intertie Adjustment 1/ | C15: =-$F15*C61 -> -7.5112019 | D15: =-$F15*D61 -> -303.86972 | E15: =-$F15*E61 -> -37.664669 | F15: =-(F9+F10+F13+F14) -> 361.81656 | G15: =-$F15*G61 -> -0.30768233 | H15: =-$F15*H61 -> -12.463292
A16: =MAX($A$4:A15)+1 -> 9 | B16: Industry Delivery Adjustment 1/ | C16: =-$G16*C69 -> -16.283556 | D16: =-$G16*D69 -> -658.76003 | E16: =-$G16*E69 -> -81.653343 | F16: =-$G16*F69 -> 0 | G16: =-SUM(G9:G15) -> 783.71613 | H16: =-$G16*H69 -> -27.019206
A17: =MAX($A$4:A16)+1 -> 10 | B17: Total | C17: =SUM(C9:C16) -> 23490.065 | D17: =SUM(D9:D16) -> 997144.37 | E17: =SUM(E9:E16) -> 114467.64 | F17: =SUM(F9:F16) -> 0 | G17: =SUM(G9:G16) -> 0 | H17: =SUM(H9:H16) -> 349901.75
A19: =MAX($A$4:A18)+1 -> 11 | B19: FY 2027
A20: =MAX($A$4:A19)+1 -> 12 | B20: =B9 -> Unadjusted Costs (Table 1) | C20: ='T-1'!D26 -> 24896.618 | D20: ='T-1'!E26 -> 1114097.2 | E20: ='T-1'!F26 -> 129051.43 | F20: ='T-1'!G26 -> 13159.696 | G20: ='T-1'!H26 -> 1330.6137 | H20: ='T-1'!I26 -> 379922.97
A21: =MAX($A$4:A20)+1 -> 13 | B21: =B10 -> Revenue Credits (Table 2) | C21: =-'T-2'!C146 -> -281.58171 | D21: =-'T-2'!D146 -> -18380.825 | E21: =-'T-2'!E146 -> -9008.6919 | F21: =-'T-2'!F146 -> -838.28693 | G21: =-'T-2'!G146 -> -395.79619 | H21: =-'T-2'!H146 -> -2689.0393
A22: =MAX($A$4:A21)+1 -> 14 | B22: =B11 -> Regional Compliance Enforcement | C22: 0 | D22: 0 | E22: 0 | F22: 0 | G22: 0 | H22: -3830.345
A23: =MAX($A$4:A22)+1 -> 15 | B23: =B12 -> Regional Coordinator | C23: 0 | D23: 0 | E23: 0 | F23: 0 | G23: 0 | H23: -1621.2534
A24: =MAX($A$4:A23)+1 -> 16 | B24: =B13 -> IM Tx Revenues | C24: 0 | D24: 0 | E24: 0 | F24: =-'T-10'!H43 -> -1221.89 | G24: 0 | H24: 0
A25: =MAX($A$4:A24)+1 -> 17 | B25: =B14 -> TGT Revenues | C25: 0 | D25: 0 | E25: 0 | F25: =-'T-10'!H142 -> -11418 | G25: 0 | H25: 0
A26: =MAX($A$4:A25)+1 -> 18 | B26: =B15 -> Eastern Intertie Adjustment 1/ | C26: =-$F26*C63 -> -5.8818768 | D26: =-$F26*D63 -> -268.16535 | E26: =-$F26*E63 -> -29.523618 | F26: =-(F20+F21+F24+F25) -> 318.48044 | G26: =-$F26*G63 -> -0.24214205 | H26: =-$F26*H63 -> -14.66745
A27: =MAX($A$4:A26)+1 -> 19 | B27: =B16 -> Industry Delivery Adjustment 1/ | C27: =-$G27*C71 -> 17.273399 | D27: =-$G27*D71 -> 787.52534 | E27: =-$G27*E71 -> 86.702465 | F27: =-$G27*F71 -> 0 | G27: =-SUM(G20:G26) -> -934.57534 | H27: =-$G27*H71 -> 43.074127
A28: =MAX($A$4:A27)+1 -> 20 | B28: Total | C28: =SUM(C20:C27) -> 24626.428 | D28: =SUM(D20:D27) -> 1096235.7 | E28: =SUM(E20:E27) -> 120099.91 | F28: =SUM(F20:F27) -> 0 | G28: =SUM(G20:G27) -> 0 | H28: =SUM(H20:H27) -> 371810.74
A30: =MAX($A$4:A29)+1 -> 21 | B30: FY 2028
A31: =MAX($A$4:A30)+1 -> 22 | B31: =B9 -> Unadjusted Costs (Table 1) | C31: ='T-1'!D36 -> 26629.865 | D31: ='T-1'!E36 -> 1262025.7 | E31: ='T-1'!F36 -> 137750.29 | F31: ='T-1'!G36 -> 13954.377 | G31: ='T-1'!H36 -> 1422.889 | H31: ='T-1'!I36 -> 397160.47
A32: =MAX($A$4:A31)+1 -> 23 | B32: =B10 -> Revenue Credits (Table 2) | C32: =-'T-2'!C174 -> -279.59772 | D32: =-'T-2'!D174 -> -18289.811 | E32: =-'T-2'!E174 -> -8998.7319 | F32: =-'T-2'!F174 -> -837.27508 | G32: =-'T-2'!G174 -> -395.71451 | H32: =-'T-2'!H174 -> -2670.0927
A33: =MAX($A$4:A32)+1 -> 24 | B33: =B11 -> Regional Compliance Enforcement | C33: 0 | D33: 0 | E33: 0 | F33: 0 | G33: 0 | H33: -3830.345
A34: =MAX($A$4:A33)+1 -> 25 | B34: =B12 -> Regional Coordinator | C34: 0 | D34: 0 | E34: 0 | F34: 0 | G34: 0 | H34: -1621.2534
A35: =MAX($A$4:A34)+1 -> 26 | B35: =B13 -> IM Tx Revenues | C35: 0 | D35: 0 | E35: 0 | F35: =-'T-10'!I43 -> -12622.2 | G35: 0 | H35: 0
A36: =MAX($A$4:A35)+1 -> 27 | B36: =B14 -> TGT Revenues | C36: 0 | D36: 0 | E36: 0 | F36: =-'T-10'!I142 -> 0 | G36: 0 | H36: 0
A37: =MAX($A$4:A36)+1 -> 28 | B37: =B15 -> Eastern Intertie Adjustment 1/ | C37: =-$F37*C65 -> 8.0279293 | D37: =-$F37*D65 -> 417.89562 | E37: =-$F37*E65 -> 40.358423 | F37: =-(F31+F32+F35+F36) -> -494.90238 | G37: =-$F37*G65 -> 0.33228734 | H37: =-$F37*H65 -> 28.288117
A38: =MAX($A$4:A37)+1 -> 29 | B38: =B16 -> Industry Delivery Adjustment 1/ | C38: =-$G38*C73 -> 16.67863 | D38: =-$G38*D73 -> 868.20973 | E38: =-$G38*E73 -> 83.847672 | F38: =-$G38*F73 -> 0 | G38: =-SUM(G31:G37) -> -1027.5067 | H38: =-$G38*H73 -> 58.770701
A39: =MAX($A$4:A38)+1 -> 30 | B39: Total | C39: =SUM(C31:C38) -> 26374.974 | D39: =SUM(D31:D38) -> 1245022 | E39: =SUM(E31:E38) -> 128875.76 | F39: =SUM(F31:F38) -> 0 | G39: =SUM(G31:G38) -> 0 | H39: =SUM(H31:H38) -> 389125.84
A41: =MAX($A$4:A40)+1 -> 31 | B41: BP-26 Average
A42: =MAX($A$4:A41)+1 -> 32 | B42: =B9 -> Unadjusted Costs (Table 1) | C42: =AVERAGE(C9,C20,C31) -> 25111.152 | D42: =AVERAGE(D9,D20,D31) -> 1131552 | E42: =AVERAGE(E9,E20,E31) -> 130151.75 | F42: =AVERAGE(F9,F20,F31) -> 13268.589 | G42: =AVERAGE(G9,G20,G31) -> 1337.4204 | H42: =AVERAGE(H9,H20,H31) -> 378425.15
A43: =MAX($A$4:A42)+1 -> 33 | B43: =B10 -> Revenue Credits (Table 2) | C43: =AVERAGE(C10,C21,C32) -> -284.76455 | D43: =AVERAGE(D10,D21,D32) -> -19032.222 | E43: =AVERAGE(E10,E21,E32) -> -9024.6704 | F43: =AVERAGE(F10,F21,F32) -> -839.91021 | G43: =AVERAGE(G10,G21,G32) -> -944.55922 | H43: =AVERAGE(H10,H21,H32) -> -2719.4347
A44: =MAX($A$4:A43)+1 -> 34 | B44: =B11 -> Regional Compliance Enforcement | C44: =AVERAGE(C11,C22,C33) -> 0 | D44: =AVERAGE(D11,D22,D33) -> 0 | E44: =AVERAGE(E11,E22,E33) -> 0 | F44: =AVERAGE(F11,F22,F33) -> 0 | G44: =AVERAGE(G11,G22,G33) -> 0 | H44: =AVERAGE(H11,H22,H33) -> -3830.345
A45: =MAX($A$4:A44)+1 -> 35 | B45: =B12 -> Regional Coordinator | C45: =AVERAGE(C12,C23,C34) -> 0 | D45: =AVERAGE(D12,D23,D34) -> 0 | E45: =AVERAGE(E12,E23,E34) -> 0 | F45: =AVERAGE(F12,F23,F34) -> 0 | G45: =AVERAGE(G12,G23,G34) -> 0 | H45: =AVERAGE(H12,H23,H34) -> -1621.2534
A46: =MAX($A$4:A45)+1 -> 36 | B46: =B13 -> IM Tx Revenues | C46: =AVERAGE(C13,C24,C35) -> 0 | D46: =AVERAGE(D13,D24,D35) -> 0 | E46: =AVERAGE(E13,E24,E35) -> 0 | F46: =AVERAGE(F13,F24,F35) -> -4878.4767 | G46: =AVERAGE(G13,G24,G35) -> 0 | H46: =AVERAGE(H13,H24,H35) -> 0
A47: =MAX($A$4:A46)+1 -> 37 | B47: =B14 -> TGT Revenues | C47: =AVERAGE(C14,C25,C36) -> 0 | D47: =AVERAGE(D14,D25,D36) -> 0 | E47: =AVERAGE(E14,E25,E36) -> 0 | F47: =AVERAGE(F14,F25,F36) -> -7612 | G47: =AVERAGE(G14,G25,G36) -> 0 | H47: =AVERAGE(H14,H25,H36) -> 0
A48: =MAX($A$4:A47)+1 -> 38 | B48: =B15 -> Eastern Intertie Adjustment 1/ | C48: =AVERAGE(C15,C26,C37) -> -1.7883831 | D48: =AVERAGE(D15,D26,D37) -> -51.379816 | E48: =AVERAGE(E15,E26,E37) -> -8.943288 | F48: =AVERAGE(F15,F26,F37) -> 61.798208 | G48: =AVERAGE(G15,G26,G37) -> -0.072512346 | H48: =AVERAGE(H15,H26,H37) -> 0.38579185
A49: =MAX($A$4:A48)+1 -> 39 | B49: =B16 -> Industry Delivery Adjustment 1/ | C49: =AVERAGE(C16,C27,C38) -> 5.8894908 | D49: =AVERAGE(D16,D27,D38) -> 332.32501 | E49: =AVERAGE(E16,E27,E38) -> 29.632265 | F49: =AVERAGE(F16,F27,F38) -> 0 | G49: =AVERAGE(G16,G27,G38) -> -392.78864 | H49: =AVERAGE(H16,H27,H38) -> 24.941874
A50: =MAX($A$4:A49)+1 -> 40 | B50: Total | C50: =SUM(C42:C49) -> 24830.489 | D50: =SUM(D42:D49) -> 1112800.7 | E50: =SUM(E42:E49) -> 121147.77 | F50: =SUM(F42:F49) -> -6.0396133e-13 | G50: =SUM(G42:G49) -> 0 | H50: =SUM(H42:H49) -> 370279.44
A52: 1/ | B52: Eastern Intertie and Industry Delivery adjustments (cost - revenue) segmented on Table 1 net plant percentages.
C54: Gen Int | D54: Network | E54: Intertie S | F54: Intertie E | G54: Delivery Indus | H54: Ancillary | I54: Total
B55: FY 2026 Net Plant | C55: ='T-1'!D9 -> 150300.58 | D55: ='T-1'!E9 -> 6080490.8 | E55: ='T-1'!F9 -> 753677.18 | F55: ='T-1'!G9 -> 77859.794 | G55: ='T-1'!H9 -> 6156.782 | H55: ='T-1'!I9 -> 249392.84 | I55: =SUM(C55:H55) -> 7317878
B56: FY 2027 Net Plant | C56: ='T-1'!D19 -> 144702.96 | D56: ='T-1'!E19 -> 6597268.5 | E56: ='T-1'!F19 -> 726325.13 | F56: ='T-1'!G19 -> 73803.458 | G56: ='T-1'!H19 -> 5957.0563 | H56: ='T-1'!I19 -> 360841.19 | I56: =SUM(C56:H56) -> 7908898.3
B57: FY 2028 Net Plant | C57: ='T-1'!D29 -> 138371.9 | D57: ='T-1'!E29 -> 7202979.5 | E57: ='T-1'!F29 -> 695630.38 | F57: ='T-1'!G29 -> 69362.401 | G57: ='T-1'!H29 -> 5727.4085 | H57: ='T-1'!I29 -> 487582.83 | I57: =SUM(C57:H57) -> 8599654.4
B59: Eastern Intertie adjustment
B60: FY 2026 Net Plant less Intertie E | C60: =C55 -> 150300.58 | D60: =D55 -> 6080490.8 | E60: =E55 -> 753677.18 | G60: =G55 -> 6156.782 | H60: =H55 -> 249392.84 | I60: =SUM(C60:H60) -> 7240018.2
C61: =C60/$I60 -> 0.020759696 | D61: =D60/$I60 -> 0.83984469 | E61: =E60/$I60 -> 0.1040988 | F61: =F60/$I60 -> 0 | G61: =G60/$I60 -> 0.00085038211 | H61: =H60/$I60 -> 0.034446438 | I61: =SUM(C61:H61) -> 1 | J61: adjustment percentage
B62: FY 2027 Net Plant less Intertie E | C62: =C56 -> 144702.96 | D62: =D56 -> 6597268.5 | E62: =E56 -> 726325.13 | G62: =G56 -> 5957.0563 | H62: =H56 -> 360841.19 | I62: =SUM(C62:H62) -> 7835094.9
C63: =C62/$I62 -> 0.018468565 | D63: =D62/$I62 -> 0.84201514 | E63: =E62/$I62 -> 0.09270151 | F63: =F62/$I62 -> 0 | G63: =G62/$I62 -> 0.0007603043 | H63: =H62/$I62 -> 0.046054477 | I63: =SUM(C63:H63) -> 1 | J63: adjustment percentage
B64: FY 2028 Net Plant less Intertie E | C64: =C57 -> 138371.9 | D64: =D57 -> 7202979.5 | E64: =E57 -> 695630.38 | G64: =G57 -> 5727.4085 | H64: =H57 -> 487582.83 | I64: =SUM(C64:H64) -> 8530292
C65: =C64/$I64 -> 0.016221238 | D65: =D64/$I64 -> 0.84440011 | E65: =E64/$I64 -> 0.081548249 | F65: =F64/$I64 -> 0 | G65: =G64/$I64 -> 0.00067141997 | H65: =H64/$I64 -> 0.057158984 | I65: =SUM(C65:H65) -> 1 | J65: adjustment percentage
B67: Industry Delivery Adjustment
B68: FY 2026 Net Plant less Intertie E & Delivery Indus | C68: =C55 -> 150300.58 | D68: =D55 -> 6080490.8 | E68: =E55 -> 753677.18 | H68: =H55 -> 249392.84 | I68: =SUM(C68:H68) -> 7233861.4
C69: =C68/$I$68 -> 0.020777365 | D69: =D68/$I$68 -> 0.84055948 | E69: =E68/$I$68 -> 0.1041874 | F69: =F68/$I$68 -> 0 | G69: =G68/$I$68 -> 0 | H69: =H68/$I$68 -> 0.034475755 | I69: =SUM(C69:H69) -> 1 | J69: adjustment percentage
B70: FY 2027 Net Plant less Intertie E & Delivery Indus | C70: =C56 -> 144702.96 | D70: =D56 -> 6597268.5 | E70: =E56 -> 726325.13 | H70: =H56 -> 360841.19 | I70: =SUM(C70:H70) -> 7829137.8
C71: =C70/$I$70 -> 0.018482618 | D71: =D70/$I$70 -> 0.84265582 | E71: =E70/$I$70 -> 0.092772045 | F71: =F70/$I$70 -> 0 | G71: =G70/$I$70 -> 0 | H71: =H70/$I$70 -> 0.046089519 | I71: =SUM(C71:H71) -> 1 | J71: adjustment percentage
B72: FY 2028 Net Plant less Intertie E & Delivery Indus | C72: =C57 -> 138371.9 | D72: =D57 -> 7202979.5 | E72: =E57 -> 695630.38 | H72: =H57 -> 487582.83 | I72: =SUM(C72:H72) -> 8524564.6
C73: =C72/$I$72 -> 0.016232137 | D73: =D72/$I$72 -> 0.84496744 | E73: =E72/$I$72 -> 0.081603039 | F73: =F72/$I$72 -> 0 | G73: =G72/$I$72 -> 0 | H73: =H72/$I$72 -> 0.057197388 | I73: =SUM(C73:H73) -> 1 | J73: adjustment percentage

Sheet T-4
A1: Table 4
A2: Long-term Transmission Sales
B3: (A) | C3: (B) | D3: (C) | E3: (D) | F3: (E) | G3: (F) | H3: (G) | I3: (H) | J3: (I) | K3: (J) | L3: (K) | M3: (L) | N3: (M) | O3: (N) | P3: (O)
B4: Transmission Rate Schedule | C4: MWs | D4: Oct | E4: Nov | F4: Dec | G4: Jan | H4: Feb | I4: Mar | J4: Apr | K4: May | L4: Jun | M4: Jul | N4: Aug | O4: Sep | P4: Average
A5: =MAX($A$4:A4)+1 -> 1 | B5: Network
A6: =MAX($A$4:A5)+1 -> 2 | B6: FY 2026
A7: =MAX($A$4:A6)+1 -> 3 | B7: PTP | C7: m_cd | D7: 31160 | E7: 31198 | F7: 31453 | G7: 31428 | H7: 31628 | I7: 32238 | J7: 32232 | K7: 32252 | L7: 32455 | M7: 32334 | N7: 32334 | O7: 32334 | P7: =AVERAGE(D7:O7) -> 31920.5
A8: =MAX($A$4:A7)+1 -> 4 | B8: PTP SDD | C8: m_cd | D8: -302.01121 | E8: -302.01121 | F8: -302.01121 | G8: -302.01121 | H8: -302.01121 | I8: -302.01121 | J8: -302.01121 | K8: -302.01121 | L8: -302.01121 | M8: -302.01121 | N8: -302.01121 | O8: -302.01121 | P8: =AVERAGE(D8:O8) -> -302.01121
A9: =MAX($A$4:A8)+1 -> 5 | B9: Point to Point (PTP) with SDD | C9: m_cd | D9: =SUM(D7:D8) -> 30857.989 | E9: =SUM(E7:E8) -> 30895.989 | F9: =SUM(F7:F8) -> 31150.989 | G9: =SUM(G7:G8) -> 31125.989 | H9: =SUM(H7:H8) -> 31325.989 | I9: =SUM(I7:I8) -> 31935.989 | J9: =SUM(J7:J8) -> 31929.989 | K9: =SUM(K7:K8) -> 31949.989 | ... O9: =SUM(O7:O8) -> 32031.989 | P9: =AVERAGE(D9:O9) -> 31618.489
A10: =MAX($A$4:A9)+1 -> 6 | B10: Point to Point (PTP) without SDD | C10: m_cd | D10: =D7 -> 31160 | E10: =E7 -> 31198 | F10: =F7 -> 31453 | G10: =G7 -> 31428 | H10: =H7 -> 31628 | I10: =I7 -> 32238 | J10: =J7 -> 32232 | K10: =K7 -> 32252 | ... O10: =O7 -> 32334 | P10: =AVERAGE(D10:O10) -> 31920.5
A11: =MAX($A$4:A10)+1 -> 7 | B11: PTP to Which SCD Charges Do Not Apply | C11: m_cd | D11: 72 | E11: 72 | F11: 72 | G11: 72 | H11: 72 | I11: 72 | J11: 72 | K11: 72 | L11: 72 | M11: 72 | N11: 72 | O11: 72 | P11: =AVERAGE(D11:O11) -> 72
A12: =MAX($A$4:A11)+1 -> 8 | B12: NT SDD Expectation | C12: m_cp | D12: -107.57705 | E12: -112.44981 | F12: -115.04351 | G12: -120.84536 | H12: -112.70605 | I12: -125.94626 | J12: -62.049045 | K12: -32.625032 | L12: -73.897691 | M12: -72.308252 | N12: -109.11935 | O12: -107.91939 | P12: =AVERAGE(D12:O12) -> -96.040567
A13: =MAX($A$4:A12)+1 -> 9 | B13: NT Coincident with Transmission Peak (CP):
A14: =MAX($A$4:A13)+1 -> 10 | B14: Network Load Service | C14: m_cp | D14: 7990.5189 | E14: 9157.3305 | F14: 10420.85 | G14: 10522.973 | H14: 9859.4679 | I14: 9277.5948 | J14: 8352.4887 | K14: 7710.9633 | L14: 8680.288 | M14: 9192.5449 | N14: 8943.4188 | O14: 8072.7171 | P14: =AVERAGE(D14:O14) -> 9015.0964
A15: =MAX($A$4:A14)+1 -> 11 | B15: Network Transmission (NT) (Including SDD) | C15: m_cp | D15: =D14+D12 -> 7882.9419 | E15: =E14+E12 -> 9044.8807 | F15: =F14+F12 -> 10305.806 | G15: =G14+G12 -> 10402.128 | H15: =H14+H12 -> 9746.7618 | I15: =I14+I12 -> 9151.6485 | J15: =J14+J12 -> 8290.4397 | K15: =K14+K12 -> 7678.3383 | ... O15: =O14+O12 -> 7964.7977 | P15: =AVERAGE(D15:O15) -> 8919.0558
A16: =MAX($A$4:A15)+1 -> 12 | B16: Annual peak (Including SDD) | C16: a_cp | P16: =MAX(D15:O15) -> 10402.128
A17: =MAX($A$4:A16)+1 -> 13 | B17: NT Coincident with Customer Peak (NCP):
A18: =MAX($A$4:A17)+1 -> 14 | B18: Network Load Service | C18: m_ncp | D18: 9919.9014 | E18: 10895.722 | F18: 12218.578 | G18: 12213.983 | H18: 11798.561 | I18: 11063.167 | J18: 10456.865 | K18: 9435.8537 | L18: 9945.8473 | M18: 10301.216 | N18: 10337.077 | O18: 9264.8048 | P18: =AVERAGE(D18:O18) -> 10654.298
A19: =MAX($A$4:A18)+1 -> 15 | B19: Network Transmission (NT) (Including SDD) | C19: m_ncp | D19: =D18+D12 -> 9812.3243 | E19: =E18+E12 -> 10783.272 | F19: =F18+F12 -> 12103.535 | G19: =G18+G12 -> 12093.138 | H19: =H18+H12 -> 11685.855 | I19: =I18+I12 -> 10937.221 | J19: =J18+J12 -> 10394.816 | K19: =K18+K12 -> 9403.2287 | ... O19: =O18+O12 -> 9156.8855 | P19: =AVERAGE(D19:O19) -> 10558.257
A20: =MAX($A$4:A19)+1 -> 16 | B20: Annual peak (Including SDD) | C20: a_ncp | P20: =MAX(D19:O19) -> 12103.535
A21: =MAX($A$4:A20)+1 -> 17 | B21: Subtotal of FY 2026 | D21: =SUM(D9,D14) -> 38848.508 | E21: =SUM(E9,E14) -> 40053.319 | F21: =SUM(F9,F14) -> 41571.839 | G21: =SUM(G9,G14) -> 41648.962 | H21: =SUM(H9,H14) -> 41185.457 | I21: =SUM(I9,I14) -> 41213.584 | J21: =SUM(J9,J14) -> 40282.478 | K21: =SUM(K9,K14) -> 39660.952 | ... P21: =SUM(P9,P14) -> 40633.585
A22: =MAX($A$4:A21)+1 -> 18 | B22: FY 2027
A23: =MAX($A$4:A22)+1 -> 19 | B23: PTP | C23: m_cd | D23: 30716 | E23: 30716 | F23: 30716 | G23: 31103 | H23: 31103 | I23: 31103 | J23: 31103 | K23: 32303 | L23: 32303 | M23: 32303 | N23: 32803 | O23: 32799 | P23: =AVERAGE(D23:O23) -> 31589.25
A24: =MAX($A$4:A23)+1 -> 20 | B24: PTP SDD | C24: m_cd | D24: -302.01121 | E24: -302.01121 | F24: -302.01121 | G24: -302.01121 | H24: -302.01121 | I24: -302.01121 | J24: -302.01121 | K24: -302.01121 | L24: -302.01121 | M24: -302.01121 | N24: -302.01121 | O24: -302.01121 | P24: =AVERAGE(D24:O24) -> -302.01121
A25: =MAX($A$4:A24)+1 -> 21 | B25: Point to Point (PTP) with SDD | C25: m_cd | D25: =SUM(D23:D24) -> 30413.989 | E25: =SUM(E23:E24) -> 30413.989 | F25: =SUM(F23:F24) -> 30413.989 | G25: =SUM(G23:G24) -> 30800.989 | H25: =SUM(H23:H24) -> 30800.989 | I25: =SUM(I23:I24) -> 30800.989 | J25: =SUM(J23:J24) -> 30800.989 | K25: =SUM(K23:K24) -> 32000.989 | ... O25: =SUM(O23:O24) -> 32496.989 | P25: =AVERAGE(D25:O25) -> 31287.239
A26: =MAX($A$4:A25)+1 -> 22 | B26: Point to Point (PTP) without SDD | C26: m_cd | D26: =D23 -> 30716 | E26: =E23 -> 30716 | F26: =F23 -> 30716 | G26: =G23 -> 31103 | H26: =H23 -> 31103 | I26: =I23 -> 31103 | J26: =J23 -> 31103 | K26: =K23 -> 32303 | ... O26: =O23 -> 32799 | P26: =AVERAGE(D26:O26) -> 31589.25
A27: =MAX($A$4:A26)+1 -> 23 | B27: PTP to Which SCD Charges Do Not Apply | C27: m_cd | D27: 72 | E27: 72 | F27: 72 | G27: 72 | H27: 72 | I27: 72 | J27: 72 | K27: 72 | L27: 72 | M27: 72 | N27: 72 | O27: 72 | P27: =AVERAGE(D27:O27) -> 72
A28: =MAX($A$4:A27)+1 -> 24 | B28: NT SDD Expectation | C28: m_cp | D28: -107.57705 | E28: -112.44981 | F28: -115.04351 | G28: -120.84536 | H28: -112.70605 | I28: -125.94626 | J28: -62.049045 | K28: -32.625032 | L28: -73.897691 | M28: -72.308252 | N28: -109.11935 | O28: -107.91939 | P28: =AVERAGE(D28:O28) -> -96.040567
A29: =MAX($A$4:A28)+1 -> 25 | B29: NT Coincident with Transmission Peak (CP):
A30: =MAX($A$4:A29)+1 -> 26 | B30: Network Load Service | C30: m_cp | D30: 9343.1524 | E30: 10681.569 | F30: 12034.425 | G30: 12188.482 | H30: 11368.924 | I30: 10705.114 | J30: 9655.9558 | K30: 8872.6313 | L30: 9874.7631 | M30: 10471.943 | N30: 10208.223 | O30: 9229.275 | P30: =AVERAGE(D30:O30) -> 10386.205
A31: =MAX($A$4:A30)+1 -> 27 | B31: Network Transmission (NT) (Including SDD) | C31: m_cp | D31: =D30+D28 -> 9235.5753 | E31: =E30+E28 -> 10569.119 | F31: =F30+F28 -> 11919.382 | G31: =G30+G28 -> 12067.637 | H31: =H30+H28 -> 11256.218 | I31: =I30+I28 -> 10579.168 | J31: =J30+J28 -> 9593.9067 | K31: =K30+K28 -> 8840.0063 | ... O31: =O30+O28 -> 9121.3556 | P31: =AVERAGE(D31:O31) -> 10290.164
A32: =MAX($A$4:A31)+1 -> 28 | B32: Annual peak (Including SDD) | C32: a_cp | P32: =MAX(D31:O31) -> 12067.637
A33: =MAX($A$4:A32)+1 -> 29 | B33: NT Coincident with Customer Peak (NCP):
A34: =MAX($A$4:A33)+1 -> 30 | B34: Network Load Service | C34: m_ncp | D34: 11422.447 | E34: 12541.019 | F34: 13960.939 | G34: 13996.804 | H34: 13454.875 | I34: 12622.901 | J34: 11928.534 | K34: 10748.563 | L34: 11258.685 | M34: 11668.669 | N34: 11728.394 | O34: 10559.729 | P34: =AVERAGE(D34:O34) -> 12157.63
A35: =MAX($A$4:A34)+1 -> 31 | B35: Network Transmission (NT) (Including SDD) | C35: m_ncp | D35: =D34+D28 -> 11314.87 | E35: =E34+E28 -> 12428.569 | F35: =F34+F28 -> 13845.895 | G35: =G34+G28 -> 13875.958 | H35: =H34+H28 -> 13342.169 | I35: =I34+I28 -> 12496.955 | J35: =J34+J28 -> 11866.485 | K35: =K34+K28 -> 10715.938 | ... O35: =O34+O28 -> 10451.81 | P35: =AVERAGE(D35:O35) -> 12061.589
A36: =MAX($A$4:A35)+1 -> 32 | B36: Annual peak (Including SDD) | C36: a_ncp | P36: =MAX(D35:O35) -> 13875.958
A37: =MAX($A$4:A36)+1 -> 33 | B37: Subtotal of FY 2027 | D37: =SUM(,D25,D30) -> 39757.141 | E37: =SUM(,E25,E30) -> 41095.557 | F37: =SUM(,F25,F30) -> 42448.414 | G37: =SUM(,G25,G30) -> 42989.471 | H37: =SUM(,H25,H30) -> 42169.912 | I37: =SUM(,I25,I30) -> 41506.103 | J37: =SUM(,J25,J30) -> 40456.945 | K37: =SUM(,K25,K30) -> 40873.62 | ... P37: =SUM(,P25,P30) -> 41673.444
A38: =MAX($A$4:A37)+1 -> 34 | B38: FY 2028
A39: =MAX($A$4:A38)+1 -> 35 | B39: PTP | C39: m_cd | D39: 32796 | E39: 32796 | F39: 32745 | G39: 32739 | H39: 32739 | I39: 32739 | J39: 33725 | K39: 33800 | L39: 33850 | M39: 33850 | N39: 33850 | O39: 33850 | P39: =AVERAGE(D39:O39) -> 33289.917
A40: =MAX($A$4:A39)+1 -> 36 | B40: PTP SDD | C40: m_cd | D40: -302.01121 | E40: -302.01121 | F40: -302.01121 | G40: -302.01121 | H40: -302.01121 | I40: -302.01121 | J40: -302.01121 | K40: -302.01121 | L40: -302.01121 | M40: -302.01121 | N40: -302.01121 | O40: -302.01121 | P40: =AVERAGE(D40:O40) -> -302.01121
A41: =MAX($A$4:A40)+1 -> 37 | B41: Point to Point (PTP) with SDD | C41: m_cd | D41: =SUM(D39:D40) -> 32493.989 | E41: =SUM(E39:E40) -> 32493.989 | F41: =SUM(F39:F40) -> 32442.989 | G41: =SUM(G39:G40) -> 32436.989 | H41: =SUM(H39:H40) -> 32436.989 | I41: =SUM(I39:I40) -> 32436.989 | J41: =SUM(J39:J40) -> 33422.989 | K41: =SUM(K39:K40) -> 33497.989 | ... O41: =SUM(O39:O40) -> 33547.989 | P41: =AVERAGE(D41:O41) -> 32987.905
A42: =MAX($A$4:A41)+1 -> 38 | B42: Point to Point (PTP) without SDD | C42: m_cd | D42: =D39 -> 32796 | E42: =E39 -> 32796 | F42: =F39 -> 32745 | G42: =G39 -> 32739 | H42: =H39 -> 32739 | I42: =I39 -> 32739 | J42: =J39 -> 33725 | K42: =K39 -> 33800 | ... O42: =O39 -> 33850 | P42: =AVERAGE(D42:O42) -> 33289.917
A43: =MAX($A$4:A42)+1 -> 39 | B43: PTP to Which SCD Charges Do Not Apply | C43: m_cd | D43: 72 | E43: 72 | F43: 72 | G43: 72 | H43: 72 | I43: 72 | J43: 72 | K43: 72 | L43: 72 | M43: 72 | N43: 72 | O43: 72 | P43: =AVERAGE(D43:O43) -> 72
A44: =MAX($A$4:A43)+1 -> 40 | B44: NT SDD Expectation | C44: m_cp | D44: -107.57705 | E44: -112.44981 | F44: -115.04351 | G44: -120.84536 | H44: -112.70605 | I44: -125.94626 | J44: -62.049045 | K44: -32.625032 | L44: -73.897691 | M44: -72.308252 | N44: -109.11935 | O44: -107.91939 | P44: =AVERAGE(D44:O44) -> -96.040567
A45: =MAX($A$4:A44)+1 -> 41 | B45: NT Coincident with Transmission Peak (CP):
A46: =MAX($A$4:A45)+1 -> 42 | B46: Network Load Service | C46: m_cp | D46: 9851.9357 | E46: 11221.427 | F46: 12547.727 | G46: 12704.341 | H46: 11831.781 | I46: 11213.662 | J46: 10163.359 | K46: 9395.7587 | L46: 10414.052 | M46: 11022.528 | N46: 10705.985 | O46: 9777.2531 | P46: =AVERAGE(D46:O46) -> 10904.151
A47: =MAX($A$4:A46)+1 -> 43 | B47: Network Transmission (NT) (Including SDD) | C47: m_cp | D47: =D46+D44 -> 9744.3587 | E47: =E46+E44 -> 11108.977 | F47: =F46+F44 -> 12432.683 | G47: =G46+G44 -> 12583.496 | H47: =H46+H44 -> 11719.075 | I47: =I46+I44 -> 11087.716 | J47: =J46+J44 -> 10101.31 | K47: =K46+K44 -> 9363.1337 | ... O47: =O46+O44 -> 9669.3337 | P47: =AVERAGE(D47:O47) -> 10808.11
A48: =MAX($A$4:A47)+1 -> 44 | B48: Annual peak (Including SDD) | C48: a_cp | P48: =MAX(D47:O47) -> 12583.496
A49: =MAX($A$4:A48)+1 -> 45 | B49: NT Coincident with Customer Peak (NCP):
A50: =MAX($A$4:A49)+1 -> 46 | B50: Network Load Service | C50: m_ncp | D50: 12008.595 | E50: 13130.715 | F50: 14517.83 | G50: 14556.889 | H50: 13999.644 | I50: 13200.883 | J50: 12516.768 | K50: 11304.939 | L50: 11829.921 | M50: 12234.602 | N50: 12285.89 | O50: 11128.523 | P50: =AVERAGE(D50:O50) -> 12726.267
A51: =MAX($A$4:A50)+1 -> 47 | B51: Network Transmission (NT) (Including SDD) | C51: m_ncp | D51: =D50+D44 -> 11901.018 | E51: =E50+E44 -> 13018.265 | F51: =F50+F44 -> 14402.786 | G51: =G50+G44 -> 14436.044 | H51: =H50+H44 -> 13886.938 | I51: =I50+I44 -> 13074.937 | J51: =J50+J44 -> 12454.719 | K51: =K50+K44 -> 11272.314 | ... O51: =O50+O44 -> 11020.604 | P51: =AVERAGE(D51:O51) -> 12630.226
A52: =MAX($A$4:A51)+1 -> 48 | B52: Annual peak (Including SDD) | C52: a_ncp | P52: =MAX(D51:O51) -> 14436.044
A53: =MAX($A$4:A52)+1 -> 49 | B53: Subtotal of FY 2028 | D53: =SUM(D41,D46) -> 42345.925 | E53: =SUM(E41,E46) -> 43715.416 | F53: =SUM(F41,F46) -> 44990.715 | G53: =SUM(G41,G46) -> 45141.33 | H53: =SUM(H41,H46) -> 44268.77 | I53: =SUM(I41,I46) -> 43650.651 | J53: =SUM(J41,J46) -> 43586.348 | K53: =SUM(K41,K46) -> 42893.748 | ... P53: =SUM(P41,P46) -> 43892.056
A54: =MAX($A$4:A53)+1 -> 50 | B54: Network Average for Rate Period
A55: =MAX($A$4:A54)+1 -> 51 | B55: Point to Point (PTP) with SDD | C55: m_cd | D55: =AVERAGE(D9,D25,D41) -> 31255.322 | E55: =AVERAGE(E9,E25,E41) -> 31267.989 | F55: =AVERAGE(F9,F25,F41) -> 31335.989 | G55: =AVERAGE(G9,G25,G41) -> 31454.655 | H55: =AVERAGE(H9,H25,H41) -> 31521.322 | I55: =AVERAGE(I9,I25,I41) -> 31724.655 | J55: =AVERAGE(J9,J25,J41) -> 32051.322 | K55: =AVERAGE(K9,K25,K41) -> 32482.989 | ... P55: =AVERAGE(P9,P25,P41) -> 31964.544
A56: =MAX($A$4:A55)+1 -> 52 | B56: Point to Point (PTP) without SDD | C56: m_cd | D56: =AVERAGE(D10,D26,D42) -> 31557.333 | E56: =AVERAGE(E10,E26,E42) -> 31570 | F56: =AVERAGE(F10,F26,F42) -> 31638 | G56: =AVERAGE(G10,G26,G42) -> 31756.667 | H56: =AVERAGE(H10,H26,H42) -> 31823.333 | I56: =AVERAGE(I10,I26,I42) -> 32026.667 | J56: =AVERAGE(J10,J26,J42) -> 32353.333 | K56: =AVERAGE(K10,K26,K42) -> 32785 | ... P56: =AVERAGE(P10,P26,P42) -> 32266.556
A57: =MAX($A$4:A56)+1 -> 53 | B57: PTP to Which SCD Charges Do Not Apply | C57: m_cd | D57: =AVERAGE(D11,D27,D43) -> 72 | E57: =AVERAGE(E11,E27,E43) -> 72 | F57: =AVERAGE(F11,F27,F43) -> 72 | G57: =AVERAGE(G11,G27,G43) -> 72 | H57: =AVERAGE(H11,H27,H43) -> 72 | I57: =AVERAGE(I11,I27,I43) -> 72 | J57: =AVERAGE(J11,J27,J43) -> 72 | K57: =AVERAGE(K11,K27,K43) -> 72 | ... P57: =AVERAGE(P11,P27,P43) -> 72
A58: =MAX($A$4:A57)+1 -> 54 | B58: NT Coincident with Transmission Peak (CP):
A59: =MAX($A$4:A58)+1 -> 55 | B59: Network Load Service | C59: m_cp | D59: =AVERAGE(D14,D30,D46) -> 9061.869 | E59: =AVERAGE(E14,E30,E46) -> 10353.442 | F59: =AVERAGE(F14,F30,F46) -> 11667.667 | G59: =AVERAGE(G14,G30,G46) -> 11805.266 | H59: =AVERAGE(H14,H30,H46) -> 11020.058 | I59: =AVERAGE(I14,I30,I46) -> 10398.79 | J59: =AVERAGE(J14,J30,J46) -> 9390.6012 | K59: =AVERAGE(K14,K30,K46) -> 8659.7844 | ... P59: =AVERAGE(P14,P30,P46) -> 10101.817
A60: =MAX($A$4:A59)+1 -> 56 | B60: Network Transmission (NT) (Including SDD) | C60: m_cp | D60: =AVERAGE(D15,D31,D47) -> 8954.292 | E60: =AVERAGE(E15,E31,E47) -> 10240.992 | F60: =AVERAGE(F15,F31,F47) -> 11552.624 | G60: =AVERAGE(G15,G31,G47) -> 11684.42 | H60: =AVERAGE(H15,H31,H47) -> 10907.352 | I60: =AVERAGE(I15,I31,I47) -> 10272.844 | J60: =AVERAGE(J15,J31,J47) -> 9328.5522 | K60: =AVERAGE(K15,K31,K47) -> 8627.1594 | ... P60: =AVERAGE(P15,P31,P47) -> 10005.777
A61: =MAX($A$4:A60)+1 -> 57 | B61: Annual peak (Including SDD) | P61: =MAX(D60:O60) -> 11684.42
A62: =MAX($A$4:A61)+1 -> 58 | B62: NT Coincident with Customer Peak (NCP):
A63: =MAX($A$4:A62)+1 -> 59 | B63: Network Load Service | C63: m_ncp | D63: =AVERAGE(D18,D34,D50) -> 11116.981 | E63: =AVERAGE(E18,E34,E50) -> 12189.152 | F63: =AVERAGE(F18,F34,F50) -> 13565.782 | G63: =AVERAGE(G18,G34,G50) -> 13589.225 | H63: =AVERAGE(H18,H34,H50) -> 13084.36 | I63: =AVERAGE(I18,I34,I50) -> 12295.65 | J63: =AVERAGE(J18,J34,J50) -> 11634.056 | K63: =AVERAGE(K18,K34,K50) -> 10496.452 | ... P63: =AVERAGE(P18,P34,P50) -> 11846.065
A64: =MAX($A$4:A63)+1 -> 60 | B64: Network Transmission (NT) (Including SDD) | C64: m_ncp | D64: =AVERAGE(D19,D35,D51) -> 11009.404 | E64: =AVERAGE(E19,E35,E51) -> 12076.702 | F64: =AVERAGE(F19,F35,F51) -> 13450.739 | G64: =AVERAGE(G19,G35,G51) -> 13468.38 | H64: =AVERAGE(H19,H35,H51) -> 12971.654 | I64: =AVERAGE(I19,I35,I51) -> 12169.704 | J64: =AVERAGE(J19,J35,J51) -> 11572.007 | K64: =AVERAGE(K19,K35,K51) -> 10463.827 | ... P64: =AVERAGE(P19,P35,P51) -> 11750.024
A65: =MAX($A$4:A64)+1 -> 61 | B65: Annual peak (Including SDD) | C65: a_ncp | P65: =MAX(D64:O64) -> 13468.38
A66: =MAX($A$4:A65)+1 -> 62 | B66: Network Average for BP-26 | D66: =AVERAGE(D21,D37,D53) -> 40317.191 | E66: =AVERAGE(E21,E37,E53) -> 41621.431 | F66: =AVERAGE(F21,F37,F53) -> 43003.656 | G66: =AVERAGE(G21,G37,G53) -> 43259.921 | H66: =AVERAGE(H21,H37,H53) -> 42541.38 | I66: =AVERAGE(I21,I37,I53) -> 42123.446 | J66: =AVERAGE(J21,J37,J53) -> 41441.923 | K66: =AVERAGE(K21,K37,K53) -> 41142.773 | ... P66: =AVERAGE(P21,P37,P53) -> 42066.362
A67: =MAX($A$4:A66)+1 -> 63 | B67: Southern Intertie
A68: =MAX($A$4:A67)+1 -> 64 | B68: FY 2026 | C68: m_cd | D68: 7047 | E68: 7047 | F68: 7047 | G68: 7047 | H68: 7047 | I68: 7047 | J68: 7047 | K68: 7047 | L68: 7047 | M68: 7197 | N68: 7197 | O68: 7197 | P68: =AVERAGE(D68:O68) -> 7084.5
A69: =MAX($A$4:A68)+1 -> 65 | B69: FY 2027 | C69: m_cd | D69: 6997 | E69: 6997 | F69: 6997 | G69: 6916 | H69: 6916 | I69: 6916 | J69: 6916 | K69: 6916 | L69: 6916 | M69: 7002 | N69: 7002 | O69: 7002 | P69: =AVERAGE(D69:O69) -> 6957.75
A70: =MAX($A$4:A69)+1 -> 66 | B70: FY 2028 | C70: m_cd | D70: 6652 | E70: 6652 | F70: 6652 | G70: 6552 | H70: 6552 | I70: 6552 | J70: 6552 | K70: 7402 | L70: 7402 | M70: 7402 | N70: 7402 | O70: 7402 | P70: =AVERAGE(D70:O70) -> 6931.1667
A71: =MAX($A$4:A70)+1 -> 67 | B71: Southern Intertie Average for BP-26 | C71: m_cd | D71: =AVERAGE(D68:D70) -> 6898.6667 | E71: =AVERAGE(E68:E70) -> 6898.6667 | F71: =AVERAGE(F68:F70) -> 6898.6667 | G71: =AVERAGE(G68:G70) -> 6838.3333 | H71: =AVERAGE(H68:H70) -> 6838.3333 | I71: =AVERAGE(I68:I70) -> 6838.3333 | J71: =AVERAGE(J68:J70) -> 6838.3333 | K71: =AVERAGE(K68:K70) -> 7121.6667 | ... P71: =AVERAGE(P68:P70) -> 6991.1389
A72: =MAX($A$4:A71)+1 -> 68 | B72: Montana Intertie
A73: =MAX($A$4:A72)+1 -> 69 | B73: FY 2026 | C73: m_cd | D73: 121 | E73: 121 | F73: 121 | G73: 121 | H73: 121 | I73: 121 | J73: 121 | K73: 121 | L73: 121 | M73: 121 | N73: 121 | O73: 121 | P73: =AVERAGE(D73:O73) -> 121
A74: =MAX($A$4:A73)+1 -> 70 | B74: FY 2027 | C74: m_cd | D74: 121 | E74: 121 | F74: 200 | G74: 200 | H74: 200 | I74: 200 | J74: 200 | K74: 200 | L74: 200 | M74: 200 | N74: 200 | O74: 200 | P74: =AVERAGE(D74:O74) -> 186.83333
A75: =MAX($A$4:A74)+1 -> 71 | B75: FY 2028 | C75: m_cd | D75: 1930 | E75: 1930 | F75: 1930 | G75: 1930 | H75: 1930 | I75: 1930 | J75: 1930 | K75: 1930 | L75: 1930 | M75: 1930 | N75: 1930 | O75: 1930 | P75: =AVERAGE(D75:O75) -> 1930
A76: =MAX($A$4:A75)+1 -> 72 | B76: Montana Intertie Average for BP-26 | C76: m_cd | D76: =AVERAGE(D73:D75) -> 724 | E76: =AVERAGE(E73:E75) -> 724 | F76: =AVERAGE(F73:F75) -> 750.33333 | G76: =AVERAGE(G73:G75) -> 750.33333 | H76: =AVERAGE(H73:H75) -> 750.33333 | I76: =AVERAGE(I73:I75) -> 750.33333 | J76: =AVERAGE(J73:J75) -> 750.33333 | K76: =AVERAGE(K73:K75) -> 750.33333 | ... P76: =AVERAGE(P73:P75) -> 745.94444
B78: m_cd = Monthly Contract Demand; m_cp = Monthly Coincidental Peak; a_cp = Annual Coincidental Peak; m_ncp = Monthly Non-Coincidental Peak; a_ncp = Annual Non-Coincidental Peak

Sheet T-5
A1: Table 5
A2: Short-term Transmission Sales
B3: (A) | C3: (B) | D3: (C) | E3: (D) | F3: (E) | G3: (F) | H3: (G) | I3: (H) | J3: (I) | K3: (J) | L3: (K) | M3: (L) | N3: (M) | O3: (N) | P3: (O)
B4: Short-term Product | C4: Units | D4: Oct | E4: Nov | F4: Dec | G4: Jan | H4: Feb | I4: Mar | J4: Apr | K4: May | L4: Jun | M4: Jul | N4: Aug | O4: Sep | P4: Annual
A5: =MAX($A$4:A4)+1 -> 1 | B5: FY 2026 Days in Month | D5: 31 | E5: 30 | F5: 31 | G5: 31 | H5: 28 | I5: 31 | J5: 30 | K5: 31 | L5: 30 | M5: 31 | N5: 31 | O5: 30 | P5: =SUM(D5:O5) -> 365
A6: =MAX($A$4:A5)+1 -> 2 | B6: FY 2027 Days in Month | D6: 31 | E6: 30 | F6: 31 | G6: 31 | H6: 28 | I6: 31 | J6: 30 | K6: 31 | L6: 30 | M6: 31 | N6: 31 | O6: 30 | P6: =SUM(D6:O6) -> 365
A7: =MAX($A$4:A6)+1 -> 3 | B7: FY 2028 Days in Month | D7: 31 | E7: 30 | F7: 31 | G7: 31 | H7: 29 | I7: 31 | J7: 30 | K7: 31 | L7: 30 | M7: 31 | N7: 31 | O7: 30 | P7: =SUM(D7:O7) -> 366
A8: =MAX($A$4:A7)+1 -> 4 | B8: Network (PTP only short-term)
A9: =MAX($A$4:A8)+1 -> 5 | B9: FY 2026 | C9: 1/
A10: =MAX($A$4:A9)+1 -> 6 | B10: Monthly/Weekly/Daily Block1 | C10: MW-days | D10: =D13*D$5 -> 5.0958897 | E10: =E13*E$5 -> 0 | F10: =F13*F$5 -> 2879.1777 | G10: =G13*G$5 -> 3511.068 | H10: =H13*H$5 -> 5408.2184 | I10: =I13*I$5 -> 12739.724 | J10: =J13*J$5 -> 18463.559 | K10: =K13*K$5 -> 17407.559 | ... O10: =O13*O$5 -> 0 | P10: =SUM(D10:O10) -> 105963.27
A11: =MAX($A$4:A10)+1 -> 7 | B11: Monthly/Weekly/Daily Block2 | C11: MW-days | D11: =D14*D$5 -> 0 | E11: =E14*E$5 -> 0 | F11: =F14*F$5 -> 8286.0711 | G11: =G14*G$5 -> 9552.6345 | H11: =H14*H$5 -> 11251.559 | I11: =I14*I$5 -> 26969.152 | J11: =J14*J$5 -> 29288.97 | K11: =K14*K$5 -> 56196.755 | ... O11: =O14*O$5 -> 13541.841 | P11: =SUM(D11:O11) -> 263685.72
A12: =MAX($A$4:A11)+1 -> 8 | B12: Hourly | C12: MWh | D12: =D15*D$5*24 -> 225107.9 | E12: =E15*E$5*24 -> 241730.63 | F12: =F15*F$5*24 -> 125945.95 | G12: =G15*G$5*24 -> 140304.13 | H12: =H15*H$5*24 -> 138060.1 | I12: =I15*I$5*24 -> 204390.05 | J12: =J15*J$5*24 -> 346617.86 | K12: =K15*K$5*24 -> 168849.27 | ... O12: =O15*O$5*24 -> 42584.548 | P12: =SUM(D12:O12) -> 2235626.4
A13: =MAX($A$4:A12)+1 -> 9 | B13: Monthly/Weekly/Daily Block1 | C13: m_cd | D13: 0.16438354 | E13: 0 | F13: 92.876699 | G13: 113.26026 | H13: 193.15066 | I13: 410.95884 | J13: 615.45197 | K13: 561.53417 | L13: 721.80812 | M13: 729.69852 | N13: 41.095884 | O13: 0 | P13: =AVERAGE(D13:O13) -> 289.99996
A14: =MAX($A$4:A13)+1 -> 10 | B14: Monthly/Weekly/Daily Block2 | C14: m_cd | D14: 0 | E14: 0 | F14: 267.29262 | G14: 308.1495 | H14: 401.84139 | I14: 869.97265 | J14: 976.299 | K14: 1812.7985 | L14: 1907.639 | M14: 969.89973 | N14: 687.18323 | O14: 451.39471 | P14: =AVERAGE(D14:O14) -> 721.0392
A15: =MAX($A$4:A14)+1 -> 11 | B15: Hourly | C15: m_cd | D15: 302.56438 | E15: 335.73699 | F15: 169.28219 | G15: 188.58082 | H15: 205.44658 | I15: 274.71781 | J15: 481.4137 | K15: 226.94795 | L15: 377.29315 | M15: 400.3726 | N15: 43.693151 | O15: 59.145205 | P15: =AVERAGE(D15:O15) -> 255.43288
A16: =MAX($A$4:A15)+1 -> 12 | B16: Subtotal of FY 2026 | C16: m_cd | D16: =SUM(D13:D15) -> 302.72877 | E16: =SUM(E13:E15) -> 335.73699 | F16: =SUM(F13:F15) -> 529.45151 | G16: =SUM(G13:G15) -> 609.99058 | H16: =SUM(H13:H15) -> 800.43862 | I16: =SUM(I13:I15) -> 1555.6493 | J16: =SUM(J13:J15) -> 2073.1647 | K16: =SUM(K13:K15) -> 2601.2807 | ... P16: =SUM(P13:P15) -> 1266.472
A17: =MAX($A$4:A16)+1 -> 13 | B17: FY 2027 | C17: 1/
A18: =MAX($A$4:A17)+1 -> 14 | B18: Monthly/Weekly/Daily Block1 | C18: MW-days | D18: =D21*D$6 -> 5.0958897 | E18: =E21*E$6 -> 0 | F18: =F21*F$6 -> 3093.205 | G18: =G21*G$6 -> 4142.9583 | H18: =H21*H$6 -> 5514.0814 | I18: =I21*I$6 -> 12755.012 | J18: =J21*J$6 -> 18616.436 | K18: =K21*K$6 -> 17494.189 | ... O18: =O21*O$6 -> 0 | P18: =SUM(D18:O18) -> 107471.49
A19: =MAX($A$4:A18)+1 -> 15 | B19: Monthly/Weekly/Daily Block2 | C19: MW-days | D19: =D22*D$6 -> 0 | E19: =E22*E$6 -> 0 | F19: =F22*F$6 -> 8850.6837 | G19: =G22*G$6 -> 11378.724 | H19: =H22*H$6 -> 11600.729 | I19: =I22*I$6 -> 26979.325 | J19: =J22*J$6 -> 29594.166 | K19: =K22*K$6 -> 56461.258 | ... O19: =O22*O$6 -> 14521.422 | P19: =SUM(D19:O19) -> 269808.35
A20: =MAX($A$4:A19)+1 -> 16 | B20: Hourly | C20: MWh | D20: =D23*D$6*24 -> 227235.95 | E20: =E23*E$6*24 -> 259626.08 | F20: =F23*F$6*24 -> 134580.43 | G20: =G23*G$6*24 -> 168115.46 | H20: =H23*H$6*24 -> 144003.16 | I20: =I23*I$6*24 -> 204561.27 | J20: =J23*J$6*24 -> 349529.42 | K20: =K23*K$6*24 -> 167283.81 | ... O20: =O23*O$6*24 -> 45590.795 | P20: =SUM(D20:O20) -> 2307222.4
A21: =MAX($A$4:A20)+1 -> 17 | B21: Monthly/Weekly/Daily Block1 | C21: m_cd | D21: 0.16438354 | E21: 0 | F21: 99.780808 | G21: 133.64382 | H21: 196.93148 | I21: 411.452 | J21: 620.54786 | K21: 564.32869 | L21: 731.01359 | M21: 728.38346 | N21: 43.23287 | O21: 0 | P21: =AVERAGE(D21:O21) -> 294.12325
A22: =MAX($A$4:A21)+1 -> 18 | B22: Monthly/Weekly/Daily Block2 | C22: m_cd | D22: 0 | E22: 0 | F22: 285.50593 | G22: 367.05561 | H22: 414.31176 | I22: 870.30082 | J22: 986.4722 | K22: 1821.3309 | L22: 1930.7748 | M22: 968.0948 | N22: 725.41477 | O22: 484.0474 | P22: =AVERAGE(D22:O22) -> 737.77575
A23: =MAX($A$4:A22)+1 -> 19 | B23: Hourly | C23: m_cd | D23: 305.42466 | E23: 360.59178 | F23: 180.88767 | G23: 225.96164 | H23: 214.29041 | I23: 274.94795 | J23: 485.45753 | K23: 224.84384 | L23: 381.86301 | M23: 399.8137 | N23: 46.093151 | O23: 63.320548 | P23: =AVERAGE(D23:O23) -> 263.62466
A24: =MAX($A$4:A23)+1 -> 20 | B24: Subtotal of FY 2027 | C24: m_cd | D24: =SUM(D21:D23) -> 305.58904 | E24: =SUM(E21:E23) -> 360.59178 | F24: =SUM(F21:F23) -> 566.1744 | G24: =SUM(G21:G23) -> 726.66107 | H24: =SUM(H21:H23) -> 825.53365 | I24: =SUM(I21:I23) -> 1556.7008 | J24: =SUM(J21:J23) -> 2092.4776 | K24: =SUM(K21:K23) -> 2610.5034 | ... P24: =SUM(P21:P23) -> 1295.5237
A25: =MAX($A$4:A24)+1 -> 21 | B25: FY 2028 | C25: 1/
A26: =MAX($A$4:A25)+1 -> 22 | B26: Monthly/Weekly/Daily Block1 | C26: MW-days | D26: =D29*D$7 -> 5.0958897 | E26: =E29*E$7 -> 0 | F26: =F29*F$7 -> 2904.6571 | G26: =G29*G$7 -> 3531.4515 | H26: =H29*H$7 -> 5663.3416 | I26: =I29*I$7 -> 12846.738 | J26: =J29*J$7 -> 18611.504 | K26: =K29*K$7 -> 17545.148 | ... O26: =O29*O$7 -> 0 | P26: =SUM(D26:O26) -> 107022.89
A27: =MAX($A$4:A26)+1 -> 23 | B27: Monthly/Weekly/Daily Block2 | C27: MW-days | D27: =D30*D$7 -> 0 | E27: =E30*E$7 -> 0 | F27: =F30*F$7 -> 8347.1103 | G27: =G30*G$7 -> 9628.9335 | H27: =H30*H$7 -> 11748.569 | I27: =I30*I$7 -> 27187.876 | J27: =J30*J$7 -> 29520.328 | K27: =K30*K$7 -> 56654.549 | ... O27: =O30*O$7 -> 13655.059 | P27: =SUM(D27:O27) -> 266226.24
A28: =MAX($A$4:A27)+1 -> 24 | B28: Hourly | C28: MWh | D28: =D31*D$7*24 -> 226917.96 | E28: =E31*E$7*24 -> 243695.34 | F28: =F31*F$7*24 -> 126948.82 | G28: =G31*G$7*24 -> 141453.76 | H28: =H31*H$7*24 -> 144157.81 | I28: =I31*I$7*24 -> 206028.89 | J28: =J31*J$7*24 -> 349411.07 | K28: =K31*K$7*24 -> 170219.05 | ... O28: =O31*O$7*24 -> 42892.274 | P28: =SUM(D28:O28) -> 2258604.9
A29: =MAX($A$4:A28)+1 -> 25 | B29: Monthly/Weekly/Daily Block1 | C29: m_cd | D29: 0.16438354 | E29: 0 | F29: 93.698617 | G29: 113.91779 | H29: 195.28764 | I29: 414.4109 | J29: 620.38347 | K29: 565.97252 | L29: 727.72592 | M29: 735.45195 | N29: 41.424652 | O29: 0 | P29: =AVERAGE(D29:O29) -> 292.36982
A30: =MAX($A$4:A29)+1 -> 26 | B30: Monthly/Weekly/Daily Block2 | C30: m_cd | D30: 0 | E30: 0 | F30: 269.26162 | G30: 310.61076 | H30: 405.12306 | I30: 877.02826 | J30: 984.01094 | K30: 1827.5661 | L30: 1922.8988 | M30: 977.77575 | N30: 693.09025 | O30: 455.16864 | P30: =AVERAGE(D30:O30) -> 726.87785
A31: =MAX($A$4:A30)+1 -> 27 | B31: Hourly | C31: m_cd | D31: 304.99726 | E31: 338.46575 | F31: 170.63014 | G31: 190.12603 | H31: 207.12329 | I31: 276.92055 | J31: 485.29315 | K31: 228.78904 | L31: 380.31781 | M31: 403.66027 | N31: 43.989041 | O31: 59.572603 | P31: =AVERAGE(D31:O31) -> 257.49041
A32: =MAX($A$4:A31)+1 -> 28 | B32: Subtotal of FY 2028 | C32: m_cd | D32: =SUM(D29:D31) -> 305.16164 | E32: =SUM(E29:E31) -> 338.46575 | F32: =SUM(F29:F31) -> 533.59038 | G32: =SUM(G29:G31) -> 614.65458 | H32: =SUM(H29:H31) -> 807.53399 | I32: =SUM(I29:I31) -> 1568.3597 | J32: =SUM(J29:J31) -> 2089.6876 | K32: =SUM(K29:K31) -> 2622.3277 | ... P32: =SUM(P29:P31) -> 1276.7381
A33: =MAX($A$4:A32)+1 -> 29 | B33: BP-26 Average
A34: =MAX($A$4:A33)+1 -> 30 | B34: Monthly/Weekly/Daily Block1 | C34: m_cd | D34: =AVERAGE(D13,D21,D29) -> 0.16438354 | E34: =AVERAGE(E13,E21,E29) -> 0 | F34: =AVERAGE(F13,F21,F29) -> 95.452041 | G34: =AVERAGE(G13,G21,G29) -> 120.27396 | H34: =AVERAGE(H13,H21,H29) -> 195.12326 | I34: =AVERAGE(I13,I21,I29) -> 412.27391 | J34: =AVERAGE(J13,J21,J29) -> 618.79443 | K34: =AVERAGE(K13,K21,K29) -> 563.94512 | ... O34: =AVERAGE(O13,O21,O29) -> 0 | P34: =AVERAGE(D34:O34) -> 292.16434
A35: =MAX($A$4:A34)+1 -> 31 | B35: Monthly/Weekly/Daily Block2 | C35: m_cd | D35: =AVERAGE(D14,D22,D30) -> 0 | E35: =AVERAGE(E14,E22,E30) -> 0 | F35: =AVERAGE(F14,F22,F30) -> 274.02005 | G35: =AVERAGE(G14,G22,G30) -> 328.60529 | H35: =AVERAGE(H14,H22,H30) -> 407.09207 | I35: =AVERAGE(I14,I22,I30) -> 872.43391 | J35: =AVERAGE(J14,J22,J30) -> 982.26071 | K35: =AVERAGE(K14,K22,K30) -> 1820.5652 | ... O35: =AVERAGE(O14,O22,O30) -> 463.53692 | P35: =AVERAGE(D35:O35) -> 728.56427
A36: =MAX($A$4:A35)+1 -> 32 | B36: Hourly | C36: m_cd | D36: =AVERAGE(D15,D23,D31) -> 304.32877 | E36: =AVERAGE(E15,E23,E31) -> 344.93151 | F36: =AVERAGE(F15,F23,F31) -> 173.6 | G36: =AVERAGE(G15,G23,G31) -> 201.55616 | H36: =AVERAGE(H15,H23,H31) -> 208.95342 | I36: =AVERAGE(I15,I23,I31) -> 275.52877 | J36: =AVERAGE(J15,J23,J31) -> 484.05479 | K36: =AVERAGE(K15,K23,K31) -> 226.86027 | ... O36: =AVERAGE(O15,O23,O31) -> 60.679452 | P36: =AVERAGE(D36:O36) -> 258.84932
A37: =MAX($A$4:A36)+1 -> 33 | B37: Subtotal for BP-26 | C37: m_cd | D37: =SUM(D34:D36) -> 304.49315 | E37: =SUM(E34:E36) -> 344.93151 | F37: =SUM(F34:F36) -> 543.0721 | G37: =SUM(G34:G36) -> 650.43541 | H37: =SUM(H34:H36) -> 811.16875 | I37: =SUM(I34:I36) -> 1560.2366 | J37: =SUM(J34:J36) -> 2085.1099 | K37: =SUM(K34:K36) -> 2611.3706 | ... P37: =SUM(P34:P36) -> 1279.5779
A38: =MAX($A$4:A37)+1 -> 34 | B38: Southern Intertie
A39: =MAX($A$4:A38)+1 -> 35 | B39: FY 2026 | C39: 1/
A40: =MAX($A$4:A39)+1 -> 36 | B40: Monthly/Weekly/Daily Block1 | C40: MW-days | D40: =D43*D$5 -> 1564.4384 | E40: =E43*E$5 -> 2268.4932 | F40: =F43*F$5 -> 117.20548 | G40: =G43*G$5 -> 76.438356 | H40: =H43*H$5 -> 18.410959 | I40: =I43*I$5 -> 163.06849 | J40: =J43*J$5 -> 93.69863 | K40: =K43*K$5 -> 101.91781 | ... O40: =O43*O$5 -> 103.56164 | P40: =SUM(D40:O40) -> 5090.9589
A41: =MAX($A$4:A40)+1 -> 37 | B41: Monthly/Weekly/Daily Block2 | C41: MW-days | D41: =D44*D$5 -> 586.02722 | E41: =E44*E$5 -> 882.73946 | F41: =F44*F$5 -> 86.630111 | G41: =G44*G$5 -> 188.54789 | H41: =H44*H$5 -> 294.57526 | I41: =I44*I$5 -> 285.36978 | J41: =J44*J$5 -> 266.30129 | K41: =K44*K$5 -> 315.94511 | ... O41: =O44*O$5 -> 739.72581 | P41: =SUM(D41:O41) -> 4863.7794
A42: =MAX($A$4:A41)+1 -> 38 | B42: Hourly | C42: MWh | D42: =D45*D$5*24 -> 51244.274 | E42: =E45*E$5*24 -> 75747.945 | F42: =F45*F$5*24 -> 71644.142 | G42: =G45*G$5*24 -> 98403.682 | H42: =H45*H$5*24 -> 111769.25 | I42: =I45*I$5*24 -> 80278.619 | J42: =J45*J$5*24 -> 124226.63 | K42: =K45*K$5*24 -> 130984.77 | ... O42: =O45*O$5*24 -> 278468.38 | P42: =SUM(D42:O42) -> 1856141.1
A43: =MAX($A$4:A42)+1 -> 39 | B43: Monthly/Weekly/Daily Block1 | C43: m_cd | D43: 50.465753 | E43: 75.616438 | F43: 3.7808219 | G43: 2.4657534 | H43: 0.65753425 | I43: 5.260274 | J43: 3.1232877 | K43: 3.2876712 | L43: 7.3972603 | M43: 8.8767123 | N43: 2.7945205 | O43: 3.4520548 | P43: =AVERAGE(D43:O43) -> 13.931507
A44: =MAX($A$4:A43)+1 -> 40 | B44: Monthly/Weekly/Daily Block2 | C44: m_cd | D44: 18.904104 | E44: 29.424649 | F44: 2.7945197 | G44: 6.08219 | H44: 10.520545 | I44: 9.2054767 | J44: 8.8767097 | K44: 10.191778 | L44: 10.191778 | M44: 15.287667 | N44: 14.136982 | O44: 24.657527 | P44: =AVERAGE(D44:O44) -> 13.35616
A45: =MAX($A$4:A44)+1 -> 41 | B45: Hourly | C45: m_cd | D45: 68.876712 | E45: 105.20548 | F45: 96.29589 | G45: 132.26301 | H45: 166.32329 | I45: 107.90137 | J45: 172.53699 | K45: 176.05479 | L45: 234.93699 | M45: 446.92603 | N45: 445.8411 | O45: 386.76164 | P45: =AVERAGE(D45:O45) -> 211.66027
A46: =MAX($A$4:A45)+1 -> 42 | B46: Subtotal of FY 2026 | C46: m_cd | D46: =SUM(D43:D45) -> 138.24657 | E46: =SUM(E43:E45) -> 210.24657 | F46: =SUM(F43:F45) -> 102.87123 | G46: =SUM(G43:G45) -> 140.81096 | H46: =SUM(H43:H45) -> 177.50137 | I46: =SUM(I43:I45) -> 122.36712 | J46: =SUM(J43:J45) -> 184.53698 | K46: =SUM(K43:K45) -> 189.53424 | ... P46: =SUM(P43:P45) -> 238.94794
A47: =MAX($A$4:A46)+1 -> 43 | B47: FY 2027 | C47: 1/
A48: =MAX($A$4:A47)+1 -> 44 | B48: Monthly/Weekly/Daily Block1 | C48: MW-days | D48: =D51*D$6 -> 1014.0822 | E48: =E51*E$6 -> 2963.8356 | F48: =F51*F$6 -> 122.30137 | G48: =G51*G$6 -> 76.438356 | H48: =H51*H$6 -> 18.410959 | I48: =I51*I$6 -> 168.16438 | J48: =J51*J$6 -> 93.69863 | K48: =K51*K$6 -> 107.0137 | ... O48: =O51*O$6 -> 98.630137 | P48: =SUM(D48:O48) -> 5312.2192
A49: =MAX($A$4:A48)+1 -> 45 | B49: Monthly/Weekly/Daily Block2 | C49: MW-days | D49: =D52*D$6 -> 387.28756 | E49: =E52*E$6 -> 1163.8353 | F49: =F52*F$6 -> 96.821889 | G49: =G52*G$6 -> 203.83556 | H49: =H52*H$6 -> 308.38347 | I49: =I52*I$6 -> 300.65745 | J49: =J52*J$6 -> 276.1643 | K49: =K52*K$6 -> 331.23278 | ... O49: =O52*O$6 -> 660.82172 | P49: =SUM(D49:O49) -> 5073.8615
A50: =MAX($A$4:A49)+1 -> 46 | B50: Hourly | C50: MWh | D50: =D53*D$6*24 -> 33265.973 | E50: =E53*E$6*24 -> 99111.452 | F50: =F53*F$6*24 -> 75068.581 | G50: =G53*G$6*24 -> 103026.67 | H50: =H53*H$6*24 -> 117093.7 | I50: =I53*I$6*24 -> 84118.882 | J50: =J53*J$6*24 -> 130097.1 | K50: =K53*K$6*24 -> 137197.68 | ... O50: =O53*O$6*24 -> 256690.85 | P50: =SUM(D50:O50) -> 1954215.7
A51: =MAX($A$4:A50)+1 -> 47 | B51: Monthly/Weekly/Daily Block1 | C51: m_cd | D51: 32.712329 | E51: 98.794521 | F51: 3.9452055 | G51: 2.4657534 | H51: 0.65753425 | I51: 5.4246575 | J51: 3.1232877 | K51: 3.4520548 | L51: 7.7260274 | M51: 10.684932 | N51: 2.7945205 | O51: 3.2876712 | P51: =AVERAGE(D51:O51) -> 14.589041
A52: =MAX($A$4:A51)+1 -> 48 | B52: Monthly/Weekly/Daily Block2 | C52: m_cd | D52: 12.493147 | E52: 38.794509 | F52: 3.1232867 | G52: 6.5753405 | H52: 11.013695 | I52: 9.6986273 | J52: 9.2054767 | K52: 10.684928 | L52: 10.684928 | M52: 18.24657 | N52: 14.794516 | O52: 22.027391 | P52: =AVERAGE(D52:O52) -> 13.945201
A53: =MAX($A$4:A52)+1 -> 49 | B53: Hourly | C53: m_cd | D53: 44.712329 | E53: 137.65479 | F53: 100.89863 | G53: 138.47671 | H53: 174.24658 | I53: 113.06301 | J53: 180.69041 | K53: 184.40548 | L53: 246.11507 | M53: 529.4137 | N53: 467.0137 | O53: 356.51507 | P53: =AVERAGE(D53:O53) -> 222.76712
A54: =MAX($A$4:A53)+1 -> 50 | B54: Subtotal of FY 2027 | C54: m_cd | D54: =SUM(D51:D53) -> 89.917805 | E54: =SUM(E51:E53) -> 275.24382 | F54: =SUM(F51:F53) -> 107.96712 | G54: =SUM(G51:G53) -> 147.51781 | H54: =SUM(H51:H53) -> 185.9178 | I54: =SUM(I51:I53) -> 128.1863 | J54: =SUM(J51:J53) -> 193.01918 | K54: =SUM(K51:K53) -> 198.54246 | ... P54: =SUM(P51:P53) -> 251.30137
A55: =MAX($A$4:A54)+1 -> 51 | B55: FY 2028 | C55: 1/
A56: =MAX($A$4:A55)+1 -> 52 | B56: Monthly/Weekly/Daily Block1 | C56: MW-days | D56: =D59*D$7 -> 1681.6438 | E56: =E59*E$7 -> 2431.2329 | F56: =F59*F$7 -> 122.30137 | G56: =G59*G$7 -> 76.438356 | H56: =H59*H$7 -> 19.068493 | I56: =I59*I$7 -> 168.16438 | J56: =J59*J$7 -> 98.630137 | K56: =K59*K$7 -> 107.0137 | ... O56: =O59*O$7 -> 108.49315 | P56: =SUM(D56:O56) -> 5431.8904
A57: =MAX($A$4:A56)+1 -> 53 | B57: Monthly/Weekly/Daily Block2 | C57: MW-days | D57: =D60*D$7 -> 631.89022 | E57: =E60*E$7 -> 951.78054 | F57: =F60*F$7 -> 96.821889 | G57: =G60*G$7 -> 203.83556 | H57: =H60*H$7 -> 328.93141 | I57: =I60*I$7 -> 310.84922 | J57: =J60*J$7 -> 286.02731 | K57: =K60*K$7 -> 331.23278 | ... O57: =O60*O$7 -> 784.10936 | P57: =SUM(D57:O57) -> 5224.2724
A58: =MAX($A$4:A57)+1 -> 54 | B58: Hourly | C58: MWh | D58: =D61*D$7*24 -> 54962.236 | E58: =E61*E$7*24 -> 81216 | F58: =F61*F$7*24 -> 76854.181 | G58: =G61*G$7*24 -> 105448.24 | H58: =H61*H$7*24 -> 124135.89 | I58: =I61*I$7*24 -> 86100.164 | J58: =J61*J$7*24 -> 133150.68 | K58: =K61*K$7*24 -> 140426.43 | ... O58: =O61*O$7*24 -> 298612.6 | P58: =SUM(D58:O58) -> 1994460
A59: =MAX($A$4:A58)+1 -> 55 | B59: Monthly/Weekly/Daily Block1 | C59: m_cd | D59: 54.246575 | E59: 81.041096 | F59: 3.9452055 | G59: 2.4657534 | H59: 0.65753425 | I59: 5.4246575 | J59: 3.2876712 | K59: 3.4520548 | L59: 7.890411 | M59: 9.5342466 | N59: 2.7945205 | O59: 3.6164384 | P59: =AVERAGE(D59:O59) -> 14.863014
A60: =MAX($A$4:A59)+1 -> 56 | B60: Monthly/Weekly/Daily Block2 | C60: m_cd | D60: 20.383556 | E60: 31.726018 | F60: 3.1232867 | G60: 6.5753405 | H60: 11.342462 | I60: 10.027394 | J60: 9.5342438 | K60: 10.684928 | L60: 10.849312 | M60: 16.438351 | N60: 14.9589 | O60: 26.136979 | P60: =AVERAGE(D60:O60) -> 14.315064
A61: =MAX($A$4:A60)+1 -> 57 | B61: Hourly | C61: m_cd | D61: 73.873973 | E61: 112.8 | F61: 103.29863 | G61: 141.73151 | H61: 178.35616 | I61: 115.72603 | J61: 184.93151 | K61: 188.74521 | L61: 251.93425 | M61: 479.21096 | N61: 477.99452 | O61: 414.73973 | P61: =AVERAGE(D61:O61) -> 226.94521
A62: =MAX($A$4:A61)+1 -> 58 | B62: Subtotal of FY 2028 | C62: m_cd | D62: =SUM(D59:D61) -> 148.5041 | E62: =SUM(E59:E61) -> 225.56711 | F62: =SUM(F59:F61) -> 110.36712 | G62: =SUM(G59:G61) -> 150.7726 | H62: =SUM(H59:H61) -> 190.35616 | I62: =SUM(I59:I61) -> 131.17808 | J62: =SUM(J59:J61) -> 197.75342 | K62: =SUM(K59:K61) -> 202.88219 | ... P62: =SUM(P59:P61) -> 256.12328
A63: =MAX($A$4:A62)+1 -> 59 | B63: BP-26 Average
A64: =MAX($A$4:A63)+1 -> 60 | B64: Monthly/Weekly/Daily Block1 | C64: m_cd | D64: =AVERAGE(D43,D51,D59) -> 45.808219 | E64: =AVERAGE(E43,E51,E59) -> 85.150685 | F64: =AVERAGE(F43,F51,F59) -> 3.890411 | G64: =AVERAGE(G43,G51,G59) -> 2.4657534 | H64: =AVERAGE(H43,H51,H59) -> 0.65753425 | I64: =AVERAGE(I43,I51,I59) -> 5.369863 | J64: =AVERAGE(J43,J51,J59) -> 3.1780822 | K64: =AVERAGE(K43,K51,K59) -> 3.3972603 | ... O64: =AVERAGE(O43,O51,O59) -> 3.4520548 | P64: =AVERAGE(D64:O64) -> 14.461187
A65: =MAX($A$4:A64)+1 -> 61 | B65: Monthly/Weekly/Daily Block2 | C65: m_cd | D65: =AVERAGE(D44,D52,D60) -> 17.260269 | E65: =AVERAGE(E44,E52,E60) -> 33.315059 | F65: =AVERAGE(F44,F52,F60) -> 3.0136977 | G65: =AVERAGE(G44,G52,G60) -> 6.410957 | H65: =AVERAGE(H44,H52,H60) -> 10.958901 | I65: =AVERAGE(I44,I52,I60) -> 9.6438328 | J65: =AVERAGE(J44,J52,J60) -> 9.2054767 | K65: =AVERAGE(K44,K52,K60) -> 10.520545 | ... O65: =AVERAGE(O44,O52,O60) -> 24.273965 | P65: =AVERAGE(D65:O65) -> 13.872142
A66: =MAX($A$4:A65)+1 -> 62 | B66: Hourly | C66: m_cd | D66: =AVERAGE(D45,D53,D61) -> 62.487671 | E66: =AVERAGE(E45,E53,E61) -> 118.55342 | F66: =AVERAGE(F45,F53,F61) -> 100.16438 | G66: =AVERAGE(G45,G53,G61) -> 137.49041 | H66: =AVERAGE(H45,H53,H61) -> 172.97534 | I66: =AVERAGE(I45,I53,I61) -> 112.23014 | J66: =AVERAGE(J45,J53,J61) -> 179.3863 | K66: =AVERAGE(K45,K53,K61) -> 183.06849 | ... O66: =AVERAGE(O45,O53,O61) -> 386.00548 | P66: =AVERAGE(D66:O66) -> 220.45753
A67: =MAX($A$4:A66)+1 -> 63 | B67: Subtotal for BP-26 | C67: m_cd | D67: =SUM(D64:D66) -> 125.55616 | E67: =SUM(E64:E66) -> 237.01917 | F67: =SUM(F64:F66) -> 107.06849 | G67: =SUM(G64:G66) -> 146.36712 | H67: =SUM(H64:H66) -> 184.59178 | I67: =SUM(I64:I66) -> 127.24383 | J67: =SUM(J64:J66) -> 191.76986 | K67: =SUM(K64:K66) -> 196.9863 | ... P67: =SUM(P64:P66) -> 248.79086
B69: 1/ Values based on market and streamflow estimates combined with historical trends
B70: m_cd = Monthly Contract Demand (average), i.e. MW-days divided by days in month, MWh divided by hours in month

Sheet T-6
A1: Table 6
A2: Calculation of PTP and NT Rates
B3: (A) | C3: (B) | D3: (C) | E3: (D) | F3: (E) | G3: (F)
B4: =A1 -> Table 6 | C4: Source | D4: Costs | E4: Sales | F4: Percentage | G4: Rates
A5: =MAX($A$4:A4)+1 -> 1 | B5: Network costs | D5: $000/Yr | E5: aMW
A6: =MAX($A$4:A5)+1 -> 2 | B6: Segmented Network costs | C6: ="Table 3, Line "&TEXT('T-3'!A50,"0")&" "&'T-3'!D4 -> Table 3, Line 40 (C) | D6: ='T-3'!D50 -> 1112800.7
A7: =MAX($A$4:A6)+1 -> 3 | B7: Network sales (PTP and NT)
A8: =MAX($A$4:A7)+1 -> 4 | B8: Point to Point (PTP) without SDD | C8: ="Table 4, Line "&TEXT('T-4'!A56,"0")&" "&'T-4'!$P$3 -> Table 4, Line 52 (O) | E8: ='T-4'!P56 -> 32266.556
A9: =MAX($A$4:A8)+1 -> 5 | B9: Point to Point (PTP) with SDD | C9: ="Table 4, Line "&TEXT('T-4'!A55,"0")&" "&'T-4'!$P$3 -> Table 4, Line 51 (O) | E9: ='T-4'!P55 -> 31964.544
A10: =MAX($A$4:A9)+1 -> 6 | B10: Network Integration without SDD (12 CP Average Peak) | C10: ="Table 4, Line "&TEXT('T-4'!A59,"0")&" "&'T-4'!$P$3 -> Table 4, Line 55 (O) | E10: ='T-4'!P59 -> 10101.817
A11: =MAX($A$4:A10)+1 -> 7 | B11: Network Integration with SDD (12 CP Average Peak) | C11: ="Table 4, Line "&TEXT('T-4'!A60,"0")&" "&'T-4'!$P$3 -> Table 4, Line 56 (O) | E11: ='T-4'!P60 -> 10005.777
A12: =MAX($A$4:A11)+1 -> 8 | B12: Annual peak (1 CP) | C12: ="Table 4, Line "&TEXT('T-4'!A61,"0")&" "&'T-4'!$P$3 -> Table 4, Line 57 (O) | E12: ='T-4'!P61 -> 11684.42
A13: =MAX($A$4:A12)+1 -> 9 | B13: Network Integration without SDD (12 NCP Average Peak) | C13: ="Table 4, Line "&TEXT('T-4'!A63,"0")&" "&'T-4'!$P$3 -> Table 4, Line 59 (O) | E13: ='T-4'!P63 -> 11846.065
A14: =MAX($A$4:A13)+1 -> 10 | B14: Network Integration with SDD (12 NCP Average Peak) | C14: ="Table 4, Line "&TEXT('T-4'!A64,"0")&" "&'T-4'!$P$3 -> Table 4, Line 60 (O) | E14: ='T-4'!P64 -> 11750.024
A15: =MAX($A$4:A14)+1 -> 11 | B15: Annual Noncoincidental Peak (1 NCP) | C15: ="Table 4, Line "&TEXT('T-4'!A65,"0")&" "&'T-4'!$P$3 -> Table 4, Line 61 (O) | E15: ='T-4'!P65 -> 13468.38
A16: =MAX($A$4:A15)+1 -> 12 | B16: Daily Block1 (day 1 through 5) | C16: ="Table 5, Line "&TEXT('T-5'!A34,"0")&" "&'T-5'!$P$3 -> Table 5, Line 30 (O) | E16: ='T-5'!P34 -> 292.16434
A17: =MAX($A$4:A16)+1 -> 13 | B17: Daily Block2 (day 6 and beyond) | C17: ="Table 5, Line "&TEXT('T-5'!A35,"0")&" "&'T-5'!$P$3 -> Table 5, Line 31 (O) | E17: ='T-5'!P35 -> 728.56427
A18: =MAX($A$4:A17)+1 -> 14 | B18: Hourly | C18: ="Table 5, Line "&TEXT('T-5'!A36,"0")&" "&'T-5'!$P$3 -> Table 5, Line 32 (O) | E18: ='T-5'!P36 -> 258.84932
A19: =MAX($A$4:A18)+1 -> 15 | B19: Sales used for cost allocation
A20: =MAX($A$4:A19)+1 -> 16 | B20: NT Load (12 NCP Average Peak) (with SDD) | C20: ="Line "&TEXT(A14,"0") -> Line 10 | E20: =E14 -> 11750.024
A21: =MAX($A$4:A20)+1 -> 17 | B21: PTP Contracts (with SDD) | C21: ="Line "&TEXT(A9,"0") -> Line 5 | E21: =E9 -> 31964.544
A22: =MAX($A$4:A21)+1 -> 18 | B22: Daily Block1 (day 1 through 5) | C22: ="Line "&TEXT(A16,"0")&" x (7/5)" -> Line 12 x (7/5) | E22: =E16*7/5 -> 409.03008
A23: =MAX($A$4:A22)+1 -> 19 | B23: Daily Block2 (day 6 and beyond) | C23: ="Line "&TEXT(A17,"0") -> Line 13 | E23: =E17 -> 728.56427
A24: =MAX($A$4:A23)+1 -> 20 | B24: Hourly | C24: ="Line "&TEXT(A18,"0")&" x (7/5) x (24/16)" -> Line 14 x (7/5) x (24/16) | E24: =E18*7/5*24/16 -> 543.58356
A25: =MAX($A$4:A24)+1 -> 21 | B25: Total cost allocation sales -- Reserved capacity contracts | C25: ="Sum of Line "&TEXT(A20,"0")&" through Line "&TEXT(A24,"0") -> Sum of Line 16 through Line 20 | E25: =SUM(E20:E24) -> 45395.747
A26: =MAX($A$4:A25)+1 -> 22 | B26: Sales allocation percentages:
A27: =MAX($A$4:A26)+1 -> 23 | B27: PTP Contract Demand | C27: ="Sum of Line "&TEXT(A21,"0")&" through Line "&TEXT(A24,"0") -> Sum of Line 17 through Line 20 | E27: =(E21+E22+E23+E24) -> 33645.722
A28: =MAX($A$4:A27)+1 -> 24 | B28: Total Cost Allocation Sales | C28: ="Line "&TEXT(A25,"0") -> Line 21 | E28: =$E$25 -> 45395.747
A29: =MAX($A$4:A28)+1 -> 25 | B29: PTP Percentage | C29: ="Line "&TEXT(A27,"0")&" / Line "&TEXT(A28,"0") -> Line 23 / Line 24 | F29: =E27/E28 -> 0.74116464
A30: =MAX($A$4:A29)+1 -> 26 | B30: NT Load (12 NCP Average Peak) (with SDD) | C30: ="Line "&TEXT(A20,"0") -> Line 16 | E30: =+E20 -> 11750.024
A31: =MAX($A$4:A30)+1 -> 27 | B31: Total Cost Allocation Sales | C31: ="Line "&TEXT(A25,"0") -> Line 21 | E31: =$E$25 -> 45395.747
A32: =MAX($A$4:A31)+1 -> 28 | B32: NT Percentage | C32: ="Line "&TEXT(A30,"0")&" / Line "&TEXT(A31,"0") -> Line 26 / Line 27 | F32: =E30/E31 -> 0.25883536
A33: =MAX($A$4:A32)+1 -> 29 | B33: Application of Revenue Requirements to Products:
A34: =MAX($A$4:A33)+1 -> 30 | B34: PTP Rate Calculations:
A35: =MAX($A$4:A34)+1 -> 31 | B35: Total segment costs | C35: ="Line "&TEXT(A6,"0") -> Line 2 | D35: =D6 -> 1112800.7
A36: =MAX($A$4:A35)+1 -> 32 | B36: PTP Cost Allocation Percentage | C36: ="Line "&TEXT(A29,"0") -> Line 25 | F36: =F29 -> 0.74116464
A37: =MAX($A$4:A36)+1 -> 33 | B37: Allocated PTP Costs | C37: ="Line "&TEXT(A35,"0")&" x Line "&TEXT(A36,"0") -> Line 31 x Line 32 | D37: =D35*F36 -> 824768.53
A38: =MAX($A$4:A37)+1 -> 34 | B38: PTP Billing Factor (PTP Contract Demand) | C38: ="Line "&TEXT(A27,"0") -> Line 23 | E38: =E27 -> 33645.722
A39: =MAX($A$4:A38)+1 -> 35 | B39: PTP Annual Rate ($/kW-yr) | C39: ="Line "&TEXT(A37,"0")&" / Line "&TEXT(A38,"0") -> Line 33 / Line 34 | G39: =D37/E38 -> 24.513325 | H39: =_xlfn.FORMULATEXT(G39) -> =D37/E38
A40: =MAX($A$4:A39)+1 -> 36 | B40: Monthly ($/kW-mo) | C40: ="Line "&TEXT(A39,"0")&" / 12" -> Line 35 / 12 | G40: =ROUND(G39/12,3) -> 2.043 | H40: =_xlfn.FORMULATEXT(G40) -> =ROUND(G39/12,3)
A41: =MAX($A$4:A40)+1 -> 37 | B41: Daily Block1 ($/kW-day) | C41: ="Line "&TEXT(A39,"0")&" / 365 x (7/5)" -> Line 35 / 365 x (7/5) | G41: =ROUND((G39/365)*(7/5),3) -> 0.094 | H41: =_xlfn.FORMULATEXT(G41) -> =ROUND((G39/365)*(7/5),3)
A42: =MAX($A$4:A41)+1 -> 38 | B42: Daily Block2 ($/kW-day) | C42: ="Line "&TEXT(A39,"0")&" / 365" -> Line 35 / 365 | G42: =ROUND(G39/365,3) -> 0.067 | H42: =_xlfn.FORMULATEXT(G42) -> =ROUND(G39/365,3)
A43: =MAX($A$4:A42)+1 -> 39 | B43: Hourly (mills/kWh) | C43: ="Line "&TEXT(A39,"0")&" / 8.76 x (7/5) x (24/16)" -> Line 35 / 8.76 x (7/5) x (24/16) | G43: =ROUND((G39/8.76)*(7/5)*(24/16),2) -> 5.88 | H43: =_xlfn.FORMULATEXT(G43) -> =ROUND((G39/8.76)*(7/5)*(24/16),2)
A44: =MAX($A$4:A43)+1 -> 40 | B44: NT Rate Calculation:
A45: =MAX($A$4:A44)+1 -> 41 | B45: Total segment costs | C45: ="Line "&TEXT(A6,"0") -> Line 2 | D45: =D6 -> 1112800.7
A46: =MAX($A$4:A45)+1 -> 42 | B46: NT Cost Allocation Percentage | C46: ="Line "&TEXT(A32,"0") -> Line 28 | F46: =F32 -> 0.25883536
A47: =MAX($A$4:A46)+1 -> 43 | B47: Allocated NT costs | C47: ="Line "&TEXT(A45,"0")&" x Line "&TEXT(A46,"0") -> Line 41 x Line 42 | D47: =D45*F46 -> 288032.16
A48: =MAX($A$4:A47)+1 -> 44 | B48: NT Billing Factor (12 CP Average Peak) | C48: ="Line "&TEXT(A11,"0") -> Line 7 | E48: =E11 -> 10005.777
A49: =MAX($A$4:A48)+1 -> 45 | B49: NT Annual Rate ($/kW-yr) | C49: ="Line "&TEXT(A47,"0")&" / Line "&TEXT(A48,"0") -> Line 43 / Line 44 | G49: =D47/E48 -> 28.786587 | H49: =_xlfn.FORMULATEXT(G49) -> =D47/E48
A50: =MAX($A$4:A49)+1 -> 46 | B50: Monthly ($/kW-mo) | C50: ="Line "&TEXT(A49,"0")&" / 12" -> Line 45 / 12 | G50: =ROUND(G49/12,3) -> 2.399 | H50: =_xlfn.FORMULATEXT(G50) -> =ROUND(G49/12,3)
A51: =MAX($A$4:A50)+1 -> 47 | B51: Short Distance Discount Forecast:
A52: =MAX($A$4:A51)+1 -> 48 | B52: NT reduction (credit) from SDD | C52: ="(Line "&TEXT(A10,"0")&" - Line "&TEXT(A11,"0")&") x Line "&TEXT(A49,"0")&"" -> (Line 6 - Line 7) x Line 45 | D52: =(E10-E11)*G49 -> 2764.6802
A53: =MAX($A$4:A52)+1 -> 49 | B53: PTP reduction (credit) from SDD | C53: ="(Line "&TEXT(A8,"0")&" - Line "&TEXT(A9,"0")&") x Line "&TEXT(A39,"0")&"" -> (Line 4 - Line 5) x Line 35 | D53: =(E8-E9)*G39 -> 7403.2991
A54: =MAX($A$4:A53)+1 -> 50 | B54: Total SDD Credit | C54: ="Line "&TEXT(A52,"0")&" + Line "&TEXT(A53,"0") -> Line 48 + Line 49 | D54: =D52+D53 -> 10167.979

Sheet T-7
A1: Table 7
A2: Calculation of Intertie Rates
B3: (A) | C3: (B) | D3: (C) | E3: (D) | F3: (E)
B4: FY 2026/2027/2028 | C4: Source | D4: Costs | E4: Sales | F4: Rates
A5: =MAX($A$4:A4)+1 -> 1 | B5: Intertie Costs | D5: $000/Yr | E5: aMW
A6: =MAX($A$4:A5)+1 -> 2 | B6: Segmented Southern Intertie Costs | C6: ="Table 3, Line "&TEXT('T-3'!A50,"0")&" "&'T-3'!E4 -> Table 3, Line 40 (D) | D6: ='T-3'!E50 -> 121147.77
A7: =MAX($A$4:A6)+1 -> 3 | B7: Southern Intertie Sales
A8: =MAX($A$4:A7)+1 -> 4 | B8: Long-term Agreements | C8: ="Table 4, Line "&TEXT('T-4'!A71,"0")&" "&'T-4'!P3 -> Table 4, Line 67 (O) | E8: ='T-4'!P71 -> 6991.1389
A9: =MAX($A$4:A8)+1 -> 5 | B9: Short-term Daily Block1 | C9: ="Table 5, Line "&TEXT('T-5'!A64,"0")&" "&'T-5'!P3 -> Table 5, Line 60 (O) | E9: ='T-5'!P64 -> 14.461187
A10: =MAX($A$4:A9)+1 -> 6 | B10: Short-term Daily Block2 | C10: ="Table 5, Line "&TEXT('T-5'!A65,"0")&" "&'T-5'!P3 -> Table 5, Line 61 (O) | E10: ='T-5'!P65 -> 13.872142
A11: =MAX($A$4:A10)+1 -> 7 | B11: Hourly | C11: ="Table 5, Line "&TEXT('T-5'!A66,"0")&" "&'T-5'!P3 -> Table 5, Line 62 (O) | E11: ='T-5'!P66 -> 220.45753
A12: =MAX($A$4:A11)+1 -> 8 | B12: Sales used for cost allocation
A13: =MAX($A$4:A12)+1 -> 9 | B13: Long-term Agreements | C13: ="Line "&TEXT(A8,"0") -> Line 4 | E13: =E8 -> 6991.1389
A14: =MAX($A$4:A13)+1 -> 10 | B14: Daily Block1 (day 1 through 5) | C14: ="Line "&TEXT(A9,"0")&" x (7/5)" -> Line 5 x (7/5) | E14: =E9*7/5 -> 20.245662
A15: =MAX($A$4:A14)+1 -> 11 | B15: Daily Block2 (day 6 and beyond) | C15: ="Line "&TEXT(A10,"0") -> Line 6 | E15: =E10 -> 13.872142
A16: =MAX($A$4:A15)+1 -> 12 | B16: Hourly | C16: ="Line "&TEXT(A11,"0")&" x (7/5) x (24/5)" -> Line 7 x (7/5) x (24/5) | E16: =E11*7/5*24/5 -> 1481.4746
A17: =MAX($A$4:A16)+1 -> 13 | B17: Total cost allocation sales | C17: ="Sum of Line "&TEXT(A13,"0")&" through Line "&TEXT(A16,"0") -> Sum of Line 9 through Line 12 | E17: =SUM(E13:E16) -> 8506.7313
A18: =MAX($A$4:A17)+1 -> 14 | B18: IS rate calculation
A19: =MAX($A$4:A18)+1 -> 15 | B19: Annual ($/kW-yr) | C19: ="Line "&TEXT(A6,"0")&" / Line "&TEXT(A17,"0") -> Line 2 / Line 13 | F19: =D6/E17 -> 14.241401 | G19: =_xlfn.FORMULATEXT(F19) -> =D6/E17
A20: =MAX($A$4:A19)+1 -> 16 | B20: Monthly ($/kW-mo) | C20: ="Line "&TEXT(A19,"0")&" / (12)" -> Line 15 / (12) | F20: =ROUND(F19/12,3) -> 1.187 | G20: =_xlfn.FORMULATEXT(F20) -> =ROUND(F19/12,3)
A21: =MAX($A$4:A20)+1 -> 17 | B21: Daily Block1 ($/kW-day) | C21: ="Line "&TEXT(A19,"0")&" / 365 x (7/5)" -> Line 15 / 365 x (7/5) | F21: =ROUND(F19/365*7/5,3) -> 0.055 | G21: =_xlfn.FORMULATEXT(F21) -> =ROUND(F19/365*7/5,3)
A22: =MAX($A$4:A21)+1 -> 18 | B22: Daily Block2 ($/kW-day) | C22: ="Line "&TEXT(A19,"0")&" / 365" -> Line 15 / 365 | F22: =ROUND(F19/365,3) -> 0.039 | G22: =_xlfn.FORMULATEXT(F22) -> =ROUND(F19/365,3)
A23: =MAX($A$4:A22)+1 -> 19 | B23: Hourly (mills/kWh) | C23: ="Line "&TEXT(A19,"0")&" / 8.76 x (7/5) x (24/5)" -> Line 15 / 8.76 x (7/5) x (24/5) | F23: =ROUND(F19/8.76*7/5*24/5,2) -> 10.92 | G23: =_xlfn.FORMULATEXT(F23) -> =ROUND(F19/8.76*7/5*24/5,2)
A24: =MAX($A$4:A23)+1 -> 20 | B24: TGT Rate Calculation
A25: =MAX($A$4:A24)+1 -> 21 | B25: Eastern Intertie Costs | C25: Montana Intertie Agreement | D25: =12535.613 -> 12535.613
A26: =MAX($A$4:A25)+1 -> 22 | B26: IM Sales | C26: ="Table 4, Line "&TEXT('T-4'!A76,"0")&" "&'T-4'!P3 -> Table 4, Line 72 (O) | E26: ='T-4'!P76 -> 745.94444
A27: =MAX($A$4:A26)+1 -> 23 | B27: TGT Sales | C27: Montana Intertie Agreement | E27: =1730*(2/3) -> 1153.3333
A28: =MAX($A$4:A27)+1 -> 24 | B28: Total Sales | C28: ="Line "&TEXT(A26,"0")&" + Line "&TEXT(A27,"0") -> Line 22 + Line 23 | E28: =SUM(E26:E27) -> 1899.2778
A29: =MAX($A$4:A28)+1 -> 25 | B29: BPA Annual Share of Costs | C29: ="Line "&TEXT(A25,"0")&" x (Line "&TEXT(A26,"0")&" / Line "&TEXT(A28,"0")&")" -> Line 21 x (Line 22 / Line 24) | D29: =D25*E26/E28 -> 4923.3824
A30: =MAX($A$4:A29)+1 -> 26 | B30: Annual ($/kW-yr) | C30: ="Line "&TEXT(A29,"0")&" / Line "&TEXT(A26,"0") -> Line 25 / Line 22 | F30: =D29/E26 -> 6.6001999 | G30: =_xlfn.FORMULATEXT(F30) -> =D29/E26
A31: =MAX($A$4:A30)+1 -> 27 | B31: Monthly ($/kW-mo) | C31: ="Line "&TEXT(A30,"0")&" / 12" -> Line 26 / 12 | F31: =ROUND(F30/12,3) -> 0.55 | G31: =_xlfn.FORMULATEXT(F31) -> =ROUND(F30/12,3)
A32: =MAX($A$4:A31)+1 -> 28 | B32: IM rate calculation
A33: =MAX($A$4:A32)+1 -> 29 | B33: Segmented Eastern Intertie Costs | C33: ="Table 1, Line "&TEXT('T-1'!A46,"0")&" "&'T-1'!G4 -> Table 1, Line 36 (F) | D33: ='T-1'!G46 -> 13268.589
A34: =MAX($A$4:A33)+1 -> 30 | B34: Eastern Intertie Revenue Credits | C34: ="Table 2, (Line "&TEXT('T-2'!A118,"0")&" "&TEXT('T-2'!F92,"0")&" + Line "&TEXT('T-2'!A146,"0")&" "&TEXT('T-2'!F92,"0")&") / 2" -> Table 2, (Line 71 (E) + Line 95 (E)) / 2 | D34: =-AVERAGE('T-2'!F118,'T-2'!F146,'T-2'!F174) -> -839.91021
A35: =MAX($A$4:A34)+1 -> 31 | B35: Adjusted Segmented Eastern Intertie Costs | C35: ="Line "&TEXT(A33,"0")&" + Line "&TEXT(A34,"0") -> Line 29 + Line 30 | D35: =SUM(D33:D34) -> 12428.678
A36: =MAX($A$4:A35)+1 -> 32 | B36: IM Sales | C36: ="Table 4, Line "&TEXT('T-4'!A76,"0")&" "&'T-4'!P3 -> Table 4, Line 72 (O) | E36: ='T-4'!P76 -> 745.94444
A37: =MAX($A$4:A36)+1 -> 33 | B37: TGT Sales | C37: Montana Intertie Agreement | E37: =1730*(2/3) -> 1153.3333
A38: =MAX($A$4:A37)+1 -> 34 | B38: Total Sales | C38: ="Line "&TEXT(A36,"0")&" + Line "&TEXT(A37,"0") -> Line 32 + Line 33 | E38: =SUM(E36:E37) -> 1899.2778
A39: =MAX($A$4:A38)+1 -> 35 | B39: Annual ($/kW-yr) | C39: ="Line "&TEXT(A35,"0")&" / Line "&TEXT(A38,"0") -> Line 31 / Line 34 | F39: =D35/E38 -> 6.5438972 | G39: =_xlfn.FORMULATEXT(F39) -> =D35/E38
A40: =MAX($A$4:A39)+1 -> 36 | B40: Monthly ($/kW-mo) | C40: ="Line "&TEXT(A39,"0")&" / 12" -> Line 35 / 12 | F40: =ROUND(F39/12,3) -> 0.545 | G40: =_xlfn.FORMULATEXT(F40) -> =ROUND(F39/12,3)
A41: =MAX($A$4:A40)+1 -> 37 | B41: Daily Block1 ($/kW-day) | C41: ="Line "&TEXT(A39,"0")&" / 365 x (7/5)" -> Line 35 / 365 x (7/5) | F41: =ROUND(F39/365*7/5,3) -> 0.025 | G41: =_xlfn.FORMULATEXT(F41) -> =ROUND(F39/365*7/5,3)
A42: =MAX($A$4:A41)+1 -> 38 | B42: Daily Block2 ($/kW-day) | C42: ="Line "&TEXT(A39,"0")&" / 365" -> Line 35 / 365 | F42: =ROUND(F39/365,3) -> 0.018 | G42: =_xlfn.FORMULATEXT(F42) -> =ROUND(F39/365,3)
A43: =MAX($A$4:A42)+1 -> 39 | B43: Hourly (mills/kWh) | C43: ="Line "&TEXT(A39,"0")&" / 8.76 x (7/5) x (24/16)" -> Line 35 / 8.76 x (7/5) x (24/16) | F43: =ROUND(F39/8.76*7/5*24/16,2) -> 1.57 | G43: =_xlfn.FORMULATEXT(F43) -> =ROUND(F39/8.76*7/5*24/16,2)
A44: =MAX($A$4:A43)+1 -> 40 | B44: IM Revenue | C44: ="Line "&TEXT(A36,"0")&" x Line "&TEXT(A39,"0") -> Line 32 x Line 35 | E44: =E36*F39 -> 4881.3837
A45: =MAX($A$4:A44)+1 -> 41 | B45: IE Rate Calculation
A46: =MAX($A$4:A45)+1 -> 42 | B46: Segmented Eastern Intertie Costs | C46: ="Table 1, Line "&TEXT('T-1'!A46,"0")&" "&'T-1'!G4 -> Table 1, Line 36 (F) | D46: ='T-1'!G46 -> 13268.589
A47: =MAX($A$4:A46)+1 -> 43 | B47: Eastern Intertie Revenue Credits | C47: ="Table 2, (Line "&TEXT('T-2'!A118,"0")&" "&TEXT('T-2'!F92,"0")&" + Line "&TEXT('T-2'!A146,"0")&" "&TEXT('T-2'!F92,"0")&") / 2" -> Table 2, (Line 71 (E) + Line 95 (E)) / 2 | D47: =-AVERAGE('T-2'!F118,'T-2'!F146,'T-2'!F174) -> -839.91021
A48: =MAX($A$4:A47)+1 -> 44 | B48: Adjusted Segmented Eastern Intertie Costs | C48: ="Line "&TEXT(A46,"0")&" + Line "&TEXT(A47,"0") -> Line 42 + Line 43 | D48: =SUM(D46:D47) -> 12428.678
A49: =MAX($A$4:A48)+1 -> 45 | B49: Total Firm Transmission Rights | C49: Montana Intertie Agreement | E49: =1930 -> 1930
A50: =MAX($A$4:A49)+1 -> 46 | B50: Total Sales | C50: ="Line "&TEXT(A49,"0") -> Line 45 | E50: =SUM(E49:E49) -> 1930
A51: =MAX($A$4:A50)+1 -> 47 | B51: Hourly rate (mills/kWh) | C51: ="Line "&TEXT(A48,"0")&" / Line "&TEXT(A50,"0")&" / 8.76 x (7/5) x (24/16)" -> Line 44 / Line 46 / 8.76 x (7/5) x (24/16) | F51: =ROUND(D48/E50/8.76*7/5*24/16,2) -> 1.54 | G51: =_xlfn.FORMULATEXT(F51) -> =ROUND(D48/E50/8.76*7/5*24/16,2)

Sheet T-8.1
A1: Table 8.1
A2: Calculation of Ancillary Service Rates
B3: (A) | C3: (B) | D3: (C) | E3: (D) | F3: (E) | G3: (F) | H3: (G) | I3: (H) | J3: (I) | K3: (J)
B4: FY 2026/2027/2028 | C4: Source | D4: FY 2026 | E4: FY 2027 | F4: FY 2028 | G4: BP-26 Average | H4: Sales | I4: Percentage | J4: Rates | K4: Units
A5: =MAX($A$4:A4)+1 -> 1 | B5: Scheduling, System Control & Dispatch | D5: $000/Yr | E5: $000/Yr | F5: $000/Yr | G5: $000/Yr | H5: (MW)
A6: =MAX($A$4:A5)+1 -> 2 | B6: Direct O&M | C6: Rev Rqmt | D6: 88925.228 | E6: 93157.124 | F6: 97898.824 | G6: =AVERAGE(D6:F6) -> 93327.059
A7: =MAX($A$4:A6)+1 -> 3 | B7: Overheads | C7: Rev Rqmt | D7: 86394.455 | E7: 93638.372 | F7: 99532.075 | G7: =AVERAGE(D7:F7) -> 93188.301
A8: =MAX($A$4:A7)+1 -> 4 | B8: Non-BBL/Acq. & Ancillary | C8: Rev Rqmt | D8: 5.8102371 | E8: 7.7784776 | F8: 9.6663257 | G8: =AVERAGE(D8:F8) -> 7.7516801
A9: =MAX($A$4:A8)+1 -> 5 | B9: Total O&M | D9: =SUM(D6:D8) -> 175325.49 | E9: =SUM(E6:E8) -> 186803.27 | F9: =SUM(F6:F8) -> 197440.57 | G9: =AVERAGE(D9:F9) -> 186523.11
A10: =MAX($A$4:A9)+1 -> 6 | B10: Depreciation | C10: Rev Rqmt | D10: 54071.292 | E10: 59702.701 | F10: 57373.441 | G10: =AVERAGE(D10:F10) -> 57049.145
A11: =MAX($A$4:A10)+1 -> 7 | B11: Financing Costs | C11: Rev Rqmt | D11: 5348.5024 | E11: 8393.5769 | F11: 13073.259 | G11: =AVERAGE(D11:F11) -> 8938.446
A12: =MAX($A$4:A11)+1 -> 8 | B12: Planned Net Revenue | C12: Rev Rqmt | D12: 3785.2341 | E12: 5361.9411 | F12: 9611.7321 | G12: =AVERAGE(D12:F12) -> 6252.9691
A13: =MAX($A$4:A12)+1 -> 9 | B13: Total Segmented SCD | D13: =SUM(D9:D12) -> 238530.52 | E13: =SUM(E9:E12) -> 260261.49 | F13: =SUM(F9:F12) -> 277499 | G13: =AVERAGE(D13:F13) -> 258763.67
A14: =MAX($A$4:A13)+1 -> 10 | B14: Revenue Credits | C14: ="Table 3, Lines "&TEXT('T-3'!A10,"0")&" "&'T-3'!H4&", "&TEXT('T-3'!A21,"0")&" "&'T-3'!H4&", and "&TEXT('T-3'!A32,"0")&" "&'T-3'!H4&"" -> Table 3, Lines 3 (H), 13 (H), and 23 (H) | D14: ='T-3'!H10 -> -2799.1722 | E14: ='T-3'!H21 -> -2689.0393 | F14: ='T-3'!H32 -> -2670.0927 | G14: =AVERAGE(D14:F14) -> -2719.4347
A15: =MAX($A$4:A14)+1 -> 11 | B15: Regional Compliance Enforcement Costs | C15: ="Table 3, Lines "&TEXT('T-3'!A11,"0")&" "&'T-3'!H4&", "&TEXT('T-3'!A22,"0")&" "&'T-3'!H4&", and "&TEXT('T-3'!A33,"0")&" "&'T-3'!H4&"" -> Table 3, Lines 4 (H), 14 (H), and 24 (H) | D15: ='T-3'!H11 -> -3830.345 | E15: ='T-3'!H22 -> -3830.345 | F15: ='T-3'!H33 -> -3830.345 | G15: =AVERAGE(D15:F15) -> -3830.345
A16: =MAX($A$4:A15)+1 -> 12 | B16: Regional Coordinator Costs | C16: ="Table 3, Lines "&TEXT('T-3'!A12,"0")&" "&'T-3'!H4&", "&TEXT('T-3'!A23,"0")&" "&'T-3'!H4&", and "&TEXT('T-3'!A34,"0")&" "&'T-3'!H4&"" -> Table 3, Lines 5 (H), 15 (H), and 25 (H) | D16: ='T-3'!H12 -> -1621.2534 | E16: ='T-3'!H23 -> -1621.2534 | F16: ='T-3'!H34 -> -1621.2534 | G16: =AVERAGE(D16:F16) -> -1621.2534
A17: =MAX($A$4:A16)+1 -> 13 | B17: Eastern Intertie Adjustment | C17: ="Table 3, Lines "&TEXT('T-3'!A15,"0")&" "&'T-3'!H4&", "&TEXT('T-3'!A26,"0")&" "&'T-3'!H4&", and "&TEXT('T-3'!A37,"0")&" "&'T-3'!H4&"" -> Table 3, Lines 8 (H), 18 (H), and 28 (H) | D17: ='T-3'!H15 -> -12.463292 | E17: ='T-3'!H26 -> -14.66745 | F17: ='T-3'!H37 -> 28.288117 | G17: =AVERAGE(D17:F17) -> 0.38579185
A18: =MAX($A$4:A17)+1 -> 14 | B18: Industry Delivery Adjustment | C18: ="Table 3, Lines "&TEXT('T-3'!A16,"0")&" "&'T-3'!H4&", "&TEXT('T-3'!A27,"0")&" "&'T-3'!H4&", and "&TEXT('T-3'!A38,"0")&" "&'T-3'!H4&"" -> Table 3, Lines 9 (H), 19 (H), and 29 (H) | D18: ='T-3'!H16 -> -27.019206 | E18: ='T-3'!H27 -> 43.074127 | F18: ='T-3'!H38 -> 58.770701 | G18: =AVERAGE(D18:F18) -> 24.941874
A19: =MAX($A$4:A18)+1 -> 15 | B19: Total SCD Costs | C19: ="Sum of Line "&TEXT(A13,"0")&" through Line "&TEXT(A18,"0") -> Sum of Line 9 through Line 14 | D19: =SUM(D13:D18) -> 230240.27 | E19: =SUM(E13:E18) -> 252149.26 | F19: =SUM(F13:F18) -> 269464.36 | G19: =AVERAGE(D19:F19) -> 250617.97
A20: =MAX($A$4:A19)+1 -> 16 | B20: Sales Used for Cost Allocation
A21: =MAX($A$4:A20)+1 -> 17 | B21: PTP Contract Demand without SDD | C21: ="Table 4, Line "&TEXT('T-6'!A44,"0")&" + Line "&TEXT('T-6'!A45,"0")&" "&'T-4'!P3 -> Table 4, Line 40 + Line 41 (O) | H21: ='T-4'!P56+'T-4'!P57 -> 32338.556
A22: =MAX($A$4:A21)+1 -> 18 | B22: Southern Intertie | C22: ="Table 4, Line "&TEXT('T-4'!A71,"0")&" "&'T-4'!P3 -> Table 4, Line 67 (O) | H22: ='T-4'!P71 -> 6991.1389
A23: =MAX($A$4:A22)+1 -> 19 | B23: Network Short-term | C23: ="Table 6, Line "&TEXT('T-6'!A22,"0")&" + Line "&TEXT('T-6'!A23,"0")&" + Line "&TEXT('T-6'!A24,"0")&" "&'T-6'!E3 -> Table 6, Line 18 + Line 19 + Line 20 (D) | H23: =SUM('T-6'!E22:E24) -> 1681.1779
A24: =MAX($A$4:A23)+1 -> 20 | B24: Intertie Daily (Block1 & Block2) | C24: ="Table 7, Line "&TEXT('T-7'!A14,"0")&" + Line "&'T-7'!A15&" "&'T-7'!E3 -> Table 7, Line 10 + Line 11 (D) | H24: ='T-7'!E14+'T-7'!E15 -> 34.117804
A25: =MAX($A$4:A24)+1 -> 21 | B25: Intertie Hourly | C25: ="Table 7, Line "&TEXT('T-7'!A11,"0")&" "&TEXT('T-7'!E3,"0")&" x (7/5) x (24/16)" -> Table 7, Line 7 (D) x (7/5) x (24/16) | H25: ='T-7'!E11*7/5*24/16 -> 462.96082
A26: =MAX($A$4:A25)+1 -> 22 | B26: Network Load Service | C26: ="Table 4, Line "&TEXT('T-4'!A63,"0")&" "&'T-4'!P3 -> Table 4, Line 59 (O) | H26: ='T-4'!P63 -> 11846.065
A27: =MAX($A$4:A26)+1 -> 23 | B27: Total Sales, SCD | C27: ="Sum of Line "&TEXT(A21,"0")&" through Line "&TEXT(A26,"0") -> Sum of Line 17 through Line 22 | H27: =SUM(H21:H26) -> 53354.016
A28: =MAX($A$4:A27)+1 -> 24 | B28: Sales allocation percentages:
A29: =MAX($A$4:A28)+1 -> 25 | B29: PTP (Network + Interties) Sales | C29: ="Sum of Line "&TEXT(A21,"0")&" through Line "&TEXT(A25,"0") -> Sum of Line 17 through Line 21 | H29: =SUM(H21:H25) -> 41507.951
A30: =MAX($A$4:A29)+1 -> 26 | B30: Total Cost Allocation Sales | C30: ="Line "&TEXT(A27,"0") -> Line 23 | H30: =H27 -> 53354.016
A31: =MAX($A$4:A30)+1 -> 27 | B31: PTP Percentage | C31: ="Line "&TEXT(A29,"0")&" / Line "&TEXT(A30,"0") -> Line 25 / Line 26 | I31: =H29/H30 -> 0.77797239
A32: =MAX($A$4:A31)+1 -> 28 | B32: NT Sales | C32: ="Line "&TEXT(A26,"0") -> Line 22 | H32: =H26 -> 11846.065
A33: =MAX($A$4:A32)+1 -> 29 | B33: Total Cost Allocation Sales | C33: ="Line "&TEXT(A27,"0") -> Line 23 | H33: =H27 -> 53354.016
A34: =MAX($A$4:A33)+1 -> 30 | B34: NT Percentage | C34: ="Line "&TEXT(A32,"0")&" / Line "&TEXT(A33,"0") -> Line 28 / Line 29 | I34: =H32/H33 -> 0.22202761
A35: =MAX($A$4:A34)+1 -> 31 | B35: Application of Revenue Requirements to Sales Products:
A36: =MAX($A$4:A35)+1 -> 32 | B36: PTP (Network + Interties) Rate Calculation:
A37: =MAX($A$4:A36)+1 -> 33 | B37: =B19 -> Total SCD Costs | C37: ="Line "&TEXT(A19,"0") -> Line 15 | G37: =G19 -> 250617.97
A38: =MAX($A$4:A37)+1 -> 34 | B38: PTP Cost Allocation Percentage | C38: ="Line "&TEXT(A31,"0") -> Line 27 | I38: =I31 -> 0.77797239
A39: =MAX($A$4:A38)+1 -> 35 | B39: Allocated PTP Costs | C39: ="Line "&TEXT(A37,"0")&" x Line "&TEXT(A38,"0") -> Line 33 x Line 34 | G39: =G37*I38 -> 194973.86
A40: =MAX($A$4:A39)+1 -> 36 | B40: PTP Billing Factor | C40: ="Line "&TEXT(A29,"0") -> Line 25 | H40: =H29 -> 41507.951
A41: =MAX($A$4:A40)+1 -> 37 | B41: PTP Annual Rate ($/kW-year) | C41: ="Line "&TEXT(A39,"0")&" / Line "&TEXT(A40,"0") -> Line 35 / Line 36 | J41: =G39/H40 -> 4.6972653
A42: =MAX($A$4:A41)+1 -> 38 | B42: PTP Monthly Rate ($/kW-month) | C42: ="Line "&TEXT(A41,"0")&" / 12" -> Line 37 / 12 | J42: =ROUND(J41/12,3) -> 0.391
A43: =MAX($A$4:A42)+1 -> 39 | B43: Daily Block1 | C43: ="Line "&TEXT(A41,"0")&" / 365 x (7/5)" -> Line 37 / 365 x (7/5) | J43: =ROUND(J41/365*7/5,3) -> 0.018
A44: =MAX($A$4:A43)+1 -> 40 | B44: Daily Block2 | C44: ="Line "&TEXT(A41,"0")&" / 365" -> Line 37 / 365 | J44: =ROUND(J41/365,3) -> 0.013
A45: =MAX($A$4:A44)+1 -> 41 | B45: Hourly | C45: ="Line "&TEXT(A41,"0")&" / 8.76 x (7/5) x (24/16)" -> Line 37 / 8.76 x (7/5) x (24/16) | J45: =ROUND(J41/8.76*7/5*24/16,2) -> 1.13
A46: =MAX($A$4:A45)+1 -> 42 | B46: NT Rate Calculation:
A47: =MAX($A$4:A46)+1 -> 43 | B47: =B19 -> Total SCD Costs | C47: ="Line "&TEXT(A19,"0") -> Line 15 | G47: =G19 -> 250617.97
A48: =MAX($A$4:A47)+1 -> 44 | B48: NT Cost Allocation Percentage | C48: ="Line "&TEXT(A34,"0") -> Line 30 | I48: =I34 -> 0.22202761
A49: =MAX($A$4:A48)+1 -> 45 | B49: Allocated NT Costs | C49: ="Line "&TEXT(A47,"0")&" x Line "&TEXT(A48,"0") -> Line 43 x Line 44 | G49: =G47*I48 -> 55644.109
A50: =MAX($A$4:A49)+1 -> 46 | B50: NT Billing Factor | C50: ="Table 6, Line "&TEXT('T-6'!A10,"0")&" "&'T-6'!E3 -> Table 6, Line 6 (D) | H50: ='T-6'!E10 -> 10101.817
A51: =MAX($A$4:A50)+1 -> 47 | B51: NT Annual Rate ($/kW-year) | C51: ="Line "&TEXT(A49,"0")&" / Line "&TEXT(A50,"0") -> Line 45 / Line 46 | J51: =G49/H50 -> 5.5083266
A52: =MAX($A$4:A51)+1 -> 48 | B52: NT Monthly Rate ($/kW-month) | C52: ="Line "&TEXT(A51,"0")&" / 12" -> Line 47 / 12 | J52: =ROUND(J51/12,3) -> 0.459
A53: =MAX($A$4:A52)+1 -> 49 | B53: Rates
A54: =MAX($A$4:A53)+1 -> 50 | B54: For NT customers:
A55: =MAX($A$4:A54)+1 -> 51 | B55: Monthly | C55: ="Line "&TEXT(A52,"0") -> Line 48 | J55: =J52 -> 0.459 | K55: $/kW-mo
A56: =MAX($A$4:A55)+1 -> 52 | B56: For PTP customers
A57: =MAX($A$4:A56)+1 -> 53 | B57: Annual | C57: ="Line "&TEXT(A41,"0") -> Line 37 | J57: =J41 -> 4.6972653 | K57: $/kW-yr
A58: =MAX($A$4:A57)+1 -> 54 | B58: Monthly | C58: ="Line "&TEXT(A42,"0") -> Line 38 | J58: =J42 -> 0.391 | K58: $/kW-mo
A59: =MAX($A$4:A58)+1 -> 55 | B59: Daily Block1 (day 1 through 5) | C59: ="Line "&TEXT(A43,"0") -> Line 39 | J59: =J43 -> 0.018 | K59: $/kW-day
A60: =MAX($A$4:A59)+1 -> 56 | B60: Daily Block2 (day 6 and beyond) | C60: ="Line "&TEXT(A44,"0") -> Line 40 | J60: =J44 -> 0.013 | K60: $/kW-day
A61: =MAX($A$4:A60)+1 -> 57 | B61: Hourly | C61: ="Line "&TEXT(A45,"0") -> Line 41 | J61: =J45 -> 1.13 | K61: mills/kWh
A62: =MAX($A$4:A61)+1 -> 58 | B62: Generation Supplied Reactive | C62: No Rqmt | D62: 0 | E62: 0 | G62: =AVERAGE(D62:E62) -> 0 | J62: 0 | K62: $/kW-day
B64: /1 See Generation Inputs Study for details about rates associated with Generation Inputs

Sheet T-8.2
A1: Table 8.2
A2: Calculation of Regional Compliance Enforcement and Regional Coordinator Charge
B3: (A) | C3: (C) | D3: (B) | E3: (D) | F3: (E) | G3: (F)
B4: FY 2026/2027/2028 | C4: Source | D4: Units | E4: Costs | F4: Sales | G4: Rates
A5: =MAX($A$4:A4)+1 -> 1 | B5: Regional Compliance Enforcement
A6: =MAX($A$4:A5)+1 -> 2 | B6: Annual Costs | C6: ="Table 3, Line "&TEXT('T-3'!A44,"0")&" "&'T-3'!H4 -> Table 3, Line 34 (H) | D6: $000/Yr | E6: =-'T-3'!H44 -> 3830.345
A7: =MAX($A$4:A6)+1 -> 3 | B7: FY 2026 Billing Factor | C7: Sales Forecast | D7: MWh | F7: 60524696
A8: =MAX($A$4:A7)+1 -> 4 | B8: FY 2027 Billing Factor | C8: Sales Forecast | D8: MWh | F8: 63445789
A9: =MAX($A$4:A8)+1 -> 5 | B9: FY 2028 Billing Factor | C9: Sales Forecast | F9: 66459215
A10: =MAX($A$4:A9)+1 -> 6 | B10: BP-26 Average | C10: ="(Line "&TEXT(A7,"0")&" + Line "&TEXT(A8,"0")&" + Line "&TEXT(A9,"0")&") / 3" -> (Line 3 + Line 4 + Line 5) / 3 | D10: MWh | F10: =AVERAGE(F7:F9) -> 63476567
A11: =MAX($A$4:A10)+1 -> 7 | B11: Hourly Rate | C11: ="Line "&TEXT(A6,"0")&" / Line "&TEXT(A10,0) -> Line 2 / Line 6 | D11: mills/kWh | G11: =ROUND(E6/F10*1000,2) -> 0.06 | H11: =_xlfn.FORMULATEXT(G11) -> =ROUND(E6/F10*1000,2)
A12: =MAX($A$4:A11)+1 -> 8 | B12: Regional Coordinator
A13: =MAX($A$4:A12)+1 -> 9 | B13: Annual Costs | C13: ="Table 3, Line "&TEXT('T-3'!A45,"0")&" "&'T-3'!H4 -> Table 3, Line 35 (H) | D13: $000/Yr | E13: =-'T-3'!H45 -> 1621.2534
A14: =MAX($A$4:A13)+1 -> 10 | B14: FY 2026 Billing Factor | C14: Line 2 | D14: MWh | F14: =F7 -> 60524696
A15: =MAX($A$4:A14)+1 -> 11 | B15: FY 2027 Billing Factor | C15: Line 3 | D15: MWh | F15: =F8 -> 63445789
A16: =MAX($A$4:A15)+1 -> 12 | B16: FY 2028 Billing Factor | F16: =F9 -> 66459215
A17: =MAX($A$4:A16)+1 -> 13 | B17: BP-26 Average | C17: ="(Line "&TEXT(A14,"0")&" + Line "&TEXT(A15,"0")&" + Line "&TEXT(A16,"0")&") / 2" -> (Line 10 + Line 11 + Line 12) / 2 | D17: MWh | F17: =AVERAGE(F14:F16) -> 63476567
A18: =MAX($A$4:A17)+1 -> 14 | B18: Hourly Rate | C18: ="Line "&TEXT(A13,"0")&" / Line "&TEXT(A17,0) -> Line 9 / Line 13 | D18: mills/kWh | G18: =ROUND(E13/F17*1000,2) -> 0.03 | H18: =_xlfn.FORMULATEXT(G18) -> =ROUND(E13/F17*1000,2)
D45: TRFA Credits Total

Sheet T-8.3
A1: Table 8.3
A2: Summary of Current and Proposed Generation Inputs Rates
B3: (A) | C3: (B) | D3: (C) | E3: (D) | F3: (E)
B4: Rate | C4: Units | D4: BP-24 Rates | E4: BP-26 Rates | F4: Percent Change
A5: =MAX($A$4:A4)+1 -> 1 | B5: RFR
A6: =MAX($A$4:A5)+1 -> 2 | B6: Regulation and Frequency Response | C6: mills/kWh | D6: 0.44 | E6: ='T-8.4'!G34 -> 0.43 | F6: =IF(D6=0,0,(E6/D6)-1) -> -0.022727273 | G6: =_xlfn.FORMULATEXT('T-8.4'!G34) -> =ROUND((D33*1000)/(8760*E31),2)
A7: =MAX($A$4:A6)+1 -> 3 | B7: OR
A8: =MAX($A$4:A7)+1 -> 4 | B8: Operating Reserves - Spinning | C8: mills/kWh | D8: 11.05 | E8: ='T-8.4'!G26 -> 13.14 | F8: =IF(D8=0,0,(E8/D8)-1) -> 0.18914027 | G8: =_xlfn.FORMULATEXT('T-8.4'!G26) -> =ROUND((D24*1000)/(E24*8760),2)
A9: =MAX($A$4:A8)+1 -> 5 | B9: OR - Spinning Default | C9: mills/kWh | D9: 12.71 | E9: ='T-8.4'!G27 -> 15.11 | F9: =IF(D9=0,0,(E9/D9)-1) -> 0.18882769 | G9: =_xlfn.FORMULATEXT('T-8.4'!G27) -> =ROUND(G26*(1+0.15),2)
A10: =MAX($A$4:A9)+1 -> 6 | B10: Operating Reserves - Supplmental | C10: mills/kWh | D10: 7.22 | E10: ='T-8.4'!G28 -> 6.75 | F10: =IF(D10=0,0,(E10/D10)-1) -> -0.065096953 | G10: =_xlfn.FORMULATEXT('T-8.4'!G28) -> =ROUND((D25*1000)/(E25*8760),2)
A11: =MAX($A$4:A10)+1 -> 7 | B11: OR - Supplmental Default | C11: mills/kWh | D11: 8.3 | E11: ='T-8.4'!G29 -> 7.76 | F11: =IF(D11=0,0,(E11/D11)-1) -> -0.065060241 | G11: =_xlfn.FORMULATEXT('T-8.4'!G29) -> =ROUND(G28*(1+0.15),2)
A12: =MAX($A$4:A11)+1 -> 8 | B12: DERBS
A13: =MAX($A$4:A12)+1 -> 9 | B13: DERBS Inc | C13: mills/kWh | D13: 21.303 | E13: ='T-8.4'!G38 -> 40.71 | F13: =IF(D13=0,0,(E13/D13)-1) -> 0.91099845 | G13: =_xlfn.FORMULATEXT('T-8.4'!G38) -> =ROUND(((D36*1000)/E36)/12,2)
A14: =MAX($A$4:A13)+1 -> 10 | B14: DERBS Dec | C14: mills/kWh | D14: 1.24 | E14: ='T-8.4'!G39 -> 1.38 | F14: =IF(D14=0,0,(E14/D14)-1) -> 0.11290323 | G14: =_xlfn.FORMULATEXT('T-8.4'!G39) -> =ROUND(((D37*1000)/E37)/12,2)
A15: =MAX($A$4:A14)+1 -> 11 | B15: VERBS
A16: =MAX($A$4:A15)+1 -> 12 | B16: VERBS Wind Regulating | C16: mills/kW-mo | D16: 0.358 | E16: ='T-8.4'!G44 -> 0.43 | F16: =E16/D16-1 -> 0.20111732 | G16: =_xlfn.FORMULATEXT('T-8.4'!G44) -> =ROUND(D41/E41/12,2)
A17: =MAX($A$4:A16)+1 -> 13 | B17: VERBS Wind Non-Regulating | C17: mills/kW-mo | D17: 0.395 | E17: ='T-8.4'!G45 -> 0.2 | F17: =E17/D17-1 -> -0.49367089 | G17: =_xlfn.FORMULATEXT('T-8.4'!G45) -> =ROUND(D42/E41/12,2)
A18: =MAX($A$4:A17)+1 -> 14 | B18: VERBS Solar Regulating | C18: mills/kW-mo | D18: 0.282 | E18: ='T-8.4'!G50 -> 1.04 | F18: =E18/D18-1 -> 2.6879433 | G18: =_xlfn.FORMULATEXT('T-8.4'!G50) -> =ROUND(D47/E47/12,2)
A19: =MAX($A$4:A18)+1 -> 15 | B19: VERBS Solar Non-Regulating | C19: mills/kW-mo | D19: 0.174 | E19: ='T-8.4'!G51 -> 0.11 | F19: =E19/D19-1 -> -0.36781609 | G19: =_xlfn.FORMULATEXT('T-8.4'!G51) -> =ROUND(D48/E47/12,2)

Sheet T-8.4
A1: Table 8.4
A2: Calculation of Generation Inputs Rates
B3: (A) | C3: (B) | D3: (C) | E3: (D) | F3: (E) | G3: (F)
C4: Unit | D4: Costs ($000) | E4: Quantity | G4: Rate
A5: =MAX($A$4:A4)+1 -> 1 | B5: Reserve Costs
A6: =MAX($A$4:A5)+1 -> 2 | B6: Regulating Reserves INC | C6: $/kW-mo | D6: 9.51
A7: =MAX($A$4:A6)+1 -> 3 | B7: Regulating Reserves DEC | C7: $/kW-mo | D7: 0.21
A8: =MAX($A$4:A7)+1 -> 4 | B8: Non-Regulating Reserves INC | C8: $/kW-mo | D8: 4.85
A9: =MAX($A$4:A8)+1 -> 5 | B9: Non-Regulating Reserves DEC | C9: $/kW-mo | D9: 0
A10: =MAX($A$4:A9)+1 -> 6 | B10: Operating Reserves - Spinning | C10: $/kW-mo | D10: 9.59
A11: =MAX($A$4:A10)+1 -> 7 | B11: Operating Reserves - Supplemental | C11: $/kW-mo | D11: 4.93
A12: =MAX($A$4:A11)+1 -> 8 | B12: Balancing Reserve Amounts | E12: INC | F12: DEC
A13: =MAX($A$4:A12)+1 -> 9 | B13: DERBS Regulating Reserves | C13: aMW | E13: 13 | F13: -13
A14: =MAX($A$4:A13)+1 -> 10 | B14: DERBS Non-Regulating Reserves | C14: aMW | E14: 0 | F14: 0
A15: =MAX($A$4:A14)+1 -> 11 | B15: Wind Regulating Reserves | C15: aMW | E15: 151 | F15: -158
A16: =MAX($A$4:A15)+1 -> 12 | B16: Wind Non-Regulating Reserves | C16: aMW | E16: 140 | F16: -211
A17: =MAX($A$4:A16)+1 -> 13 | B17: Solar Regulating Reserves | C17: aMW | E17: 163 | F17: -170
A18: =MAX($A$4:A17)+1 -> 14 | B18: Solar Non-Regulating Reserves | C18: aMW | E18: 34 | F18: -70
A19: =MAX($A$4:A18)+1 -> 15 | B19: Load Regulating Reserves | C19: aMW | E19: 155 | F19: -162
A20: =MAX($A$4:A19)+1 -> 16 | B20: Load Non-Regulating Reserves | C20: aMW | E20: 160 | F20: -185
A21: =MAX($A$4:A20)+1 -> 17 | B21: FedHydCGS Regulating Reserves | C21: aMW | E21: 22 | F21: -23
A22: =MAX($A$4:A21)+1 -> 18 | B22: FedHydCGS Non-Regulating Reserves | C22: aMW | E22: 0 | F22: 0
A23: =MAX($A$4:A22)+1 -> 19 | B23: Operating Reserves (OR)
A24: =MAX($A$4:A23)+1 -> 20 | B24: Operating Reserves - Spinning | C24: aMW | D24: =E24*D10*12 -> 29214.041 | E24: 253.85854
A25: =MAX($A$4:A24)+1 -> 21 | B25: Operating Reserves - Supplemental | C25: aMW | D25: =E25*D11*12 -> 15018.272 | E25: 253.85855
A26: =MAX($A$4:A25)+1 -> 22 | B26: Operating Reserves - Spinning Rate | C26: mills/kWh | G26: =ROUND((D24*1000)/(E24*8760),2) -> 13.14 | H26: =_xlfn.FORMULATEXT(G26) -> =ROUND((D24*1000)/(E24*8760),2)
A27: =MAX($A$4:A26)+1 -> 23 | B27: Operting Reserves - Spinning Default Rate | C27: mills/kWh | G27: =ROUND(G26*(1+0.15),2) -> 15.11 | H27: =_xlfn.FORMULATEXT(G27) -> =ROUND(G26*(1+0.15),2)
A28: =MAX($A$4:A27)+1 -> 24 | B28: Operating Reserves - Supplemental Rate | C28: mills/kWh | G28: =ROUND((D25*1000)/(E25*8760),2) -> 6.75 | H28: =_xlfn.FORMULATEXT(G28) -> =ROUND((D25*1000)/(E25*8760),2)
A29: =MAX($A$4:A28)+1 -> 25 | B29: Operating Reserves - Supplemental Default Rate | C29: mills/kWh | G29: =ROUND(G28*(1+0.15),2) -> 7.76 | H29: =_xlfn.FORMULATEXT(G29) -> =ROUND(G28*(1+0.15),2)
A30: =MAX($A$4:A29)+1 -> 26 | B30: Regulation & Frequency Response (RFR)
A31: =MAX($A$4:A30)+1 -> 27 | B31: RFR Regulating Reserves | C31: aMW | D31: =(D6*E19-D7*F19)*12 -> 18096.84 | E31: 7239.2739
A32: =MAX($A$4:A31)+1 -> 28 | B32: RFR Non-Regulating Reserves | C32: aMW | D32: =(D8*E20-D9*F20)*12 -> 9312
A33: =MAX($A$4:A32)+1 -> 29 | B33: Total RFR Costs | D33: =SUM(D31:D32) -> 27408.84
A34: =MAX($A$4:A33)+1 -> 30 | B34: Regulation & Frequency Response Rate | C34: mills/kWh | G34: =ROUND((D33*1000)/(8760*E31),2) -> 0.43 | H34: =_xlfn.FORMULATEXT(G34) -> =ROUND((D33*1000)/(8760*E31),2)
A35: =MAX($A$4:A34)+1 -> 31 | B35: Dispatchable Energy Resource Balancing (DERBS)
A36: =MAX($A$4:A35)+1 -> 32 | B36: DERBS Reserves INC | C36: monthly max dev | D36: =12*(D6*E13+D8*E14) -> 1483.56 | E36: 3037
A37: =MAX($A$4:A36)+1 -> 33 | B37: DERBS Reserves DEC | C37: monthly max dev | D37: =-12*(D7*F13+D9*F14) -> 32.76 | E37: 1979
A38: =MAX($A$4:A37)+1 -> 34 | B38: DERBS INC Rate | G38: =ROUND(((D36*1000)/E36)/12,2) -> 40.71 | H38: =_xlfn.FORMULATEXT(G38) -> =ROUND(((D36*1000)/E36)/12,2)
A39: =MAX($A$4:A38)+1 -> 35 | B39: DERBS DEC Rate | G39: =ROUND(((D37*1000)/E37)/12,2) -> 1.38 | H39: =_xlfn.FORMULATEXT(G39) -> =ROUND(((D37*1000)/E37)/12,2)
A40: =MAX($A$4:A39)+1 -> 36 | B40: Variable Energy Resource Balancing (VERBS) Wind
A41: =MAX($A$4:A40)+1 -> 37 | B41: VERBS Wind Regulating Reserves | C41: aMW | D41: =(D6*E15-D7*F15)*12 -> 17630.28 | E41: 3392.5645
A42: =MAX($A$4:A41)+1 -> 38 | B42: VERBS Wind Non-Regulating Reserves | C42: aMW | D42: =(D8*E16-D9*F16)*12 -> 8148
A43: =MAX($A$4:A42)+1 -> 39 | B43: VERBS Wind Rate | C43: $/kW-mo | G43: =ROUND((SUM(D41:D42)/E41)/12,2) -> 0.63 | H43: =_xlfn.FORMULATEXT(G43) -> =ROUND((SUM(D41:D42)/E41)/12,2)
A44: =MAX($A$4:A43)+1 -> 40 | B44: VERBS Wind Regulating Rate | C44: $/kW-mo | G44: =ROUND(D41/E41/12,2) -> 0.43 | H44: =_xlfn.FORMULATEXT(G44) -> =ROUND(D41/E41/12,2)
A45: =MAX($A$4:A44)+1 -> 41 | B45: VERBS Wind Non-Regulating Rate | C45: $/kW-mo | G45: =ROUND(D42/E41/12,2) -> 0.2 | H45: =_xlfn.FORMULATEXT(G45) -> =ROUND(D42/E41/12,2)
A46: =MAX($A$4:A45)+1 -> 42 | B46: Variable Energy Resource Balancing (VERBS) Solar
A47: =MAX($A$4:A46)+1 -> 43 | B47: VERBS Solar Regulating Reserves | C47: aMW | D47: =(D6*E17-D7*F17)*12 -> 19029.96 | E47: 1519.4487
A48: =MAX($A$4:A47)+1 -> 44 | B48: VERBS Solar Non-Regulating Reserves | C48: aMW | D48: =(D8*E18-D9*F18)*12 -> 1978.8
A49: =MAX($A$4:A48)+1 -> 45 | B49: VERBS Solar Rate | C49: $/kW-mo | G49: =ROUND((SUM(D47:D48)/E47)/12,2) -> 1.15 | H49: =_xlfn.FORMULATEXT(G49) -> =ROUND((SUM(D47:D48)/E47)/12,2)
A50: =MAX($A$4:A49)+1 -> 46 | B50: VERBS Solar Regulating Rate | C50: $/kW-mo | G50: =ROUND(D47/E47/12,2) -> 1.04 | H50: =_xlfn.FORMULATEXT(G50) -> =ROUND(D47/E47/12,2)
A51: =MAX($A$4:A50)+1 -> 47 | B51: VERBS Solar Non-Regulating Rate | C51: $/kW-mo | G51: =ROUND(D48/E47/12,2) -> 0.11 | H51: =_xlfn.FORMULATEXT(G51) -> =ROUND(D48/E47/12,2)

Sheet T-9
A1: Table 9
A2: Summary of BP-24 and BP-26 Rates
B3: (A) | C3: (B) | D3: (C) | E3: (D) | F3: (E) | G3: (F)
B4: Rate | C4: Units | D4: Source for BP-26 Rates | E4: BP-24 Rates | F4: BP-26 Rates | G4: Percent Change
A5: 1 | B5: NT BP-26
A6: =MAX($A$5:A5)+1 -> 2 | B6: Demand | C6: $/kW-mo | D6: ="Table 6, Line "&TEXT('T-6'!A$50,"0") -> Table 6, Line 46 | E6: 2.031 | F6: ='T-6'!G50 -> 2.399 | G6: =IF(E6=0,0,(F6/E6)-1) -> 0.18119153 | H6: =_xlfn.FORMULATEXT('T-6'!G50) -> =ROUND(G49/12,3)
A7: =MAX($A$5:A6)+1 -> 3 | B7: PTP BP-26
A8: =MAX($A$5:A7)+1 -> 4 | B8: Demand | C8: $/kW-mo | D8: ="Table 6, Line "&TEXT('T-6'!A40,"0") -> Table 6, Line 36 | E8: 1.648 | F8: ='T-6'!G40 -> 2.043 | G8: =IF(E8=0,0,(F8/E8)-1) -> 0.23968447 | H8: =_xlfn.FORMULATEXT('T-6'!G40) -> =ROUND(G39/12,3)
A9: =MAX($A$5:A8)+1 -> 5 | B9: Daily Block 1 (day 1 thru 5) | C9: $/kW-day | D9: ="Table 6, Line "&TEXT('T-6'!A41,"0") -> Table 6, Line 37 | E9: 0.076 | F9: ='T-6'!G41 -> 0.094 | G9: =IF(E9=0,0,(F9/E9)-1) -> 0.23684211 | H9: =_xlfn.FORMULATEXT('T-6'!G41) -> =ROUND((G39/365)*(7/5),3)
A10: =MAX($A$5:A9)+1 -> 6 | B10: Daily Block 2 (day 6 and beyond) | C10: $/kW-day | D10: ="Table 6, Line "&TEXT('T-6'!A42,"0") -> Table 6, Line 38 | E10: 0.054 | F10: ='T-6'!G42 -> 0.067 | G10: =IF(E10=0,0,(F10/E10)-1) -> 0.24074074 | H10: =_xlfn.FORMULATEXT('T-6'!G42) -> =ROUND(G39/365,3)
A11: =MAX($A$5:A10)+1 -> 7 | B11: Hourly | C11: mills/kWh | D11: ="Table 6, Line "&TEXT('T-6'!A43,"0") -> Table 6, Line 39 | E11: 4.74 | F11: ='T-6'!G43 -> 5.88 | G11: =IF(E11=0,0,(F11/E11)-1) -> 0.24050633 | H11: =_xlfn.FORMULATEXT('T-6'!G43) -> =ROUND((G39/8.76)*(7/5)*(24/16),2)
A12: =MAX($A$5:A11)+1 -> 8 | B12: IS BP-26
A13: =MAX($A$5:A12)+1 -> 9 | B13: Demand | C13: $/kW-mo | D13: ="Table 7, Line "&TEXT('T-7'!A20,"0") -> Table 7, Line 16 | E13: 1.118 | F13: ='T-7'!F20 -> 1.187 | G13: =IF(E13=0,0,(F13/E13)-1) -> 0.061717352 | H13: =_xlfn.FORMULATEXT('T-7'!F20) -> =ROUND(F19/12,3)
A14: =MAX($A$5:A13)+1 -> 10 | B14: Daily Block 1 (day 1 thru 5) | C14: $/kW-day | D14: ="Table 7, Line "&TEXT('T-7'!A21,"0") -> Table 7, Line 17 | E14: 0.051 | F14: ='T-7'!F21 -> 0.055 | G14: =IF(E14=0,0,(F14/E14)-1) -> 0.078431373 | H14: =_xlfn.FORMULATEXT('T-7'!F21) -> =ROUND(F19/365*7/5,3)
A15: =MAX($A$5:A14)+1 -> 11 | B15: Daily Block 2 (day 6 and beyond) | C15: $/kW-day | D15: ="Table 7, Line "&TEXT('T-7'!A22,"0") -> Table 7, Line 18 | E15: 0.037 | F15: ='T-7'!F22 -> 0.039 | G15: =IF(E15=0,0,(F15/E15)-1) -> 0.054054054 | H15: =_xlfn.FORMULATEXT('T-7'!F22) -> =ROUND(F19/365,3)
A16: =MAX($A$5:A15)+1 -> 12 | B16: Hourly | C16: mills/kWh | D16: ="Table 7, Line "&TEXT('T-7'!A23,"0") -> Table 7, Line 19 | E16: 10.29 | F16: ='T-7'!F23 -> 10.92 | G16: =IF(E16=0,0,(F16/E16)-1) -> 0.06122449 | H16: =_xlfn.FORMULATEXT('T-7'!F23) -> =ROUND(F19/8.76*7/5*24/5,2)
A17: =MAX($A$5:A16)+1 -> 13 | B17: IM BP-26
A18: =MAX($A$5:A17)+1 -> 14 | B18: Demand | C18: $/kW-mo | D18: ="Table 7, Line "&TEXT('T-7'!A40,"0") -> Table 7, Line 36 | E18: 0.524 | F18: ='T-7'!F40 -> 0.545 | G18: =IF(E18=0,0,(F18/E18)-1) -> 0.040076336 | H18: =_xlfn.FORMULATEXT('T-7'!F40) -> =ROUND(F39/12,3)
A19: =MAX($A$5:A18)+1 -> 15 | B19: Daily Block 1 (day 1 thru 5) | C19: $/kW-day | D19: ="Table 7, Line "&TEXT('T-7'!A41,"0") -> Table 7, Line 37 | E19: 0.024 | F19: ='T-7'!F41 -> 0.025 | G19: =IF(E19=0,0,(F19/E19)-1) -> 0.041666667 | H19: =_xlfn.FORMULATEXT('T-7'!F41) -> =ROUND(F39/365*7/5,3)
A20: =MAX($A$5:A19)+1 -> 16 | B20: Daily Block 2 (day 6 and beyond) | C20: $/kW-day | D20: ="Table 7, Line "&TEXT('T-7'!A42,"0") -> Table 7, Line 38 | E20: 0.017 | F20: ='T-7'!F42 -> 0.018 | G20: =IF(E20=0,0,(F20/E20)-1) -> 0.058823529 | H20: =_xlfn.FORMULATEXT('T-7'!F42) -> =ROUND(F39/365,3)
A21: =MAX($A$5:A20)+1 -> 17 | B21: Hourly | C21: mills/kWh | D21: ="Table 7, Line "&TEXT('T-7'!A43,"0") -> Table 7, Line 39 | E21: 1.51 | F21: ='T-7'!F43 -> 1.57 | G21: =IF(E21=0,0,(F21/E21)-1) -> 0.039735099 | H21: =_xlfn.FORMULATEXT('T-7'!F43) -> =ROUND(F39/8.76*7/5*24/16,2)
A22: =MAX($A$5:A21)+1 -> 18 | B22: TGT BP-26
A23: =MAX($A$5:A22)+1 -> 19 | B23: Townsend to Garrison | C23: $/kW-mo | D23: ="Table 7, Line "&TEXT('T-7'!A31,"0") -> Table 7, Line 27 | E23: 0.589 | F23: ='T-7'!F31 -> 0.55 | G23: =IF(E23=0,0,(F23/E23)-1) -> -0.066213922 | H23: =_xlfn.FORMULATEXT('T-7'!F31) -> =ROUND(F30/12,3)
A24: =MAX($A$5:A23)+1 -> 20 | B24: IE BP-26
A25: =MAX($A$5:A24)+1 -> 21 | B25: Eastern Intertie | C25: mills/kWh | D25: ="Table 7, Line "&TEXT('T-7'!A51,"0") -> Table 7, Line 47 | E25: 1.38 | F25: ='T-7'!F51 -> 1.54 | G25: =IF(E25=0,0,(F25/E25)-1) -> 0.11594203 | H25: =_xlfn.FORMULATEXT('T-7'!F51) -> =ROUND(D48/E50/8.76*7/5*24/16,2)
A26: =MAX($A$5:A25)+1 -> 22 | B26: Regional Compliance Charge BP-26
A27: =MAX($A$5:A26)+1 -> 23 | B27: Demand | C27: mills/kWh | D27: ="Table 8.2, Line "&TEXT('T-8.2'!A11,"0") -> Table 8.2, Line 7 | E27: 0.04 | F27: ='T-8.2'!G11 -> 0.06 | G27: =IF(E27=0,0,(F27/E27)-1) -> 0.5 | H27: =_xlfn.FORMULATEXT('T-8.2'!G11) -> =ROUND(E6/F10*1000,2)
A28: =MAX($A$5:A27)+1 -> 24 | B28: Regional Coordinator Charge BP-26
A29: =MAX($A$5:A28)+1 -> 25 | B29: Demand | C29: mills/kWh | D29: ="Table 8.2, Line "&TEXT('T-8.2'!A18,"0") -> Table 8.2, Line 14 | E29: 0.04 | F29: ='T-8.2'!G18 -> 0.03 | G29: =IF(E29=0,0,(F29/E29)-1) -> -0.25 | H29: =_xlfn.FORMULATEXT('T-8.2'!G18) -> =ROUND(E13/F17*1000,2)
A30: =MAX($A$5:A29)+1 -> 26 | B30: SCD BP-26
A31: =MAX($A$5:A30)+1 -> 27 | B31: For NT customers:
A32: =MAX($A$5:A31)+1 -> 28 | B32: Demand | C32: $/kW-mo | D32: ="Table 8.1, Line "&TEXT('T-8.1'!A52,"0") -> Table 8.1, Line 48 | E32: 0.389 | F32: ='T-8.1'!J52 -> 0.459 | G32: =IF(E32=0,0,(F32/E32)-1) -> 0.17994859 | H32: =_xlfn.FORMULATEXT('T-8.1'!J52) -> =ROUND(J51/12,3)
A33: =MAX($A$5:A32)+1 -> 29 | B33: For PTP customers:
A34: =MAX($A$5:A33)+1 -> 30 | B34: Demand | C34: $/kW-mo | D34: ="Table 8.1, Line "&TEXT('T-8.1'!A42,"0") -> Table 8.1, Line 38 | E34: 0.316 | F34: ='T-8.1'!J42 -> 0.391 | G34: =IF(E34=0,0,(F34/E34)-1) -> 0.23734177 | H34: =_xlfn.FORMULATEXT('T-8.1'!J42) -> =ROUND(J41/12,3)
A35: =MAX($A$5:A34)+1 -> 31 | B35: Daily Block 1 (day 1 thru 5) | C35: $/kW-day | D35: ="Table 8.1, Line "&TEXT('T-8.1'!A43,"0") -> Table 8.1, Line 39 | E35: 0.015 | F35: ='T-8.1'!J43 -> 0.018 | G35: =IF(E35=0,0,(F35/E35)-1) -> 0.2 | H35: =_xlfn.FORMULATEXT('T-8.1'!J43) -> =ROUND(J41/365*7/5,3)
A36: =MAX($A$5:A35)+1 -> 32 | B36: Daily Block 2 (day 6 and beyond) | C36: $/kW-day | D36: ="Table 8.1, Line "&TEXT('T-8.1'!A44,"0") -> Table 8.1, Line 40 | E36: 0.01 | F36: ='T-8.1'!J44 -> 0.013 | G36: =IF(E36=0,0,(F36/E36)-1) -> 0.3 | H36: =_xlfn.FORMULATEXT('T-8.1'!J44) -> =ROUND(J41/365,3)
A37: =MAX($A$5:A36)+1 -> 33 | B37: Hourly | C37: mills/kWh | D37: ="Table 8.1, Line "&TEXT('T-8.1'!A45,"0") -> Table 8.1, Line 41 | E37: 0.91 | F37: ='T-8.1'!J45 -> 1.13 | G37: =IF(E37=0,0,(F37/E37)-1) -> 0.24175824 | H37: =_xlfn.FORMULATEXT('T-8.1'!J45) -> =ROUND(J41/8.76*7/5*24/16,2)
A38: =MAX($A$5:A37)+1 -> 34 | B38: GSR BP-26
A39: =MAX($A$5:A38)+1 -> 35 | B39: Demand | C39: $/kW-mo | D39: ="Table 8.1, Line "&TEXT('T-8.1'!A62,"0") -> Table 8.1, Line 58 | E39: 0 | F39: ='T-8.1'!J62 -> 0 | G39: =IF(E39=0,0,(F39/E39)-1) -> 0
A40: =MAX($A$5:A39)+1 -> 36 | B40: Daily Block 1 (day 1 thru 5) | C40: $/kW-day | D40: ="Table 8.1, Line "&TEXT('T-8.1'!A62,"0") -> Table 8.1, Line 58 | E40: 0 | F40: ='T-8.1'!J62 -> 0 | G40: =IF(E40=0,0,(F40/E40)-1) -> 0
A41: =MAX($A$5:A40)+1 -> 37 | B41: Daily Block 2 (day 6 and beyond) | C41: $/kW-day | D41: ="Table 8.1, Line "&TEXT('T-8.1'!A62,"0") -> Table 8.1, Line 58 | E41: 0 | F41: ='T-8.1'!J62 -> 0 | G41: =IF(E41=0,0,(F41/E41)-1) -> 0
A42: =MAX($A$5:A41)+1 -> 38 | B42: Hourly | C42: mills/kWh | D42: ="Table 8.1, Line "&TEXT('T-8.1'!A62,"0") -> Table 8.1, Line 58 | E42: 0 | F42: ='T-8.1'!J62 -> 0 | G42: =IF(E42=0,0,(F42/E42)-1) -> 0

Sheet T-10
A1: Table 10
A2: Revenue at BP-24 and BP-26 Rates | L2: Include Gen Inputs | M2: 1
B3: (A) | C3: (B) | E3: (C) | F3: (D) | G3: (E) | H3: (F) | I3: (G) | J3: (H) | K3: (I) | M3: 1 = include
C4: Current | F4: Current | G4: Proposed | J4: Proposed | M4: 0 = exclude
C5: BP-24 Rates | F5: BP-24 Average | G5: BP-26 Rates | J5: BP-26 Average | K5: Percent
B6: Service | C6: Year 1 | D6: Year 2 | E6: Year 3 | G6: FY 2026 | H6: FY 2027 | I6: FY 2028 | K6: Change
A7: 1 | B7: Network
A8: =MAX($A$7:A7)+1 -> 2 | B8: NT Base | C8: =C9*$F$10*12 -> 217375.23 | D8: =D9*$F$10*12 -> 250791.88 | E8: =E9*$F$10*12 -> 263415.26 | F8: =AVERAGE(C8:E8) -> 243860.79 | G8: =G9*$J$10*12 -> 256761.78 | H8: =H9*$J$10*12 -> 296233.25 | I8: =I9*$J$10*12 -> 311143.88 | J8: =J9*$J$10*12 -> 288046.3 | K8: =IF(F8=0,0,(J8/F8)-1) -> 0.18119153
B9: ↑ amount | C9: =G9 -> 8919.0558 | D9: =H9 -> 10290.164 | E9: =I9 -> 10808.11 | F9: =AVERAGE(G9:I9) -> 10005.777 | G9: ='T-4'!P15 -> 8919.0558 | H9: ='T-4'!P31 -> 10290.164 | I9: ='T-4'!P47 -> 10808.11 | J9: =AVERAGE(G9:I9) -> 10005.777
B10: ↑ rate | F10: ='T-9'!E6 -> 2.031 | J10: ='T-9'!F6 -> 2.399
A11: =MAX($A$7:A8)+1 -> 3 | B11: NT Scheduling, Control and Dispatch | C11: =C12*$F$13*12 -> 42082.47 | D11: =D12*$F$13*12 -> 48482.804 | E11: =E12*$F$13*12 -> 50900.576 | F11: =AVERAGE(C11:E11) -> 47155.283 | G11: =G12*$J$13*12 -> 49655.151 | H11: =H12*$J$13*12 -> 57207.216 | I11: =I12*$J$13*12 -> 60060.063 | J11: =J12*$J$13*12 -> 55640.81 | K11: =IF(F11=0,0,(J11/F11)-1) -> 0.17994859
B12: ↑ amount | C12: =G12 -> 9015.0964 | D12: =H12 -> 10386.205 | E12: =I12 -> 10904.151 | F12: =AVERAGE(G12:I12) -> 10101.817 | G12: ='T-4'!P14 -> 9015.0964 | H12: ='T-4'!P30 -> 10386.205 | I12: ='T-4'!P46 -> 10904.151 | J12: =AVERAGE(G12:I12) -> 10101.817
B13: ↑ rate | F13: ='T-9'!E32 -> 0.389 | J13: ='T-9'!F32 -> 0.459
A14: =MAX($A$7:A11)+1 -> 4 | B14: Subtotal - NT | C14: =C8+C11 -> 259457.7 | D14: =D8+D11 -> 299274.69 | E14: =E8+E11 -> 314315.84 | F14: =F8+F11 -> 291016.07 | G14: =G8+G11 -> 306416.93 | H14: =H8+H11 -> 353440.46 | I14: =I8+I11 -> 371203.94 | J14: =J8+J11 -> 343687.11 | K14: =IF(F14=0,0,(J14/F14)-1) -> 0.18099013
A15: =MAX($A$7:A14)+1 -> 5 | B15: PTP Long-term | C15: =C16*$F$17*12 -> 625287.23 | D15: =D16*$F$17*12 -> 618736.43 | E15: =E16*$F$17*12 -> 652368.82 | F15: =AVERAGE(C15:E15) -> 632130.83 | G15: =G16*$J$17*12 -> 775158.87 | H15: =H16*$J$17*12 -> 767037.95 | I15: =I16*$J$17*12 -> 808731.49 | J15: =J16*$J$17*12 -> 783642.77 | K15: =IF(F15=0,0,(J15/F15)-1) -> 0.23968447
B16: ↑ amount | C16: =G16 -> 31618.489 | D16: =H16 -> 31287.239 | E16: =I16 -> 32987.905 | F16: =AVERAGE(G16:I16) -> 31964.544 | G16: ='T-4'!P9 -> 31618.489 | H16: ='T-4'!P25 -> 31287.239 | I16: ='T-4'!P41 -> 32987.905 | J16: =AVERAGE(G16:I16) -> 31964.544
B17: ↑ rate | F17: ='T-9'!E8 -> 1.648 | J17: ='T-9'!F8 -> 2.043
A18: =MAX($A$7:A15)+1 -> 6 | B18: PTP Long-term Scheduling, Control and Dispatch | C18: =C19*$F$20*12 -> 121315.56 | D18: =D19*$F$20*12 -> 120059.46 | E18: =E19*$F$20*12 -> 126508.39 | F18: =AVERAGE(C18:E18) -> 122627.8 | G18: =G19*$J$20*12 -> 150108.81 | H18: =H19*$J$20*12 -> 148554.58 | I18: =I19*$J$20*12 -> 156534.11 | J18: =J19*$J$20*12 -> 151732.5 | K18: =IF(F18=0,0,(J18/F18)-1) -> 0.23734177
B19: ↑ amount | C19: =G19 -> 31992.5 | D19: =H19 -> 31661.25 | E19: =I19 -> 33361.917 | F19: =AVERAGE(G19:I19) -> 32338.556 | G19: =('T-4'!P10+'T-4'!P11) -> 31992.5 | H19: =('T-4'!P26+'T-4'!P27) -> 31661.25 | I19: =('T-4'!P42+'T-4'!P43) -> 33361.917 | J19: =AVERAGE(G19:I19) -> 32338.556
B20: ↑ rate | F20: ='T-9'!E34 -> 0.316 | J20: ='T-9'!F34 -> 0.391
A21: =MAX($A$7:A18)+1 -> 7 | B21: PTP Short-term | C21: =C22*$F$23+C24*$F$25+C26*$F$27/1000 -> 32889.107 | D21: =D22*$F$23+D24*$F$25+D26*$F$27/1000 -> 33673.719 | E21: =E22*$F$23+E24*$F$25+E26*$F$27/1000 -> 33215.743 | F21: =AVERAGE(C21:E21) -> 33259.523 | G21: =G22*$J$23+G24*$J$25+G26*$J$27/1000 -> 40772.975 | H21: =H22*$J$23+H24*$J$25+H26*$J$27/1000 -> 41745.948 | I21: =I22*$J$23+I24*$J$25+I26*$J$27/1000 -> 41177.906 | J21: =J22*$J$23+J24*$J$25+J26*$J$27/1000 -> 41232.276 | K21: =IF(F21=0,0,(J21/F21)-1) -> 0.23971339
B22: ↑ amount (DB1) | C22: =G22 -> 105963.27 | D22: =H22 -> 107471.49 | E22: =I22 -> 107022.89 | F22: =AVERAGE(G22:I22) -> 106819.22 | G22: ='T-5'!P10 -> 105963.27 | H22: ='T-5'!P18 -> 107471.49 | I22: ='T-5'!P26 -> 107022.89 | J22: =AVERAGE(G22:I22) -> 106819.22
B23: ↑ rate (DB1) | F23: ='T-9'!E9 -> 0.076 | J23: ='T-9'!F9 -> 0.094
B24: ↑ amount (DB2) | C24: =G24 -> 263685.72 | D24: =H24 -> 269808.35 | E24: =I24 -> 266226.24 | F24: =AVERAGE(G24:I24) -> 266573.44 | G24: ='T-5'!P11 -> 263685.72 | H24: ='T-5'!P19 -> 269808.35 | I24: ='T-5'!P27 -> 266226.24 | J24: =AVERAGE(G24:I24) -> 266573.44
B25: ↑ rate (DB2) | F25: ='T-9'!E10 -> 0.054 | J25: ='T-9'!F10 -> 0.067
B26: ↑ amount (Hourly) | C26: =G26 -> 2235626.4 | D26: =H26 -> 2307222.4 | E26: =I26 -> 2258604.9 | F26: =AVERAGE(G26:I26) -> 2267151.3 | G26: ='T-5'!P12 -> 2235626.4 | H26: ='T-5'!P20 -> 2307222.4 | I26: ='T-5'!P28 -> 2258604.9 | J26: =AVERAGE(G26:I26) -> 2267151.3
B27: ↑ rate (Hourly) | F27: ='T-9'!E11 -> 4.74 | J27: ='T-9'!F11 -> 5.88
A28: =MAX($A$7:A21)+1 -> 8 | B28: PTP Short-term Scheduling, Control and Dispatch | C28: =C29*$F$30+C31*$F$32+C33*$F$34/1000 -> 6260.7264 | D28: =D29*$F$30+D31*$F$32+D33*$F$34/1000 -> 6409.7283 | E28: =E29*$F$30+E31*$F$32+E33*$F$34/1000 -> 6322.9361 | F28: =AVERAGE(C28:E28) -> 6331.1303 | G28: =G29*$J$30+G31*$J$32+G33*$J$34/1000 -> 7861.5112 | H28: =H29*$J$30+H31*$J$32+H33*$J$34/1000 -> 8049.1568 | I28: =I29*$J$30+I31*$J$32+I33*$J$34/1000 -> 7939.5766 | J28: =J29*$J$30+J31*$J$32+J33*$J$34/1000 -> 7950.0815 | K28: =IF(F28=0,0,(J28/F28)-1) -> 0.25571283
B29: ↑ amount (DB1) | C29: =G29 -> 105963.27 | D29: =H29 -> 107471.49 | E29: =I29 -> 107022.89 | F29: =AVERAGE(G29:I29) -> 106819.22 | G29: ='T-5'!P10 -> 105963.27 | H29: ='T-5'!P18 -> 107471.49 | I29: ='T-5'!P26 -> 107022.89 | J29: =AVERAGE(G29:I29) -> 106819.22
B30: ↑ rate (DB1) | F30: ='T-9'!E35 -> 0.015 | J30: ='T-9'!F35 -> 0.018
B31: ↑ amount (DB2) | C31: =G31 -> 263685.72 | D31: =H31 -> 269808.35 | E31: =I31 -> 266226.24 | F31: =AVERAGE(G31:I31) -> 266573.44 | G31: ='T-5'!P11 -> 263685.72 | H31: ='T-5'!P19 -> 269808.35 | I31: ='T-5'!P27 -> 266226.24 | J31: =AVERAGE(G31:I31) -> 266573.44
B32: ↑ rate (DB2) | F32: ='T-9'!E36 -> 0.01 | J32: ='T-9'!F36 -> 0.013
B33: ↑ amount (Hourly) | C33: =G33 -> 2235626.4 | D33: =H33 -> 2307222.4 | E33: =I33 -> 2258604.9 | F33: =AVERAGE(G33:I33) -> 2267151.3 | G33: ='T-5'!P12 -> 2235626.4 | H33: ='T-5'!P20 -> 2307222.4 | I33: ='T-5'!P28 -> 2258604.9 | J33: =AVERAGE(G33:I33) -> 2267151.3
B34: ↑ rate (Hourly) | F34: ='T-9'!E37 -> 0.91 | J34: ='T-9'!F37 -> 1.13
A35: =MAX($A$7:A28)+1 -> 9 | B35: Subtotal - PTP | C35: =C28+C21+C18+C15 -> 785752.63 | D35: =D28+D21+D18+D15 -> 778879.34 | E35: =E28+E21+E18+E15 -> 818415.89 | F35: =F28+F21+F18+F15 -> 794349.28 | G35: =G28+G21+G18+G15 -> 973902.17 | H35: =H28+H21+H18+H15 -> 965387.64 | I35: =I28+I21+I18+I15 -> 1014383.1 | J35: =J28+J21+J18+J15 -> 984557.63 | K35: =IF(F35=0,0,(J35/F35)-1) -> 0.23945177
A36: =MAX($A$7:A35)+1 -> 10 | B36: Subtotal - Network Transmission | C36: =SUM(,C8,C15,C21) -> 875551.57 | D36: =SUM(,D8,D15,D21) -> 903202.04 | E36: =SUM(,E8,E15,E21) -> 948999.83 | F36: =SUM(,F8,F15,F21) -> 909251.14 | G36: =SUM(,G8,G15,G21) -> 1072693.6 | H36: =SUM(,H8,H15,H21) -> 1105017.1 | I36: =SUM(,I8,I15,I21) -> 1161053.3 | J36: =SUM(,J8,J15,J21) -> 1112921.3 | K36: =IF(F36=0,0,(J36/F36)-1) -> 0.22399774
A37: =MAX($A$7:A36)+1 -> 11 | B37: Percent of total | C37: =C36/C40 -> 0.83767979 | D37: =D36/D40 -> 0.83773006 | E37: =E36/E40 -> 0.83779752 | F37: =F36/F40 -> 0.83773739 | G37: =G36/G40 -> 0.83783303 | H37: =H36/H40 -> 0.83787807 | I37: =I36/I40 -> 0.83795045 | J37: =J36/J40 -> 0.83788877
A38: =MAX($A$7:A37)+1 -> 12 | B38: Subtotal - Network Scheduling, Control and Dispatch | C38: =SUM(C11,C18,C28) -> 169658.76 | D38: =SUM(D11,D18,D28) -> 174951.99 | E38: =SUM(E11,E18,E28) -> 183731.9 | F38: =SUM(F11,F18,F28) -> 176114.22 | G38: =SUM(G11,G18,G28) -> 207625.47 | H38: =SUM(H11,H18,H28) -> 213810.96 | I38: =SUM(I11,I18,I28) -> 224533.75 | J38: =SUM(J11,J18,J28) -> 215323.39 | K38: =IF(F38=0,0,(J38/F38)-1) -> 0.22263494
A39: =MAX($A$7:A38)+1 -> 13 | B39: Percent of total | C39: =C38/C40 -> 0.16232021 | D39: =D38/D40 -> 0.16226994 | E39: =E38/E40 -> 0.16220248 | F39: =F38/F40 -> 0.16226261 | G39: =G38/G40 -> 0.16216697 | H39: =H38/H40 -> 0.16212193 | I39: =I38/I40 -> 0.16204955 | J39: =J38/J40 -> 0.16211123
A40: =MAX($A$7:A39)+1 -> 14 | B40: Total Network | C40: =C36+C38 -> 1045210.3 | D40: =D36+D38 -> 1078154 | E40: =E36+E38 -> 1132731.7 | F40: =F36+F38 -> 1085365.4 | G40: =G36+G38 -> 1280319.1 | H40: =H36+H38 -> 1318828.1 | I40: =I36+I38 -> 1385587 | J40: =J36+J38 -> 1328244.7 | K40: =IF(F40=0,0,(J40/F40)-1) -> 0.22377661
A42: =MAX($A$7:A40)+1 -> 15 | B42: Intertie
A43: =MAX($A$7:A42)+1 -> 16 | B43: IM Long-term | C43: =C44*$F$45*12 -> 760.848 | D43: =D44*$F$45*12 -> 1174.808 | E43: =E44*$F$45*12 -> 12135.84 | F43: =AVERAGE(C43:E43) -> 4690.4987 | G43: =G44*$J$45*12 -> 791.34 | H43: =H44*$J$45*12 -> 1221.89 | I43: =I44*$J$45*12 -> 12622.2 | J43: =J44*$J$45*12 -> 4878.4767 | K43: =IF(F43=0,0,(J43/F43)-1) -> 0.040076336
B44: ↑ amount | C44: =G44 -> 121 | D44: =H44 -> 186.83333 | E44: =I44 -> 1930 | F44: =AVERAGE(G44:I44) -> 745.94444 | G44: ='T-4'!P73 -> 121 | H44: ='T-4'!P74 -> 186.83333 | I44: ='T-4'!P75 -> 1930 | J44: =AVERAGE(G44:I44) -> 745.94444
B45: ↑ rate | F45: ='T-9'!E18 -> 0.524 | J45: ='T-9'!F18 -> 0.545
A46: =MAX($A$7:A43)+1 -> 17 | B46: IS Long-term | C46: =C47*$F$48*12 -> 95045.652 | D46: =D47*$F$48*12 -> 93345.174 | E46: =E47*$F$48*12 -> 92988.532 | F46: =AVERAGE(C46:E46) -> 93793.119 | G46: =G47*$J$48*12 -> 100911.62 | H46: =H47*$J$48*12 -> 99106.191 | I46: =I47*$J$48*12 -> 98727.538 | J46: =J47*$J$48*12 -> 99581.782 | K46: =IF(F46=0,0,(J46/F46)-1) -> 0.061717352
B47: ↑ amount | C47: =G47 -> 7084.5 | D47: =H47 -> 6957.75 | E47: =I47 -> 6931.1667 | F47: =AVERAGE(G47:I47) -> 6991.1389 | G47: ='T-4'!P68 -> 7084.5 | H47: ='T-4'!P69 -> 6957.75 | I47: ='T-4'!P70 -> 6931.1667 | J47: =AVERAGE(G47:I47) -> 6991.1389
B48: ↑ rate | F48: ='T-9'!E13 -> 1.118 | J48: ='T-9'!F13 -> 1.187
A49: =MAX($A$7:A46)+1 -> 18 | B49: IS Long-term Scheduling, Control and Dispatch | C49: =C50*$F$51*12 -> 26864.424 | D49: =D50*$F$51*12 -> 26383.788 | E49: =E50*$F$51*12 -> 26282.984 | F49: =AVERAGE(C49:E49) -> 26510.399 | G49: =G50*$J$51*12 -> 33240.474 | H49: =H50*$J$51*12 -> 32645.763 | I49: =I50*$J$51*12 -> 32521.034 | J49: =J50*$J$51*12 -> 32802.424 | K49: =IF(F49=0,0,(J49/F49)-1) -> 0.23734177
B50: ↑ amount | C50: =G50 -> 7084.5 | D50: =H50 -> 6957.75 | E50: =I50 -> 6931.1667 | F50: =AVERAGE(G50:I50) -> 6991.1389 | G50: ='T-4'!P68 -> 7084.5 | H50: ='T-4'!P69 -> 6957.75 | I50: ='T-4'!P70 -> 6931.1667 | J50: =AVERAGE(G50:I50) -> 6991.1389
B51: ↑ rate | F51: ='T-9'!E34 -> 0.316 | J51: ='T-9'!F34 -> 0.391
A52: =MAX($A$7:A49)+1 -> 19 | B52: IS Short-term | C52: =C53*$F$54+C55*$F$56+C57*$F$58/1000 -> 19539.29 | D52: =D53*$F$54+D55*$F$56+D57*$F$58/1000 -> 20567.536 | E52: =E53*$F$54+E55*$F$56+E57*$F$58/1000 -> 20993.318 | F52: =AVERAGE(C52:E52) -> 20366.715 | G52: =G53*$J$54+G55*$J$56+G57*$J$58/1000 -> 20738.751 | H52: =H53*$J$54+H55*$J$56+H57*$J$58/1000 -> 21830.088 | I52: =I53*$J$54+I55*$J$56+I57*$J$58/1000 -> 22282.003 | J52: =J53*$J$54+J55*$J$56+J57*$J$58/1000 -> 21616.947 | K52: =IF(F52=0,0,(J52/F52)-1) -> 0.061386086
B53: ↑ amount (DB1) | C53: =G53 -> 5090.9589 | D53: =H53 -> 5312.2192 | E53: =I53 -> 5431.8904 | F53: =AVERAGE(G53:I53) -> 5278.3562 | G53: ='T-5'!P40 -> 5090.9589 | H53: ='T-5'!P48 -> 5312.2192 | I53: ='T-5'!P56 -> 5431.8904 | J53: =AVERAGE(G53:I53) -> 5278.3562
B54: ↑ rate (DB1) | F54: ='T-9'!E14 -> 0.051 | J54: ='T-9'!F14 -> 0.055
B55: ↑ amount (DB2) | C55: =G55 -> 4863.7794 | D55: =H55 -> 5073.8615 | E55: =I55 -> 5224.2724 | F55: =AVERAGE(G55:I55) -> 5053.9711 | G55: ='T-5'!P41 -> 4863.7794 | H55: ='T-5'!P49 -> 5073.8615 | I55: ='T-5'!P57 -> 5224.2724 | J55: =AVERAGE(G55:I55) -> 5053.9711
B56: ↑ rate (DB2) | F56: ='T-9'!E15 -> 0.037 | J56: ='T-9'!F15 -> 0.039
B57: ↑ amount (Hourly) | C57: =G57 -> 1856141.1 | D57: =H57 -> 1954215.7 | E57: =I57 -> 1994460 | F57: =AVERAGE(G57:I57) -> 1934938.9 | G57: ='T-5'!P42 -> 1856141.1 | H57: ='T-5'!P50 -> 1954215.7 | I57: ='T-5'!P58 -> 1994460 | J57: =AVERAGE(G57:I57) -> 1934938.9
B58: ↑ rate (Hourly) | F58: ='T-9'!E16 -> 10.29 | J58: ='T-9'!F16 -> 10.92
A59: =MAX($A$7:A52)+1 -> 20 | B59: IS Short-term Scheduling, Control and Dispatch | C59: =C60*$J$61+C62*$J$63+C64*$J$65/1000 -> 2252.3058 | D59: =D60*$J$61+D62*$J$63+D64*$J$65/1000 -> 2369.8439 | E59: =E60*$J$61+E62*$J$63+E64*$J$65/1000 -> 2419.4293 | F59: =AVERAGE(C59:E59) -> 2347.193 | G59: =G60*$J$61+G62*$J$63+G64*$J$65/1000 -> 2252.3058 | H59: =H60*$J$61+H62*$J$63+H64*$J$65/1000 -> 2369.8439 | I59: =I60*$J$61+I62*$J$63+I64*$J$65/1000 -> 2419.4293 | J59: =J60*$J$61+J62*$J$63+J64*$J$65/1000 -> 2347.193 | K59: =IF(F59=0,0,(J59/F59)-1) -> 0
B60: ↑ amount (DB1) | C60: =G60 -> 5090.9589 | D60: =H60 -> 5312.2192 | E60: =I60 -> 5431.8904 | F60: =AVERAGE(G60:I60) -> 5278.3562 | G60: ='T-5'!P40 -> 5090.9589 | H60: ='T-5'!P48 -> 5312.2192 | I60: ='T-5'!P56 -> 5431.8904 | J60: =AVERAGE(G60:I60) -> 5278.3562
B61: ↑ rate (DB1) | F61: ='T-9'!E35 -> 0.015 | J61: ='T-9'!F35 -> 0.018
B62: ↑ amount (DB2) | C62: =G62 -> 4863.7794 | D62: =H62 -> 5073.8615 | E62: =I62 -> 5224.2724 | F62: =AVERAGE(G62:I62) -> 5053.9711 | G62: ='T-5'!P41 -> 4863.7794 | H62: ='T-5'!P49 -> 5073.8615 | I62: ='T-5'!P57 -> 5224.2724 | J62: =AVERAGE(G62:I62) -> 5053.9711
B63: ↑ rate (DB2) | F63: ='T-9'!E36 -> 0.01 | J63: ='T-9'!F36 -> 0.013
B64: ↑ amount (Hourly) | C64: =G64 -> 1856141.1 | D64: =H64 -> 1954215.7 | E64: =I64 -> 1994460 | F64: =AVERAGE(G64:I64) -> 1934938.9 | G64: ='T-5'!P42 -> 1856141.1 | H64: ='T-5'!P50 -> 1954215.7 | I64: ='T-5'!P58 -> 1994460 | J64: =AVERAGE(G64:I64) -> 1934938.9
B65: ↑ rate (Hourly) | F65: ='T-9'!E37 -> 0.91 | J65: ='T-9'!F37 -> 1.13
A66: =MAX($A$7:A59)+1 -> 21 | B66: Subtotal - IS | C66: =C46+C49+C52+C59 -> 143701.67 | D66: =D46+D49+D52+D59 -> 142666.34 | E66: =E46+E49+E52+E59 -> 142684.26 | F66: =F46+F49+F52+F59 -> 143017.43 | G66: =G46+G49+G52+G59 -> 157143.15 | H66: =H46+H49+H52+H59 -> 155951.89 | I66: =I46+I49+I52+I59 -> 155950 | J66: =J46+J49+J52+J59 -> 156348.35 | K66: =IF(F66=0,0,(J66/F66)-1) -> 0.093211864
A67: =MAX($A$7:A66)+1 -> 22 | B67: Subtotal - Intertie Transmission | C67: =SUM(C43,C46,C52) -> 115345.79 | D67: =SUM(D43,D46,D52) -> 115087.52 | E67: =SUM(E43,E46,E52) -> 126117.69 | F67: =SUM(F43,F46,F52) -> 118850.33 | G67: =SUM(G43,G46,G52) -> 122441.71 | H67: =SUM(H43,H46,H52) -> 122158.17 | I67: =SUM(I43,I46,I52) -> 133631.74 | J67: =SUM(J43,J46,J52) -> 126077.21 | K67: =IF(F67=0,0,(J67/F67)-1) -> 0.06080651
A68: =MAX($A$7:A67)+1 -> 23 | B68: Subtotal - Intertie Scheduling, Control and Dispatch | C68: =SUM(C49,C59) -> 29116.73 | D68: =SUM(D49,D59) -> 28753.632 | E68: =SUM(E49,E59) -> 28702.413 | F68: =SUM(F49,F59) -> 28857.592 | G68: =SUM(G49,G59) -> 35492.78 | H68: =SUM(H49,H59) -> 35015.607 | I68: =SUM(I49,I59) -> 34940.463 | J68: =SUM(J49,J59) -> 35149.617 | K68: =IF(F68=0,0,(J68/F68)-1) -> 0.21803708
A69: =MAX($A$7:A68)+1 -> 24 | B69: Total Intertie | C69: =C67+C68 -> 144462.52 | D69: =D67+D68 -> 143841.15 | E69: =E67+E68 -> 154820.1 | F69: =F67+F68 -> 147707.92 | G69: =G67+G68 -> 157934.49 | H69: =H67+H68 -> 157173.78 | I69: =I67+I68 -> 168572.2 | J69: =J67+J68 -> 161226.82 | K69: =IF(F69=0,0,(J69/F69)-1) -> 0.091524534
A71: =MAX($A$7:A69)+1 -> 25 | B71: Ancillary Revenues
A72: =MAX($A$7:A71)+1 -> 26 | B72: Scheduling, Control and Dispatch PTP+IS Long-term | C72: =SUM(C18,C49) -> 148179.98 | D72: =SUM(D18,D49) -> 146443.25 | E72: =SUM(E18,E49) -> 152791.37 | F72: =SUM(F18,F49) -> 149138.2 | G72: =SUM(G18,G49) -> 183349.28 | H72: =SUM(H18,H49) -> 181200.35 | I72: =SUM(I18,I49) -> 189055.15 | J72: =SUM(J18,J49) -> 184534.93 | K72: =IF(F72=0,0,(J72/F72)-1) -> 0.23734177
A73: =MAX($A$7:A72)+1 -> 27 | B73: Scheduling, Control and Dispatch PTP+IS Short-term | C73: =SUM(C28,C59) -> 8513.0322 | D73: =SUM(D28,D59) -> 8779.5722 | E73: =SUM(E28,E59) -> 8742.3655 | F73: =SUM(F28,F59) -> 8678.3233 | G73: =SUM(G28,G59) -> 10113.817 | H73: =SUM(H28,H59) -> 10419.001 | I73: =SUM(I28,I59) -> 10359.006 | J73: =SUM(J28,J59) -> 10297.275 | K73: =IF(F73=0,0,(J73/F73)-1) -> 0.18655116
A74: =MAX($A$7:A73)+1 -> 28 | B74: Scheduling, Control and Dispatch NT | C74: =C11 -> 42082.47 | D74: =D11 -> 48482.804 | E74: =E11 -> 50900.576 | F74: =F11 -> 47155.283 | G74: =G11 -> 49655.151 | H74: =H11 -> 57207.216 | I74: =I11 -> 60060.063 | J74: =J11 -> 55640.81 | K74: =IF(F74=0,0,(J74/F74)-1) -> 0.17994859
A75: =MAX($A$7:A74)+1 -> 29 | B75: Total - Scheduling, Control and Dispatch | C75: =SUM(C72:C74) -> 198775.49 | D75: =SUM(D72:D74) -> 203705.62 | E75: =SUM(E72:E74) -> 212434.31 | F75: =SUM(F72:F74) -> 204971.81 | G75: =SUM(G72:G74) -> 243118.25 | H75: =SUM(H72:H74) -> 248826.56 | I75: =SUM(I72:I74) -> 259474.22 | J75: =SUM(J72:J74) -> 250473.01 | K75: =IF(F75=0,0,(J75/F75)-1) -> 0.22198762
A76: =MAX($A$7:A75)+1 -> 30 | B76: Regulation and Frequency Response | C76: =(C77*$F$78*C79/1000)*$M$2 -> 27903.057 | D76: =(D77*$F$78*D79/1000)*$M$2 -> 27903.057 | E76: =(E77*$F$78*E79/1000)*$M$2 -> 27979.504 | F76: =AVERAGE(C76:E76) -> 27928.54 | G76: =(G77*$J$78*G79/1000)*$M$2 -> 27268.897 | H76: =(H77*$J$78*H79/1000)*$M$2 -> 27268.897 | I76: =(I77*$J$78*I79/1000)*$M$2 -> 27343.606 | J76: =(J77*$J$78*J79/1000)*$M$2 -> 27293.8 | K76: =IF(F76=0,0,(J76/F76)-1) -> -0.022727273 | M76: Gen Input
B77: ↑ amount | C77: =G77 -> 7239.2739 | D77: =H77 -> 7239.2739 | E77: =I77 -> 7239.2739 | F77: =AVERAGE(G77:I77) -> 7239.2739 | G77: ='T-8.4'!$E$31 -> 7239.2739 | H77: ='T-8.4'!$E$31 -> 7239.2739 | I77: ='T-8.4'!$E$31 -> 7239.2739 | J77: =AVERAGE(G77:I77) -> 7239.2739
B78: ↑ rate | F78: ='T-8.3'!$D$6 -> 0.44 | J78: ='T-8.3'!$E$6 -> 0.43
B79: ↑ hours | C79: =G79 -> 8760 | D79: =H79 -> 8760 | E79: =I79 -> 8784 | F79: =AVERAGE(G79:I79) -> 8768 | G79: 8760 | H79: 8760 | I79: 8784 | J79: =AVERAGE(G79:I79) -> 8768
A80: =MAX($A$7:A76)+1 -> 31 | B80: VERBS | C80: =((($F$82+$F$83)*C81*12)+(($F$85+$F$86)*C84*12))*$M$2 -> 38969.636 | D80: =((($F$82+$F$83)*D81*12)+(($F$85+$F$86)*D84*12))*$M$2 -> 38969.636 | E80: =((($F$82+$F$83)*E81*12)+(($F$85+$F$86)*E84*12))*$M$2 -> 38969.636 | F80: =AVERAGE(C80:E80) -> 38969.636 | G80: =((($J$82+$J$83)*G81*12)+(($J$85+$J$86)*G84*12))*$M$2 -> 46616.179 | H80: =((($J$82+$J$83)*H81*12)+(($J$85+$J$86)*H84*12))*$M$2 -> 46616.179 | I80: =((($J$82+$J$83)*I81*12)+(($J$85+$J$86)*I84*12))*$M$2 -> 46616.179 | J80: =((($J$82+$J$83)*J81*12)+(($J$85+$J$86)*J84*12))*$M$2 -> 46616.179 | K80: =IF(F80=0,0,(J80/F80)-1) -> 0.19621799 | M80: Gen Input
B81: ↑ amount (Wind) | C81: =G81 -> 3392.5645 | D81: =H81 -> 3392.5645 | E81: =I81 -> 3392.5645 | F81: =AVERAGE(G81:I81) -> 3392.5645 | G81: ='T-8.4'!E41 -> 3392.5645 | H81: ='T-8.4'!E41 -> 3392.5645 | I81: ='T-8.4'!E41 -> 3392.5645 | J81: =AVERAGE(G81:I81) -> 3392.5645
B82: ↑ rate (Wind Regulating) | F82: ='T-8.3'!D16 -> 0.358 | J82: ='T-8.3'!E16 -> 0.43
B83: ↑ rate (Wind Non-Regulating) | F83: ='T-8.3'!D17 -> 0.395 | J83: ='T-8.3'!E17 -> 0.2
B84: ↑ amount (Solar) | C84: =G84 -> 1519.4487 | D84: =H84 -> 1519.4487 | E84: =I84 -> 1519.4487 | F84: =AVERAGE(G84:I84) -> 1519.4487 | G84: ='T-8.4'!E47 -> 1519.4487 | H84: ='T-8.4'!E47 -> 1519.4487 | I84: ='T-8.4'!E47 -> 1519.4487 | J84: =AVERAGE(G84:I84) -> 1519.4487
B85: ↑ rate (Solar Regulating) | F85: ='T-8.3'!D18 -> 0.282 | J85: ='T-8.3'!E18 -> 1.04
B86: ↑ rate (Solar Non-Regulating) | F86: ='T-8.3'!D19 -> 0.174 | J86: ='T-8.3'!E19 -> 0.11
A87: =MAX($A$7:A86)+1 -> 32 | B87: DERBS | C87: =((C88*$F$89*12)+(C90*$F$91*12))/1000*$M$2 -> 805.81405 | D87: =((D88*$F$89*12)+(D90*$F$91*12))/1000*$M$2 -> 805.81405 | E87: =((E88*$F$89*12)+(E90*$F$91*12))/1000*$M$2 -> 805.81405 | F87: =AVERAGE(C87:E87) -> 805.81405 | G87: =((G88*$J$89*12)+(G90*$J$91*12))/1000*$M$2 -> 1516.4075 | H87: =((H88*$J$89*12)+(H90*$J$91*12))/1000*$M$2 -> 1516.4075 | I87: =((I88*$J$89*12)+(I90*$J$91*12))/1000*$M$2 -> 1516.4075 | J87: =((J88*$J$89*12)+(J90*$J$91*12))/1000*$M$2 -> 1516.4075 | K87: =IF(F87=0,0,(J87/F87)-1) -> 0.88183301 | M87: Gen Input
B88: ↑ amount (Inc) | C88: =G88 -> 3037 | D88: =H88 -> 3037 | E88: =I88 -> 3037 | F88: =AVERAGE(G88:I88) -> 3037 | G88: ='T-8.4'!E36 -> 3037 | H88: ='T-8.4'!E36 -> 3037 | I88: ='T-8.4'!E36 -> 3037 | J88: =AVERAGE(G88:I88) -> 3037
B89: ↑ rate (Inc) | F89: ='T-8.3'!D13 -> 21.303 | J89: ='T-8.3'!E13 -> 40.71
B90: ↑ amount (Dec) | C90: =G90 -> 1979 | D90: =H90 -> 1979 | E90: =I90 -> 1979 | F90: =AVERAGE(G90:I90) -> 1979 | G90: ='T-8.4'!E37 -> 1979 | H90: ='T-8.4'!E37 -> 1979 | I90: ='T-8.4'!E37 -> 1979 | J90: =AVERAGE(G90:I90) -> 1979
B91: ↑ rate (Dec) | F91: ='T-8.3'!D14 -> 1.24 | J91: ='T-8.3'!E14 -> 1.38
B92: Subtotal - Balancing Reserves | C92: =C80+C87 -> 39775.45 | D92: =D80+D87 -> 39775.45 | E92: =E80+E87 -> 39775.45 | F92: =F80+F87 -> 39775.45 | G92: =G80+G87 -> 48132.587 | H92: =H80+H87 -> 48132.587 | I92: =I80+I87 -> 48132.587 | J92: =J80+J87 -> 48132.587 | K92: =IF(F92=0,0,(J92/F92)-1) -> 0.21010792
A93: =MAX($A$7:A92)+1 -> 33 | B93: Operating Reserves - Spinning | C93: =(C94*$F$95*C96/1000)*$M$2 -> 24572.999 | D93: =(D94*$F$95*D96/1000)*$M$2 -> 24572.999 | E93: =(E94*$F$95*E96/1000)*$M$2 -> 24640.322 | F93: =AVERAGE(C93:E93) -> 24595.44 | G93: =(G94*$J$95*G96/1000)*$M$2 -> 29220.743 | H93: =(H94*$J$95*H96/1000)*$M$2 -> 29220.743 | I93: =(I94*$J$95*I96/1000)*$M$2 -> 29300.799 | J93: =(J94*$J$95*J96/1000)*$M$2 -> 29247.428 | K93: =IF(F93=0,0,(J93/F93)-1) -> 0.18914027 | M93: Gen Input
B94: ↑ amount | C94: =G94 -> 253.85854 | D94: =H94 -> 253.85854 | E94: =I94 -> 253.85854 | F94: =AVERAGE(G94:I94) -> 253.85854 | G94: ='T-8.4'!E24 -> 253.85854 | H94: ='T-8.4'!E24 -> 253.85854 | I94: ='T-8.4'!E24 -> 253.85854 | J94: =AVERAGE(G94:I94) -> 253.85854
B95: ↑ rate | F95: ='T-8.3'!D8 -> 11.05 | J95: ='T-8.3'!E8 -> 13.14
B96: ↑ hours | C96: =G96 -> 8760 | D96: =H96 -> 8760 | E96: =I96 -> 8784 | F96: =AVERAGE(G96:I96) -> 8768 | G96: 8760 | H96: 8760 | I96: 8784 | J96: =AVERAGE(G96:I96) -> 8768
A97: =MAX($A$7:A93)+1 -> 34 | B97: Operating Reserves - Supplemental | C97: =(C98*$F$99*C100/1000)*$M$2 -> 16055.842 | D97: =(D98*$F$99*D100/1000)*$M$2 -> 16055.842 | E97: =(E98*$F$99*E100/1000)*$M$2 -> 16099.831 | F97: =AVERAGE(C97:E97) -> 16070.505 | G97: =(G98*$J$99*G100/1000)*$M$2 -> 15010.656 | H97: =(H98*$J$99*H100/1000)*$M$2 -> 15010.656 | I97: =(I98*$J$99*I100/1000)*$M$2 -> 15051.781 | J97: =(J98*$J$99*J100/1000)*$M$2 -> 15024.364 | K97: =IF(F97=0,0,(J97/F97)-1) -> -0.065096953 | M97: Gen Input
B98: ↑ amount | C98: =G98 -> 253.85855 | D98: =H98 -> 253.85855 | E98: =I98 -> 253.85855 | F98: =AVERAGE(G98:I98) -> 253.85855 | G98: ='T-8.4'!E25 -> 253.85855 | H98: ='T-8.4'!E25 -> 253.85855 | I98: ='T-8.4'!E25 -> 253.85855 | J98: =AVERAGE(G98:I98) -> 253.85855
B99: ↑ rate | F99: ='T-8.3'!D10 -> 7.22 | J99: ='T-8.3'!E10 -> 6.75
B100: ↑ hours | C100: =G100 -> 8760 | D100: =H100 -> 8760 | E100: =I100 -> 8784 | F100: =AVERAGE(G100:I100) -> 8768 | G100: 8760 | H100: 8760 | I100: 8784 | J100: =AVERAGE(G100:I100) -> 8768
A101: =MAX($A$7:A97)+1 -> 35 | B101: Energy Imbalance | C101: 0 | D101: 0 | E101: 0 | F101: 0 | G101: 0 | H101: 0 | I101: 0 | J101: 0 | K101: =IF(F101=0,0,(J101/F101)-1) -> 0
A102: =MAX($A$7:A101)+1 -> 36 | B102: Generation Imbalance | C102: 0 | D102: 0 | E102: 0 | F102: 0 | G102: 0 | H102: 0 | I102: 0 | J102: 0 | K102: =IF(F102=0,0,(J102/F102)-1) -> 0
...
